Workbook
Name Billion_US: #REF!
Name NewHoursData: #REF!
Name NewHoursYears: #REF!

Sheet Information
A1: APO Productivity Database 2026
A2: Ver. 1 (September 18, 2026)
A3: APO Productivity Database provides the harmonized productivity accounts for Asian countries, developed by a joint project of APO (Asian Productivity Organization) and KEO (Keio Economic Observatory), Keio University, Tokyo. See Chapter 8 of APO Productivity Databook 2026 for the methodological notes. The data is updated as often as possible.
A4: Country | E4: abbr
A5: Afghanistan | D5: Islamic Emirate of Afghanistan | E5: AFG
A6: Bangladesh | D6: People's Republic of Bangladesh | E6: BAN
A7: Bhutan* | D7: Kingdom of Bhutan | E7: BTN
A8: Brunei* | D8: Negara Brunei Darussalam | E8: BRN
A9: Cambodia | D9: Kingdom of Cambodia | E9: CAM
A10: China* | D10: People's Republic of China | E10: CHN
A11: Taiwan | D11: Republic of China | E11: ROC
A12: Fiji | D12: Republic of the Fiji Islands | E12: FJI
A13: Hong Kong | D13: Hong Kong Special Administrative Region of the People's Republic of China (Area of special sovereignty) | E13: HKG
A14: India | D14: Republic of India | E14: IND
A15: Indonesia | D15: Republic of Indonesia | E15: IDN
A16: Iran | D16: Islamic Republic of Iran | E16: IRN
... A32: Vietnam | D32: the Socialist Republic of Vietnam | E32: VIE
B33: The countries with "*" represent the non-member counrties.

Sheet AFG
A1: Afghanistan
A2: =Information!A1&" "&Information!A2 -> APO Productivity Database 2026 Ver. 1 (September 18, 2026)
A4: Group | B4: Code | C4: Variable | D4: Unit | E4: 1970 | F4: =E4+1 -> 1971 | G4: =F4+1 -> 1972 | H4: =G4+1 -> 1973 | I4: =H4+1 -> 1974 | J4: =I4+1 -> 1975 | K4: =J4+1 -> 1976 | L4: =K4+1 -> 1977 | M4: =L4+1 -> 1978 | ... BG4: =BF4+1 -> 2024 | BH4: Note
A5: Economy-wide data
A6: 1a. GDP at Current Prices
B7: 11100 | C7: Private consumption | D7: million. Afs | E7: 70.958315 | F7: 76.646271 | G7: 64.802273 | H7: 68.716683 | I7: 83.25823 | J7: 91.180392 | K7: 94.339098 | L7: 112.42775 | M7: 123.42177 | N7: 135.18324 | O7: 136.37091 | P7: 147.65118 | Q7: 149.78539 | R7: 149.16943 | S7: 148.61475 | T7: 147.07774 | U7: 147.7994 | V7: 128.91306 | W7: 119.09355 | X7: 149.45844 | Y7: 162.37954 | Z7: 154.20559 | AA7: 165.18246 | AB7: 130.42127 | AC7: 895.20612 | AD7: 2763.6085 | AE7: 8235.1234 | AF7: 9811.1433 | AG7: 9730.0251 | AH7: 145230.79 | AI7: 196700.95 | AJ7: 205657.18 | AK7: 225164 | AL7: 286426.84 | AM7: 290709.23 | AN7: 330582.52 | AO7: 344267.82 | AP7: 473475.87 | AQ7: 450500.4 | AR7: 495746.46 | AS7: 596540.89 | AT7: 755341.92 | AU7: 942929.85 | AV7: 973762.87 | AW7: 905379.49 | AX7: 915260.44 | AY7: 980420.32 | AZ7: 946460.57 | BA7: 1175214.9 | BB7: 1419073.2 | BC7: 1416826 | BD7: 1107016 | BE7: 1252785 | BF7: 1324850.4 | BG7: 1409522.5 | BH7: Based on national accounts in each country, including our adjustments.
B8: 11101 | C8: …of which, Imputed rent of owner cccupied housings (OOH) | D8: million. Afs | BH8: Based on national accounts in each country, including our adjustments.
B9: 11200 | C9: Government consumption | D9: million. Afs | E9: 5.130138 | F9: 5.541358 | G9: 4.685217 | H9: 4.968352 | I9: 6.019998 | J9: 6.593011 | K9: 6.822215 | L9: 8.130031 | M9: 8.925508 | N9: 9.735617 | O9: 9.72195 | P9: 10.373969 | Q9: 10.496401 | R9: 10.382853 | S9: 10.256212 | T9: 10.141256 | U9: 10.138031 | V9: 8.814587 | W9: 8.13353 | X9: 10.203569 | Y9: 11.056118 | Z9: 10.629772 | AA9: 11.513247 | AB9: 9.173013 | AC9: 63.44343 | AD9: 197.59376 | AE9: 591.26346 | AF9: 707.41105 | AG9: 710.97035 | AH9: 10515.705 | AI9: 14314.01 | AJ9: 15323.823 | AK9: 15514 | AL9: 21683.378 | AM9: 26534.554 | AN9: 33115.1 | AO9: 41017.731 | AP9: 57024.592 | AQ9: 53661.165 | AR9: 80020.053 | AS9: 126228.65 | AT9: 156355.86 | AU9: 219333.05 | AV9: 239414.81 | AW9: 248772.3 | AX9: 249787.76 | AY9: 281336.67 | AZ9: 273462.93 | BA9: 263688.46 | BB9: 323478 | BC9: 339369 | BD9: 266029 | BE9: 280374 | BF9: 286589.16 | BG9: 298143.35 | BH9: Based on national accounts in each country, including our adjustments.
B10: 11300 | C10: Gross fixed capital formation (GFCF) | D10: million. Afs | E10: 4.3174186 | F10: 4.5186477 | G10: 4.7199899 | H10: 5.7245734 | I10: 8.5369996 | J10: 10.445989 | K10: 15.769753 | L10: 16.575436 | M10: 20.695485 | N10: 21.072963 | O10: 19.379426 | P10: 19.076999 | Q10: 18.652471 | R10: 17.437213 | S10: 16.047993 | T10: 15.685818 | U10: 14.918128 | V10: 12.576787 | W10: 11.460127 | X10: 14.314994 | Y10: 15.086014 | Z10: 15.291586 | AA10: 17.192717 | AB10: 14.079385 | AC10: 99.169104 | AD10: 312.34245 | AE10: 943.85527 | AF10: 1135.8546 | AG10: 1134.0633 | AH10: 16962.266 | AI10: 23013.578 | AJ10: 23285.509 | AK10: 23069.407 | AL10: 26312.581 | AM10: 41625.954 | AN10: 59415.624 | AO10: 72185.164 | AP10: 74968.789 | AQ10: 65242.4 | AR10: 77968.332 | AS10: 93244.915 | AT10: 112166.57 | AU10: 155984.07 | AV10: 166777.22 | AW10: 162564.18 | AX10: 167928.1 | AY10: 155657.31 | AZ10: 175659.74 | BA10: 203454.21 | BB10: 192310.62 | BC10: 178753.52 | BD10: 165432.95 | BE10: 217793.81 | BF10: 209754.5 | BG10: 218872.9 | BH10: Based on national accounts in each country, including our adjustments and estimates.
B11: 11400 | C11: Net increase in stocks | D11: million. Afs | BH11: Based on national accounts in each country, including our adjustments.
B12: 11500 | C12: Exports of goods and services | D12: million. Afs | E12: 7.699731 | F12: 8.999685 | G12: 10.599629 | H12: 10.099647 | I12: 13.599525 | J12: 13.499528 | K12: 15.199469 | L12: 15.499459 | M12: 16.099437 | N12: 19.255816 | O12: 18.434077 | P12: 19.634171 | Q12: 20.175791 | R12: 19.7652 | S12: 19.549842 | T12: 19.37647 | U12: 19.331243 | V12: 16.816985 | W12: 15.522766 | X12: 19.464843 | Y12: 21.094894 | Z12: 23.371848 | AA12: 28.387326 | AB12: 24.892318 | AC12: 186.8049 | AD12: 622.94843 | AE12: 1985.2329 | AF12: 2509.5834 | AG12: 2625.248 | AH12: 41044.446 | AI12: 58015.47 | AJ12: 58011.226 | AK12: 60068 | AL12: 99150.342 | AM12: 86424.222 | AN12: 92952.723 | AO12: 105289.23 | AP12: 106013.89 | AQ12: 107381.13 | AR12: 121123.95 | AS12: 108849.01 | AT12: 94212.885 | AU12: 127482.26 | AV12: 167793.21 | AW12: 177081.13 | AX12: 199978.93 | AY12: 203769.21 | AZ12: 302101.36 | BA12: 221644.47 | BB12: 179251.01 | BC12: 159956 | BD12: 179445 | BE12: 235897 | BF12: 219324 | BG12: 198155.94 | BH12: Based on national accounts in each country, including our adjustments.
B13: 11600 | C13: (less) Imports of goods and services | D13: million. Afs | E13: 9.399672 | F13: 13.299535 | G13: 12.999545 | H13: 11.499598 | I13: 14.399497 | J13: 15.199469 | K13: 17.099403 | L13: 19.699312 | M13: 20.59928 | N13: 23.483416 | O13: 23.15071 | P13: 24.556802 | Q13: 25.053199 | R13: 24.694888 | S13: 24.383868 | T13: 24.145573 | U13: 24.117678 | V13: 20.97075 | W13: 19.355472 | X13: 24.275953 | Y13: 26.305868 | Z13: 34.428287 | AA13: 46.39119 | AB13: 43.68411 | AC13: 345.34707 | AD13: 1198.3461 | AE13: 3940.6106 | AF13: 5109.54 | AG13: 5458.3828 | AH13: 86857.488 | AI13: 124630.68 | AJ13: 130129.56 | AK13: 121090 | AL13: 194461.3 | AM13: 181628.21 | AN13: 195140.24 | AO13: 198098.65 | AP13: 211259.11 | AQ13: 158739.52 | AR13: 173445.9 | AS13: 220552.29 | AT13: 278971.61 | AU13: 435231.86 | AV13: 444066.96 | AW13: 374936.34 | AX13: 387458.68 | AY13: 396456.83 | AZ13: 410197.09 | BA13: 533459.97 | BB13: 641451.88 | BC13: 557025 | BD13: 463804 | BE13: 699545 | BF13: 685780 | BG13: 858865.22 | BH13: Based on national accounts in each country, including our adjustments.
B14: 11700 | C14: GDP at market price | D14: million. Afs | E14: 78.70593 | F14: 82.406427 | G14: 71.807564 | H14: 78.009657 | I14: 97.015256 | J14: 106.51945 | K14: 115.03113 | L14: 132.93336 | M14: 148.54292 | N14: 161.76422 | O14: 160.75565 | P14: 172.17952 | Q14: 174.05685 | R14: 172.05981 | S14: 170.08493 | T14: 168.13571 | U14: 168.06912 | V14: 146.15067 | W14: 134.8545 | X14: 169.1659 | Y14: 183.31069 | Z14: 169.07051 | AA14: 175.88456 | AB14: 134.88188 | AC14: 899.27648 | AD14: 2698.1471 | AE14: 7814.8643 | AF14: 9054.4524 | AG14: 8741.924 | AH14: 126895.72 | AI14: 167413.33 | AJ14: 172148.17 | AK14: 202725.41 | AL14: 239111.84 | AM14: 263665.76 | AN14: 320925.73 | AO14: 364661.29 | AP14: 500224.04 | AQ14: 518045.58 | AR14: 601412.89 | AS14: 704311.18 | AT14: 839105.62 | AU14: 1010497.4 | AV14: 1103681.2 | AW14: 1118860.7 | AX14: 1145496.5 | AY14: 1224726.7 | AZ14: 1287487.5 | BA14: 1330542.1 | BB14: 1472660.9 | BC14: 1537879.5 | BD14: 1254118.9 | BE14: 1287304.8 | BF14: 1354738.1 | BG14: 1265829.5 | BH14: Based on national accounts in each country, including our adjustments.
B15: 11800 | C15: (less) Net indirect taxes on products | D15: million. Afs | E15: 0.25706287 | F15: 0.34444748 | G15: 0.32847195 | H15: 0.29981281 | I15: 0.37315678 | J15: 0.39656213 | K15: 0.43944856 | L15: 0.50930309 | M15: 0.53732275 | N15: 0.60808924 | O15: 0.60207373 | P15: 0.6411235 | Q15: 0.65336094 | R15: 0.64527039 | S15: 0.6382675 | T15: 0.63191223 | U15: 0.63192539 | V15: 0.54978821 | W15: 0.50750511 | X15: 0.6365539 | Y15: 0.69013311 | Z15: 0.85587283 | AA15: 1.1186795 | AB15: 1.0330771 | AC15: 8.0551304 | AD15: 27.673776 | AE15: 90.309571 | AF15: 116.40451 | AG15: 123.74471 | AH15: 1961.0102 | AI15: 2804.6171 | AJ15: 2928.6761 | AK15: 2752.6659 | AL15: 5601.3659 | AM15: 8344.6446 | AN15: 10730.318 | AO15: 16483.646 | AP15: 18720.882 | AQ15: 19104.573 | AR15: 28730.336 | AS15: 44313.23 | AT15: 51885.752 | AU15: 61942.688 | AV15: 66828.783 | AW15: 60350.339 | AX15: 70160.733 | AY15: 75645.552 | AZ15: 87705.956 | BA15: 92687.819 | BB15: 92450.998 | BC15: 90208.867 | BD15: 86095.009 | BE15: 90905.668 | BF15: 67533.658 | BG15: 109126.68 | BH15: Based on national accounts in each country, including our adjustments.
B16: 11900 | C16: GDP at basic price | D16: million. Afs | E16: 78.448867 | F16: 82.061979 | G16: 71.479092 | H16: 77.709845 | I16: 96.642099 | J16: 106.12289 | K16: 114.59168 | L16: 132.42406 | M16: 148.00559 | N16: 161.15613 | O16: 160.15358 | P16: 171.53839 | Q16: 173.40349 | R16: 171.41454 | S16: 169.44666 | T16: 167.5038 | U16: 167.4372 | V16: 145.60089 | W16: 134.34699 | X16: 168.52934 | Y16: 182.62056 | Z16: 168.21464 | AA16: 174.76588 | AB16: 133.8488 | AC16: 891.22135 | AD16: 2670.4734 | AE16: 7724.5548 | AF16: 8938.0478 | AG16: 8618.1793 | AH16: 124934.71 | AI16: 164608.71 | AJ16: 169219.5 | AK16: 199972.74 | AL16: 233510.47 | AM16: 255321.11 | AN16: 310195.41 | AO16: 348177.64 | AP16: 481503.15 | AQ16: 498941.01 | AR16: 572682.56 | AS16: 659997.95 | AT16: 787219.87 | AU16: 948554.68 | AV16: 1036852.4 | AW16: 1058510.4 | AX16: 1075335.8 | AY16: 1149081.1 | AZ16: 1199781.6 | BA16: 1237854.3 | BB16: 1380209.9 | BC16: 1447670.7 | BD16: 1168023.9 | BE16: 1196399.1 | BF16: 1287204.4 | BG16: 1156702.8 | BH16: Based on national accounts in each country, including our adjustments.
A17: 1b. GDP at Current Prices in US dollars, using annual average exchange rate
B18: 12100 | C18: Private consumption | D18: billions of US dollars | E18: 1.5769066 | F18: 1.70331 | G18: 1.4401008 | H18: 1.5270908 | I18: 1.8502476 | J18: 2.0263018 | K18: 2.0964977 | L18: 2.4984818 | M18: 2.7428018 | N18: 3.0912626 | O18: 3.0902671 | P18: 2.9840637 | Q18: 2.9602085 | R18: 2.9480353 | S18: 2.9370733 | T18: 2.9066974 | U18: 2.9209595 | V18: 2.5477089 | W18: 2.3536458 | X18: 2.9537472 | Y18: 3.2091068 | Z18: 3.0475651 | AA18: 3.264501 | AB18: 2.5775156 | AC18: 2.1058722 | AD18: 3.3163302 | AE18: 3.2940197 | AF18: 3.2703484 | AG18: 3.243285 | AH18: 3.1152349 | AI18: 4.1535266 | AJ18: 4.3296235 | AK18: 4.7640649 | AL18: 5.8738856 | AM18: 6.0760233 | AN18: 6.6791638 | AO18: 6.8956543 | AP18: 9.4767164 | AQ18: 8.9652507 | AR18: 9.8508983 | AS18: 12.841965 | AT18: 16.158081 | AU18: 18.517359 | AV18: 17.584089 | AW18: 15.81518 | AX18: 14.969065 | AY18: 14.446396 | AZ18: 13.913033 | BA18: 16.303579 | BB18: 18.254574 | BC18: 18.445004 | BD18: 13.414131 | BE18: 13.836409 | BF18: 16.024561 | BG18: 20.124297 | BH18: Based on national accounts in each country, including our adjustments, and the adjusted exchange rates of the Analysis of Main Aggregate Rates by United Nations Statistics Division.
B19: 12101 | C19: …of which, Imputed rent of owner cccupied housings (OOH) | D19: billions of US dollars | BH19: Based on national accounts in each country, including our adjustments, and the adjusted exchange rates of the Analysis of Main Aggregate Rates by United Nations Statistics Division.
B20: 12200 | C20: Government consumption | D20: billions of US dollars | E20: 0.11400705 | F20: 0.12314559 | G20: 0.10411957 | H20: 0.11041168 | I20: 0.13378241 | J20: 0.14651648 | K20: 0.15161008 | L20: 0.18067367 | M20: 0.19835156 | N20: 0.22262633 | O20: 0.22030668 | P20: 0.20966026 | Q20: 0.20744036 | R20: 0.20519631 | S20: 0.20269351 | T20: 0.20042164 | U20: 0.20035791 | V20: 0.17420268 | W20: 0.16074295 | X20: 0.20165313 | Y20: 0.21850206 | Z20: 0.21007618 | AA20: 0.2275363 | AB20: 0.18128626 | AC20: 0.14924357 | AD20: 0.23711252 | AE20: 0.23650325 | AF20: 0.23580133 | AG20: 0.23698597 | AH20: 0.22556437 | AI20: 0.30225388 | AJ20: 0.32260671 | AK20: 0.32824831 | AL20: 0.44467091 | AM20: 0.55459047 | AN20: 0.66906494 | AO20: 0.82158155 | AP20: 1.1413589 | AQ20: 1.0678921 | AR20: 1.5900656 | AS20: 2.7173727 | AT20: 3.3447243 | AU20: 4.3072864 | AV20: 4.3233229 | AW20: 4.3455574 | AX20: 4.0852735 | AY20: 4.1454678 | AZ20: 4.0199232 | BA20: 3.6581102 | BB20: 4.1611337 | BC20: 4.4180885 | BD20: 3.2235738 | BE20: 3.0965963 | BF20: 3.466403 | BG20: 4.2567076 | BH20: Based on national accounts in each country, including our adjustments, and the adjusted exchange rates of the Analysis of Main Aggregate Rates by United Nations Statistics Division.
B21: 12300 | C21: Gross fixed capital formation (GFCF) | D21: billions of US dollars | E21: 0.09594599 | F21: 0.1004179 | G21: 0.10489233 | H21: 0.12721719 | I21: 0.18971773 | J21: 0.23214121 | K21: 0.35045119 | L21: 0.3683559 | M21: 0.45991574 | N21: 0.48187972 | O21: 0.43915233 | P21: 0.38555045 | Q21: 0.36862877 | R21: 0.34461163 | S21: 0.31715649 | T21: 0.30999882 | U21: 0.29482696 | V21: 0.24855505 | W21: 0.2264865 | X21: 0.28290723 | Y21: 0.29814489 | Z21: 0.30220761 | AA21: 0.33977966 | AB21: 0.27825089 | AC21: 0.23328421 | AD21: 0.37481094 | AE21: 0.37753871 | AF21: 0.37861443 | AG21: 0.37801449 | AH21: 0.36384463 | AI21: 0.48595349 | AJ21: 0.49022109 | AK21: 0.48810712 | AL21: 0.53960408 | AM21: 0.87001113 | AN21: 1.2004467 | AO21: 1.4458625 | AP21: 1.5005156 | AQ21: 1.2983662 | AR21: 1.5492962 | AS21: 2.0073192 | AT21: 2.3994386 | AU21: 3.0632321 | AV21: 3.0116423 | AW21: 2.839673 | AX21: 2.7464604 | AY21: 2.2935949 | AZ21: 2.5822099 | BA21: 2.8224895 | BB21: 2.473832 | BC21: 2.3271096 | BD21: 2.0046135 | BE21: 2.4054281 | BF21: 2.5370591 | BG21: 3.1249329 | BH21: Based on national accounts in each country, including our adjustments and estimates, and the adjusted exchange rates of the Analysis of Main Aggregate Rates by United Nations Statistics Division.
B22: 12400 | C22: Net Increase in Stocks | D22: billions of US dollars | BH22: Based on national accounts in each country, including our adjustments, and the adjusted exchange rates of the Analysis of Main Aggregate Rates by United Nations Statistics Division.
B23: 12500 | C23: Exports of goods and services | D23: billions of US dollars | E23: 0.17111111 | F23: 0.19999999 | G23: 0.23555554 | H23: 0.22444445 | I23: 0.30222223 | J23: 0.3 | K23: 0.33777778 | L23: 0.34444446 | M23: 0.35777777 | N23: 0.44032665 | O23: 0.41773 | P23: 0.39681103 | Q23: 0.39873414 | R23: 0.39061963 | S23: 0.38636352 | T23: 0.38293718 | U23: 0.38204336 | V23: 0.33235407 | W23: 0.30677642 | X23: 0.38468369 | Y23: 0.41689839 | Z23: 0.46189783 | AA23: 0.56101872 | AB23: 0.49194688 | AC23: 0.43943761 | AD23: 0.74753811 | AE23: 0.79408599 | AF23: 0.83651943 | AG23: 0.87506734 | AH23: 0.88041309 | AI23: 1.2250515 | AJ23: 1.2212886 | AK23: 1.2709307 | AL23: 2.0333212 | AM23: 1.8063258 | AN23: 1.8780378 | AO23: 2.108934 | AP23: 2.1218897 | AQ23: 2.1369544 | AR23: 2.4068346 | AS23: 2.3432345 | AT23: 2.0153779 | AU23: 2.5035105 | AV23: 3.0299889 | AW23: 3.0932552 | AX23: 3.2706511 | AY23: 3.002519 | AZ23: 4.4409101 | BA23: 3.0748402 | BB23: 2.3058366 | BC23: 2.0823934 | BD23: 2.1744028 | BE23: 2.6053691 | BF23: 2.6528058 | BG23: 2.8291488 | BH23: Based on national accounts in each country, including our adjustments, and the adjusted exchange rates of the Analysis of Main Aggregate Rates by United Nations Statistics Division.
B24: 12600 | C24: (less) Imports of goods and services | D24: billions of US dollars | E24: 0.2088889 | F24: 0.29555555 | G24: 0.28888888 | H24: 0.25555555 | I24: 0.32000001 | J24: 0.33777778 | K24: 0.38000002 | L24: 0.43777779 | M24: 0.45777778 | N24: 0.53700004 | O24: 0.52461244 | P24: 0.49629851 | Q24: 0.49512635 | R24: 0.48804505 | S24: 0.48189837 | T24: 0.47718896 | U24: 0.47663767 | V24: 0.41444493 | W24: 0.38252219 | X24: 0.47976566 | Y24: 0.51988287 | Z24: 0.68040624 | AA24: 0.91682909 | AB24: 0.86332907 | AC24: 0.81239032 | AD24: 1.4380153 | AE24: 1.5762301 | AF24: 1.703163 | AG24: 1.8194291 | AH24: 1.8631137 | AI24: 2.6316947 | AJ24: 2.7395689 | AK24: 2.5620464 | AL24: 3.9879065 | AM24: 3.7961547 | AN24: 3.9426574 | AO24: 3.9678986 | AP24: 4.2283942 | AQ24: 3.1590196 | AR24: 3.4465157 | AS24: 4.7479139 | AT24: 5.9676892 | AU24: 8.5471307 | AV24: 8.0189059 | AW24: 6.5493924 | AX24: 6.3368784 | AY24: 5.8417518 | AZ24: 6.0299244 | BA24: 7.4006096 | BB24: 8.2514639 | BC24: 7.2516515 | BD24: 5.6200882 | BE24: 7.7261388 | BF24: 8.2947655 | BG24: 12.26235 | BH24: Based on national accounts in each country, including our adjustments, and the adjusted exchange rates of the Analysis of Main Aggregate Rates by United Nations Statistics Division.
B25: 12700 | C25: GDP at market price | D25: billions of US dollars | E25: 1.7490818 | F25: 1.8313179 | G25: 1.5957794 | H25: 1.7336085 | I25: 2.1559699 | J25: 2.3671817 | K25: 2.5563367 | L25: 2.954178 | M25: 3.3010691 | N25: 3.6990952 | O25: 3.6428437 | P25: 3.4797869 | Q25: 3.4398854 | R25: 3.4004179 | S25: 3.3613884 | T25: 3.322866 | U25: 3.3215501 | V25: 2.8883758 | W25: 2.6651294 | X25: 3.3432256 | Y25: 3.6227693 | Z25: 3.3413405 | AA25: 3.4760066 | AB25: 2.6656705 | AC25: 2.1154472 | AD25: 3.2377766 | AE25: 3.1259176 | AF25: 3.0181206 | AG25: 2.9139237 | AH25: 2.7219433 | AI25: 3.5350908 | AJ25: 3.624171 | AK25: 4.2893047 | AL25: 4.9035753 | AM25: 5.510796 | AN25: 6.4840558 | AO25: 7.3041337 | AP25: 10.012086 | AQ25: 10.309444 | AR25: 11.950579 | AS25: 15.161978 | AT25: 17.949932 | AU25: 19.844257 | AV25: 19.930137 | AW25: 19.544273 | AX25: 18.734571 | AY25: 18.046225 | AZ25: 18.926152 | BA25: 18.458409 | BB25: 18.943913 | BC25: 20.020944 | BD25: 15.196633 | BE25: 14.217664 | BF25: 16.386063 | BG25: 18.072736 | BH25: Based on national accounts in each country, including our adjustments, and the adjusted exchange rates of the Analysis of Main Aggregate Rates by United Nations Statistics Division.
B26: 12800 | C26: (less) Net indirect taxes on products | D26: billions of US dollars | E26: 0.005712708 | F26: 0.007654656 | G26: 0.0072996319 | H26: 0.0066627398 | I26: 0.0082926629 | J26: 0.0088127999 | K26: 0.0097658649 | L26: 0.011318242 | M26: 0.011940923 | N26: 0.0139053 | O26: 0.013643442 | P26: 0.012957251 | Q26: 0.012912372 | R26: 0.012752478 | S26: 0.01261408 | T26: 0.012488481 | U26: 0.012488742 | V26: 0.010865464 | W26: 0.010029823 | X26: 0.012580215 | Y26: 0.013639101 | Z26: 0.016914615 | AA26: 0.022108462 | AB26: 0.020416702 | AC26: 0.018948792 | AD26: 0.033208531 | AE26: 0.036123503 | AF26: 0.038801116 | AG26: 0.041247514 | AH26: 0.042064134 | AI26: 0.059222145 | AJ26: 0.06165632 | AK26: 0.058241456 | AL26: 0.11486976 | AM26: 0.17440882 | AN26: 0.21679776 | AO26: 0.33016598 | AP26: 0.37470228 | AQ26: 0.38019342 | AR26: 0.57089589 | AS26: 0.95394796 | AT26: 1.1099267 | AU26: 1.2164372 | AV26: 1.2067858 | AW26: 1.0542004 | AX26: 1.1474773 | AY26: 1.1146297 | AZ26: 1.2892834 | BA26: 1.2858441 | BB26: 1.1892647 | BC26: 1.1743876 | BD26: 1.0432457 | BE26: 1.0040095 | BF26: 0.81684484 | BG26: 1.5580438 | BH26: Based on national accounts in each country, including our adjustments, and the adjusted exchange rates of the Analysis of Main Aggregate Rates by United Nations Statistics Division.
B27: 12900 | C27: GDP at basic price | D27: billions of US dollars | E27: 1.7433691 | F27: 1.8236633 | G27: 1.5884798 | H27: 1.7269458 | I27: 2.1476773 | J27: 2.3583689 | K27: 2.5465709 | L27: 2.9428598 | M27: 3.2891282 | N27: 3.6851899 | O27: 3.6292002 | P27: 3.4668297 | Q27: 3.426973 | R27: 3.3876654 | S27: 3.3487744 | T27: 3.3103776 | U27: 3.3090613 | V27: 2.8775103 | W27: 2.6550996 | X27: 3.3306454 | Y27: 3.6091302 | Z27: 3.3244259 | AA27: 3.4538981 | AB27: 2.6452538 | AC27: 2.0964984 | AD27: 3.204568 | AE27: 3.0897941 | AF27: 2.9793195 | AG27: 2.8726762 | AH27: 2.6798792 | AI27: 3.4758686 | AJ27: 3.5625147 | AK27: 4.2310632 | AL27: 4.7887056 | AM27: 5.3363872 | AN27: 6.267258 | AO27: 6.9739677 | AP27: 9.6373841 | AQ27: 9.9292504 | AR27: 11.379683 | AS27: 14.20803 | AT27: 16.840006 | AU27: 18.62782 | AV27: 18.723351 | AW27: 18.490072 | AX27: 17.587094 | AY27: 16.931596 | AZ27: 17.636868 | BA27: 17.172565 | BB27: 17.754648 | BC27: 18.846556 | BD27: 14.153387 | BE27: 13.213654 | BF27: 15.569219 | BG27: 16.514692 | BH27: Based on national accounts in each country, including our adjustments, and the adjusted exchange rates of the Analysis of Main Aggregate Rates by United Nations Statistics Division.
A28: 2a. GDP at Constant Prices
B29: 21100 | C29: Private consumption | D29: million. Afs (2024 prices) | E29: 739915.62 | F29: 729754.01 | G29: 660017.74 | H29: 679260.41 | I29: 696453.66 | J29: 722481.6 | K29: 697237.61 | L29: 653630.4 | M29: 668660.23 | N29: 672261.71 | O29: 677916.79 | P29: 691269.2 | Q29: 712038.01 | R29: 733201.66 | S29: 736707.24 | T29: 736780.06 | U29: 736786.39 | V29: 631779.93 | W29: 563913.63 | X29: 551368.77 | Y29: 546453.22 | Z29: 499170.23 | AA29: 515007.95 | AB29: 385899.99 | AC29: 294228.86 | AD29: 453933.63 | AE29: 435547.46 | AF29: 435334.03 | AG29: 452375.82 | AH29: 422578.68 | AI29: 480023.41 | AJ29: 496145.29 | AK29: 642988.44 | AL29: 753137.43 | AM29: 709891.13 | AN29: 752519.3 | AO29: 775329.98 | AP29: 887526.9 | AQ29: 778021.28 | AR29: 884848.17 | AS29: 904087.32 | AT29: 990391.02 | AU29: 1221982.7 | AV29: 1417669 | AW29: 1223517.8 | AX29: 1264729.1 | AY29: 1317460 | AZ29: 1232127.6 | BA29: 1564120.4 | BB29: 1696507.7 | BC29: 1545092.7 | BD29: 1148748.7 | BE29: 1116264.8 | BF29: 1155604.7 | BG29: 1409522.5 | BH29: Based on national accounts in each country, including our adjustments.
B30: 21101 | C30: …of which, Imputed rent of owner cccupied housings (OOH) | D30: million. Afs (2024 prices) | BH30: Based on national accounts in each country, including our adjustments.
B31: 21200 | C31: Government consumption | D31: million. Afs (2024 prices) | E31: 20494.936 | F31: 21902.061 | G31: 21978.771 | H31: 21873.605 | I31: 22073 | J31: 22913.301 | K31: 23105.225 | L31: 26155.61 | M31: 27505.417 | N31: 29722.001 | O31: 30610.244 | P31: 29553.863 | Q31: 29022.073 | R31: 29462.133 | S31: 30356.817 | T31: 31106.036 | U31: 31480.483 | V31: 31438.481 | W31: 30699.629 | X31: 30123.254 | Y31: 30430.42 | Z31: 31100.015 | AA31: 32898.329 | AB31: 36537.512 | AC31: 40661.102 | AD31: 51281.143 | AE31: 56037.577 | AF31: 61209.044 | AG31: 65734.035 | AH31: 68432.487 | AI31: 78220.711 | AJ31: 83404.784 | AK31: 74216.294 | AL31: 91744.875 | AM31: 102882.56 | AN31: 105732.73 | AO31: 118668.35 | AP31: 117383.65 | AQ31: 112866.51 | AR31: 154679.14 | AS31: 226381.5 | AT31: 248986.5 | AU31: 307706.85 | AV31: 310444.8 | AW31: 320492.25 | AX31: 322049.65 | AY31: 341049.38 | AZ31: 317454.93 | BA31: 308379.89 | BB31: 373191.57 | BC31: 371372.64 | BD31: 276950.63 | BE31: 273732.13 | BF31: 275644.59 | BG31: 298143.35 | BH31: Based on national accounts in each country, including our adjustments.
B32: 21300 | C32: Gross fixed capital formation (GFCF) | D32: million. Afs (2024 prices) | E32: 7789.9778 | F32: 7852.9953 | G32: 9126.0722 | H32: 11856.197 | I32: 15063.2 | J32: 21266.98 | K32: 43336.829 | L32: 49845.474 | M32: 68152.348 | N32: 60394.988 | O32: 44471.819 | P32: 41196.683 | Q32: 38744.449 | R32: 42312.637 | S32: 43584.086 | T32: 42377.672 | U32: 47044.449 | V32: 50174.346 | W32: 53701.586 | X32: 45025.422 | Y32: 38073.215 | Z32: 36902.885 | AA32: 40394.809 | AB32: 32430.456 | AC32: 34220.36 | AD32: 44300.704 | AE32: 47818.707 | AF32: 42475.962 | AG32: 40540.149 | AH32: 48008.66 | AI32: 40885.599 | AJ32: 36564.416 | AK32: 47037.081 | AL32: 51306.858 | AM32: 72486.386 | AN32: 91577.924 | AO32: 107268.03 | AP32: 115543.98 | AQ32: 104312.75 | AR32: 121530.02 | AS32: 131626.74 | AT32: 154905.74 | AU32: 187951.4 | AV32: 185687.79 | AW32: 164773.26 | AX32: 159239.91 | AY32: 138889.25 | AZ32: 156768.33 | BA32: 160284.43 | BB32: 156449.04 | BC32: 171271.58 | BD32: 176028.29 | BE32: 298521.39 | BF32: 323638.94 | BG32: 218872.9 | BH32: Based on national accounts in each country, including our adjustments.
B33: 21400 | C33: Net Increase in Stocks | D33: million. Afs (2024 prices) | BH33: Based on national accounts in each country, including our adjustments.
B34: 21500 | C34: Exports of goods and services | D34: million. Afs (2024 prices) | E34: 35539.602 | F34: 40081.933 | G34: 54871.42 | H34: 50702.762 | I34: 58785.2 | J34: 57011.155 | K34: 61687.866 | L34: 54201.854 | M34: 53336.881 | N34: 57857.223 | O34: 53487.661 | P34: 52641.506 | Q34: 54478.943 | R34: 57632.649 | S34: 59422.632 | T34: 60820.931 | U34: 65207.169 | V34: 62183.518 | W34: 59241.669 | X34: 55609.207 | Y34: 55077.648 | Z34: 57807.761 | AA34: 73501.005 | AB34: 64305.813 | AC34: 56496.349 | AD34: 84412.701 | AE34: 90024.985 | AF34: 93189.489 | AG34: 96304.984 | AH34: 98741.551 | AI34: 100217.43 | AJ34: 93417.685 | AK34: 126433.31 | AL34: 195228.57 | AM34: 158791.95 | AN34: 170380.43 | AO34: 168614.46 | AP34: 170889.45 | AQ34: 195255.39 | AR34: 281863.51 | AS34: 321430.62 | AT34: 423591.99 | AU34: 389855.49 | AV34: 261494.25 | AW34: 373291.78 | AX34: 280036.31 | AY34: 225442.35 | AZ34: 330284.16 | BA34: 248669.12 | BB34: 206074.16 | BC34: 177837.61 | BD34: 190718.97 | BE34: 226216.57 | BF34: 198826.28 | BG34: 198155.94 | BH34: Based on national accounts in each country, including our adjustments.
B35: 21600 | C35: (less) Imports of goods and services | D35: million. Afs (2024 prices) | E35: 64747.179 | F35: 86532.356 | G35: 79701.413 | H35: 59522.82 | I35: 62997.002 | J35: 63647.835 | K35: 68561.256 | L35: 72165.79 | M35: 67337.678 | N35: 74245.397 | O35: 67216.334 | P35: 59520.428 | Q35: 60128.922 | R35: 57624.898 | S35: 55337.662 | T35: 54927.367 | U35: 50785.225 | V35: 42044.772 | W35: 35966.834 | X35: 44327.987 | Y35: 47304.643 | Z35: 59449.658 | AA35: 77261.385 | AB35: 70706.461 | AC35: 65616.037 | AD35: 109746.51 | AE35: 123837.47 | AF35: 139051.61 | AG35: 164188.78 | AH35: 163861.57 | AI35: 211432.14 | AJ35: 230220.29 | AK35: 206958.3 | AL35: 310363.79 | AM35: 267664.79 | AN35: 281272.23 | AO35: 272317.81 | AP35: 274957.42 | AQ35: 244715.52 | AR35: 321839.57 | AS35: 392587.04 | AT35: 490972.14 | AU35: 725643.83 | AV35: 757437.61 | AW35: 560340.27 | AX35: 549413.39 | AY35: 480030.57 | AZ35: 477614.36 | BA35: 669999.26 | BB35: 748281.87 | BC35: 621215.09 | BD35: 489168.7 | BE35: 668728.16 | BF35: 673140.43 | BG35: 858865.22 | BH35: Based on national accounts in each country, including our adjustments.
B36: 21700 | C36: GDP at market price | D36: million. Afs (2024 prices) | E36: 719631.2 | F36: 694322.52 | G36: 674708.41 | H36: 731185.29 | I36: 771056.97 | J36: 818902.98 | K36: 863681.95 | L36: 820129.81 | M36: 880857.44 | N36: 870577.08 | O36: 849698.81 | P36: 867992.25 | Q36: 885654.88 | R36: 929180.66 | S36: 946212.48 | T36: 948735.72 | U36: 977122.09 | V36: 876823.57 | W36: 810098.63 | X36: 752915.2 | Y36: 729406.46 | Z36: 649677.83 | AA36: 660166.87 | AB36: 495356.62 | AC36: 385084.29 | AD36: 551344.74 | AE36: 514571.88 | AF36: 484089.53 | AG36: 461692.7 | AH36: 442534.47 | AI36: 425230.97 | AJ36: 401096.22 | AK36: 653400.4 | AL36: 707164.86 | AM36: 723728.13 | AN36: 795388.27 | AO36: 868255.02 | AP36: 997130 | AQ36: 930993.61 | AR36: 1091356.8 | AS36: 1149482.2 | AT36: 1249267.6 | AU36: 1385810.4 | AV36: 1475554.6 | AW36: 1520769.8 | AX36: 1493530.8 | AY36: 1546686.8 | AZ36: 1587627.7 | BA36: 1606508.2 | BB36: 1669348.4 | BC36: 1634944.1 | BD36: 1295875.1 | BE36: 1215009.9 | BF36: 1242554.6 | BG36: 1265829.5 | BH36: Based on national accounts in each country, including our adjustments.
B37: 21900 | C37: GDP at basic price | D37: million. Afs (2024 prices) | E37: 657592.06 | F37: 634465.23 | G37: 616542.06 | H37: 668150.08 | I37: 704584.44 | J37: 748305.67 | K37: 789224.25 | L37: 749426.72 | M37: 804919.06 | N37: 795524.95 | O37: 776446.6 | P37: 793162.97 | Q37: 809302.91 | R37: 849076.34 | S37: 864639.86 | T37: 866945.57 | U37: 892884.76 | V37: 801232.94 | W37: 740260.34 | X37: 688006.67 | Y37: 666524.6 | Z37: 593669.35 | AA37: 603254.14 | AB37: 452652.12 | AC37: 351886.32 | AD37: 503813.52 | AE37: 470210.83 | AF37: 442356.36 | AG37: 421890.35 | AH37: 404383.74 | AI37: 388571.97 | AJ37: 366517.87 | AK37: 597070.99 | AL37: 646200.45 | AM37: 661335.8 | AN37: 726818.15 | AO37: 793403.08 | AP37: 911167.8 | AQ37: 850733 | AR37: 997271.37 | AS37: 1050385.8 | AT37: 1141568.7 | AU37: 1266340.2 | AV37: 1348347.6 | AW37: 1389664.8 | AX37: 1364774 | AY37: 1413347.6 | AZ37: 1450758.9 | BA37: 1468011.7 | BB37: 1525434.5 | BC37: 1493996.2 | BD37: 1184158.2 | BE37: 1110264.4 | BF37: 1135434.4 | BG37: 1156702.8 | BH37: Based on national accounts in each country, including our adjustments.
A38: 2b. GDP at Constant Prices, using 2021 PPPs, reference year 2021
B39: 22100 | C39: Private consumption | D39: billions of US dollars (as of 2024) | E39: 55.614546 | F39: 54.850765 | G39: 49.609152 | H39: 51.055497 | I39: 52.347798 | J39: 54.304146 | K39: 52.406723 | L39: 49.129058 | M39: 50.258751 | N39: 50.529451 | O39: 50.954506 | P39: 51.958117 | Q39: 53.519171 | R39: 55.109902 | S39: 55.373393 | T39: 55.378867 | U39: 55.379342 | V39: 47.486704 | W39: 42.385644 | X39: 41.442731 | Y39: 41.073262 | Z39: 37.519313 | AA39: 38.709729 | AB39: 29.005541 | AC39: 22.115231 | AD39: 34.119178 | AE39: 32.737212 | AF39: 32.72117 | AG39: 34.002088 | AH39: 31.762435 | AI39: 36.080174 | AJ39: 37.291948 | AK39: 48.329173 | AL39: 56.608342 | AM39: 53.357804 | AN39: 56.561881 | AO39: 58.276408 | AP39: 66.709506 | AQ39: 58.478696 | AR39: 66.508164 | AS39: 67.954243 | AT39: 74.441119 | AU39: 91.84833 | AV39: 106.55677 | AW39: 91.96371 | AX39: 95.061288 | AY39: 99.024725 | AZ39: 92.610853 | BA39: 117.56454 | BB39: 127.51523 | BC39: 116.13436 | BD39: 86.343812 | BE39: 83.902219 | BF39: 86.859135 | BG39: 105.94445 | BH39: Based on national accounts in each country, including our adjustments, and PPP by World Bank (ICP 2021 Round).
B40: 22101 | C40: …of which, Imputed rent of owner cccupied housings (OOH) | D40: billions of US dollars (as of 2024) | BH40: Based on national accounts in each country, including our adjustments, and PPP by World Bank (ICP 2021 Round).
B41: 22200 | C41: Government consumption | D41: billions of US dollars (as of 2024) | E41: 1.5355024 | F41: 1.6409257 | G41: 1.646673 | H41: 1.6387938 | I41: 1.6537327 | J41: 1.7166889 | K41: 1.7310681 | L41: 1.9596062 | M41: 2.0607351 | N41: 2.226804 | O41: 2.2933521 | P41: 2.2142069 | Q41: 2.1743647 | R41: 2.2073344 | S41: 2.2743651 | T41: 2.3304974 | U41: 2.3585513 | V41: 2.3554045 | W41: 2.3000489 | X41: 2.2568663 | Y41: 2.2798795 | Z41: 2.3300462 | AA41: 2.4647779 | AB41: 2.7374293 | AC41: 3.0463731 | AD41: 3.8420379 | AE41: 4.198395 | AF41: 4.5858468 | AG41: 4.924864 | AH41: 5.1270349 | AI41: 5.860379 | AJ41: 6.2487754 | AK41: 5.5603639 | AL41: 6.8736239 | AM41: 7.708071 | AN41: 7.9216087 | AO41: 8.8907591 | AP41: 8.7945081 | AQ41: 8.4560793 | AR41: 11.588726 | AS41: 16.960743 | AT41: 18.654334 | AU41: 23.053725 | AV41: 23.258855 | AW41: 24.011621 | AX41: 24.128303 | AY41: 25.551783 | AZ41: 23.784062 | BA41: 23.10415 | BB41: 27.95991 | BC41: 27.823634 | BD41: 20.749436 | BE41: 20.508303 | BF41: 20.651587 | BG41: 22.337218 | BH41: Based on national accounts in each country, including our adjustments, and PPP by World Bank (ICP 2021 Round).
B42: 22300 | C42: Gross fixed capital formation (GFCF) | D42: billions of US dollars (as of 2024) | E42: 0.57102233 | F42: 0.57564165 | G42: 0.66896096 | H42: 0.86908504 | I42: 1.1041653 | J42: 1.5589159 | K42: 3.1766839 | L42: 3.6537817 | M42: 4.9957155 | N42: 4.4270841 | O42: 3.2598811 | P42: 3.0198065 | Q42: 2.8400524 | R42: 3.1016084 | S42: 3.1948083 | T42: 3.1063756 | U42: 3.4484605 | V42: 3.6778888 | W42: 3.9364431 | X42: 3.3004614 | Y42: 2.7908495 | Z42: 2.7050618 | AA42: 2.9610274 | AB42: 2.377223 | AC42: 2.5084269 | AD42: 3.247338 | AE42: 3.5052153 | AF42: 3.1135805 | AG42: 2.9716812 | AH42: 3.5191393 | AI42: 2.9970034 | AJ42: 2.6802513 | AK42: 3.4479204 | AL42: 3.7609044 | AM42: 5.3134099 | AN42: 6.7128612 | AO42: 7.8629797 | AP42: 8.469625 | AQ42: 7.6463514 | AR42: 8.9084152 | AS42: 9.6485264 | AT42: 11.354928 | AU42: 13.777247 | AV42: 13.611319 | AW42: 12.078238 | AX42: 11.672632 | AY42: 10.180884 | AZ42: 11.49146 | BA42: 11.749198 | BB42: 11.468055 | BC42: 12.55458 | BD42: 12.903256 | BE42: 21.882267 | BF42: 23.723438 | BG42: 16.04386 | BH42: Based on national accounts in each country, including our adjustments, and PPP by World Bank (ICP 2021 Round).
B43: 22400 | C43: Net Increase in Stocks | D43: billions of US dollars (as of 2024) | BH43: Based on national accounts in each country, including our adjustments, and PPP by World Bank (ICP 2021 Round).
B44: 22500 | C44: Exports of goods and services | D44: billions of US dollars (as of 2024) | E44: 2.6081187 | F44: 2.9414634 | G44: 4.0268086 | H44: 3.7208864 | I44: 4.3140263 | J44: 4.1838358 | K44: 4.5270422 | L44: 3.9776717 | M44: 3.9141945 | N44: 4.2459256 | O44: 3.9252598 | P44: 3.8631636 | Q44: 3.9980062 | R44: 4.2294449 | S44: 4.3608051 | T44: 4.463421 | U44: 4.7853107 | V44: 4.5634162 | W44: 4.3475249 | X44: 4.0809521 | Y44: 4.0419429 | Z44: 4.2422958 | AA44: 5.3939643 | AB44: 4.7191635 | AC44: 4.1460561 | AD44: 6.1947329 | AE44: 6.6065975 | AF44: 6.8388287 | AG44: 7.0674632 | AH44: 7.2462738 | AI44: 7.3545828 | AJ44: 6.8555751 | AK44: 9.2784684 | AL44: 14.327096 | AM44: 11.653148 | AN44: 12.503584 | AO44: 12.373986 | AP44: 12.540938 | AQ44: 14.329064 | AR44: 20.68491 | AS44: 23.588593 | AT44: 31.085834 | AU44: 28.610039 | AV44: 19.190087 | AW44: 27.39449 | AX44: 20.550819 | AY44: 16.544372 | AZ44: 24.238321 | BA44: 18.248898 | BB44: 15.123013 | BC44: 13.050838 | BD44: 13.996153 | BE44: 16.601189 | BF44: 14.591119 | BG44: 14.541925 | BH44: Based on national accounts in each country, including our adjustments, and PPP by World Bank (ICP 2021 Round).
B45: 22600 | C45: (less) Imports of goods and services | D45: billions of US dollars (as of 2024) | E45: 4.7882189 | F45: 6.3992883 | G45: 5.8941227 | H45: 4.4018643 | I45: 4.6587889 | J45: 4.7069196 | K45: 5.0702796 | L45: 5.3368442 | M45: 4.979793 | N45: 5.4906363 | O45: 4.9708192 | P45: 4.4016874 | Q45: 4.446687 | R45: 4.2615081 | S45: 4.0923612 | T45: 4.0620188 | U45: 3.7556968 | V45: 3.109318 | W45: 2.6598391 | X45: 3.2781677 | Y45: 3.4982989 | Z45: 4.3964538 | AA45: 5.7136764 | AB45: 5.2289231 | AC45: 4.8524732 | AD45: 8.116034 | AE45: 9.1580965 | AF45: 10.283221 | AG45: 12.142179 | AH45: 12.117981 | AI45: 15.635946 | AJ45: 17.025378 | AK45: 15.305094 | AL45: 22.952193 | AM45: 19.794493 | AN45: 20.800798 | AO45: 20.138596 | AP45: 20.333802 | AQ45: 18.097337 | AR45: 23.800856 | AS45: 29.032812 | AT45: 36.308642 | AU45: 53.663211 | AV45: 56.014442 | AW45: 41.438592 | AX45: 40.630521 | AY45: 35.499484 | AZ45: 35.320799 | BA45: 49.548154 | BB45: 55.337352 | BC45: 45.94044 | BD45: 36.175272 | BE45: 49.454152 | BF45: 49.780451 | BG45: 63.515272 | BH45: Based on national accounts in each country, including our adjustments, and PPP by World Bank (ICP 2021 Round).
B46: 22700 | C46: GDP at market price | D46: billions of US dollars (as of 2024) | E46: 54.32039 | F46: 52.409998 | G46: 50.929454 | H46: 55.192535 | I46: 58.202195 | J46: 61.813787 | K46: 65.193867 | L46: 61.906392 | M46: 66.490336 | N46: 65.714336 | O46: 64.138368 | P46: 65.519224 | Q46: 66.852464 | R46: 70.137948 | S46: 71.423573 | T46: 71.614036 | U46: 73.756743 | V46: 66.185844 | W46: 61.149202 | X46: 56.832788 | Y46: 55.058262 | Z46: 49.040055 | AA46: 49.831806 | AB46: 37.391326 | AC46: 29.067568 | AD46: 41.617514 | AE46: 38.841764 | AF46: 36.540845 | AG46: 34.850251 | AH46: 33.404118 | AI46: 32.097986 | AJ46: 30.276207 | AK46: 49.321047 | AL46: 53.379386 | AM46: 54.629641 | AN46: 60.038811 | AO46: 65.539058 | AP46: 75.267013 | AQ46: 70.274796 | AR46: 82.379598 | AS46: 86.767117 | AT46: 94.299282 | AU46: 104.60603 | AV46: 111.38025 | AW46: 114.79326 | AX46: 112.73715 | AY46: 116.74957 | AZ46: 119.83993 | BA46: 121.26511 | BB46: 126.00852 | BC46: 123.41155 | BD46: 97.817385 | BE46: 91.713383 | BF46: 93.792557 | BG46: 95.549432 | BH46: Based on national accounts in each country, including our adjustments, and PPP by World Bank (ICP 2021 Round).
B47: 22900 | C47: GDP at basic price | D47: billions of US dollars (as of 2024) | E47: 50.591306 | F47: 48.812063 | G47: 47.433158 | H47: 51.403579 | I47: 54.206626 | J47: 57.570283 | K47: 60.718321 | L47: 57.656531 | M47: 61.925788 | N47: 61.20306 | O47: 59.735282 | P47: 61.021343 | Q47: 62.263056 | R47: 65.322993 | S47: 66.520359 | T47: 66.697747 | U47: 68.693357 | V47: 61.642199 | W47: 56.951322 | X47: 52.931229 | Y47: 51.278524 | Z47: 45.673465 | AA47: 46.410863 | AB47: 34.82442 | AC47: 27.072085 | AD47: 38.76048 | AE47: 36.175285 | AF47: 34.032324 | AG47: 32.457788 | AH47: 31.110932 | AI47: 29.894466 | AJ47: 28.197752 | AK47: 45.935168 | AL47: 49.714902 | AM47: 50.879328 | AN47: 55.917159 | AO47: 61.039816 | AP47: 70.099948 | AQ47: 65.450446 | AR47: 76.724255 | AS47: 80.810572 | AT47: 87.825656 | AU47: 97.424848 | AV47: 103.73402 | AW47: 106.91272 | AX47: 104.99777 | AY47: 108.73474 | AZ47: 111.61295 | BA47: 112.94028 | BB47: 117.35806 | BC47: 114.93937 | BD47: 91.102242 | BE47: 85.417278 | BF47: 87.353717 | BG47: 88.989983 | BH47: Based on national accounts in each country, including our adjustments, and PPP by World Bank (ICP 2021 Round).
A48: 3. National Income at Current Prices
B49: 30100 | C49: Compensation of employees (COE) | D49: million. Afs | E49: 31.676282 | F49: 34.967631 | G49: 31.921364 | H49: 32.665544 | I49: 39.365152 | J49: 41.552064 | K49: 43.336088 | L49: 53.690925 | M49: 56.793646 | N49: 62.550635 | O49: 60.329169 | P49: 55.847028 | Q49: 49.421285 | R49: 45.383069 | S49: 44.750499 | T49: 44.609409 | U49: 42.196366 | V49: 39.698383 | W49: 39.2625 | X49: 53.721496 | Y49: 59.414177 | Z49: 60.817206 | AA49: 68.757253 | AB49: 55.58541 | AC49: 389.64851 | AD49: 1225.9393 | AE49: 3715.0497 | AF49: 4493.8129 | AG49: 4521.2951 | AH49: 68274.71 | AI49: 93539.488 | AJ49: 99852.312 | AK49: 122380.13 | AL49: 140968.78 | AM49: 155154.31 | AN49: 177026.2 | AO49: 189289.78 | AP49: 227971.55 | AQ49: 257169.98 | AR49: 278437.6 | AS49: 331980.74 | AT49: 396347.91 | AU49: 469388.48 | AV49: 470088.11 | AW49: 454078.69 | AX49: 463398.87 | AY49: 466942.75 | AZ49: 464979.76 | BA49: 491333.38 | BB49: 547598.83 | BC49: 599235.82 | BD49: 632433.65 | BE49: 712669.12 | BF49: 762064.77 | BG49: 697596.4 | BH49: Our estimates.
B50: 30200 | C50: Operating surplus and mixed income | D50: million. Afs | E50: 44.601051 | F50: 44.832363 | G50: 37.420394 | H50: 42.915696 | I50: 54.595612 | J50: 61.82839 | K50: 68.62136 | L50: 75.568559 | M50: 87.433406 | N50: 93.469134 | O50: 92.728876 | P50: 107.56538 | Q50: 115.01749 | R50: 117.31063 | S50: 116.27187 | T50: 114.44006 | U50: 117.32921 | V50: 98.895053 | W50: 89.499553 | X50: 107.86109 | Y50: 115.4961 | Z50: 99.95896 | AA50: 98.946815 | AB50: 72.135985 | AC50: 467.31142 | AD50: 1370.9701 | AE50: 3811.1719 | AF50: 4159.8923 | AG50: 3789.1358 | AH50: 52536.569 | AI50: 64449.21 | AJ50: 61146.759 | AK50: 70770.262 | AL50: 84588.227 | AM50: 90058.558 | AN50: 119660.94 | AO50: 142085.69 | AP50: 235225.78 | AQ50: 221734.44 | AR50: 272852.68 | AS50: 300535.91 | AT50: 358540.59 | AU50: 438530.38 | AV50: 517961.94 | AW50: 543630.45 | AX50: 545890.81 | AY50: 612630.52 | AZ50: 663196.53 | BA50: 664121.57 | BB50: 748415.03 | BC50: 771720.99 | BD50: 461942.15 | BE50: 419789.08 | BF50: 461779.19 | BG50: 364580.96 | BH50: Our estimates.
B51: 30300 | C51: Consumption of fixed capital (CFC) | D51: million. Afs | E51: 2.1703879 | F51: 2.2607528 | G51: 2.1361792 | H51: 2.1274914 | I51: 2.6799656 | J51: 2.7411064 | K51: 2.6330806 | L51: 3.1632638 | M51: 3.777034 | N51: 5.1342892 | O51: 7.0926039 | P51: 8.1226078 | Q51: 8.9609501 | R51: 8.7173819 | S51: 8.4209904 | T51: 8.4508333 | U51: 7.9084247 | V51: 7.0047311 | W51: 5.5824771 | X51: 6.9431187 | Y51: 7.7058917 | Z51: 7.4342404 | AA51: 7.0576143 | AB51: 6.1236267 | AC51: 34.243165 | AD51: 73.522217 | AE51: 198.22828 | AF51: 284.17534 | AG51: 307.55958 | AH51: 4121.5891 | AI51: 6616.3937 | AJ51: 8215.8126 | AK51: 6818.3082 | AL51: 7949.185 | AM51: 10103.134 | AN51: 13501.93 | AO51: 16794.655 | AP51: 18276.237 | AQ51: 19785.717 | AR51: 20657.578 | AS51: 26419.862 | AT51: 30919.801 | AU51: 39235.148 | AV51: 47566.607 | AW51: 59370.218 | AX51: 64535.399 | AY51: 67797.647 | AZ51: 69808.201 | BA51: 80251.719 | BB51: 82005.905 | BC51: 74752.137 | BD51: 71798.773 | BE51: 62420.089 | BF51: 61864.757 | BG51: 93142.37 | BH51: Our estimates.
B52: 30400 | C52: Indirect taxes on production and imports | D52: million. Afs | E52: 0.25985794 | F52: 0.34746044 | G52: 0.3311326 | H52: 0.30252335 | I52: 0.37646005 | J52: 0.40001019 | K52: 0.44279555 | L52: 0.51322904 | M52: 0.54169813 | N52: 0.61330199 | O52: 0.60817711 | P52: 0.64793335 | Q52: 0.66060772 | R52: 0.65219891 | S52: 0.64502832 | T52: 0.6388326 | U52: 0.63856224 | V52: 0.55550588 | W52: 0.51273682 | X52: 0.64367019 | Y52: 0.69829892 | Z52: 0.86369051 | AA52: 1.1267176 | AB52: 1.0398895 | AC52: 8.0941691 | AD52: 27.779686 | AE52: 90.605627 | AF52: 116.79987 | AG52: 124.15977 | AH52: 1966.2182 | AI52: 2812.8018 | AJ52: 2938.0702 | AK52: 2761.9351 | AL52: 5612.3004 | AM52: 8356.5119 | AN52: 10744.35 | AO52: 16499.163 | AP52: 18801.17 | AQ52: 21596.033 | AR52: 34800.855 | AS52: 45792.639 | AT52: 54396.874 | AU52: 64618.25 | AV52: 68964.486 | AW52: 62231.387 | AX52: 72518.134 | AY52: 84081.408 | AZ52: 96334.179 | BA52: 103317.63 | BB52: 104883.44 | BC52: 102396.63 | BD52: 95934.349 | BE52: 101468.6 | BF52: 77739.204 | BG52: 120683.12 | BH52: Based on available data in the IMF-GFS and our interpolated estimates.
B53: 30500 | C53: Subsidies | D53: million. Afs | E53: 0.0016489063 | F53: 0.0017810806 | G53: 0.0015058518 | H53: 0.0015968128 | I53: 0.0019347229 | J53: 0.0021188138 | K53: 0.0021922127 | L53: 0.0026125466 | M53: 0.0028680186 | N53: 0.0031416821 | O53: 0.0031716382 | P53: 0.0034353654 | Q53: 0.0034841165 | R53: 0.0034702015 | S53: 0.0034586911 | T53: 0.0034215189 | U53: 0.0034388544 | V53: 0.0029992492 | W53: 0.0027700787 | X53: 0.0034752123 | Y53: 0.0037758758 | Z53: 0.0035854054 | AA53: 0.0038405492 | AB53: 0.0030342861 | AC53: 0.020781983 | AD53: 0.064169026 | AE53: 0.19118527 | AF53: 0.22801357 | AG53: 0.22619175 | AH53: 3.3673136 | AI53: 4.5678775 | AJ53: 4.7784487 | AK53: 5.2322985 | AL53: 6.6559072 | AM53: 6.7554204 | AN53: 7.6819849 | AO53: 8 | AP53: 50.7 | AQ53: 2240.5928 | AR53: 5335.8171 | AS53: 417.97617 | AT53: 1099.552 | AU53: 1274.888 | AV53: 900 | AW53: 450 | AX53: 846.66667 | AY53: 6725.6484 | AZ53: 6831.1567 | BA53: 8482.21 | BB53: 10242.277 | BC53: 10226.058 | BD53: 7989.9787 | BE53: 9042.0784 | BF53: 8709.8459 | BG53: 10173.344 | BH53: Based on available data in the IMF-GFS and our interpolated estimates.
B54: 30600 | C54: Gross National Income (GNI) | D54: million. Afs | E54: 80.305976 | F54: 84.106363 | G54: 73.407414 | H54: 79.709503 | I54: 99.115185 | J54: 108.81937 | K54: 117.53105 | L54: 135.83326 | M54: 151.7428 | N54: 165.16662 | O54: 164.05784 | P54: 175.77805 | Q54: 173.95885 | R54: 171.96274 | S54: 169.98875 | T54: 168.04077 | U54: 167.975 | V54: 146.06869 | W54: 134.77769 | X54: 169.06908 | Y54: 183.20794 | Z54: 168.97976 | AA54: 175.78511 | AB54: 134.79925 | AC54: 898.74962 | AD54: 2696.7935 | AE54: 7811.5972 | AF54: 9048.0348 | AG54: 8734.5093 | AH54: 126838.35 | AI54: 167399.78 | AJ54: 172148.17 | AK54: 202286.15 | AL54: 240532.11 | AM54: 268041.46 | AN54: 328776.3 | AO54: 378015.05 | AP54: 520819.96 | AQ54: 544063.48 | AR54: 631866.92 | AS54: 748983.23 | AT54: 896439.17 | AU54: 1090455 | AV54: 1202328.1 | AW54: 1223493.8 | AX54: 1273580.8 | AY54: 1240695.2 | AZ54: 1301870.6 | BA54: 1348708.9 | BB54: 1495188.4 | BC54: 1549357.8 | BD54: 1261672.8 | BE54: 1291116.3 | BF54: 1361222.6 | BG54: 1271976.4 | BH54: Based on national accounts in each country, including our adjustments.
B55: 30700 | C55: Net National Income (NNI) | D55: million. Afs | E55: 80.305976 | F55: 84.106363 | G55: 73.407414 | H55: 79.709503 | I55: 99.115185 | J55: 108.81937 | K55: 117.53105 | L55: 135.83326 | M55: 151.7428 | N55: 165.16662 | O55: 164.05784 | P55: 175.77805 | Q55: 173.95885 | R55: 171.96274 | S55: 169.98875 | T55: 168.04077 | U55: 167.975 | V55: 146.06869 | W55: 134.77769 | X55: 169.06908 | Y55: 183.20794 | Z55: 168.97976 | AA55: 175.78511 | AB55: 134.79925 | AC55: 898.74962 | AD55: 2696.7935 | AE55: 7811.5972 | AF55: 9048.0348 | AG55: 8734.5093 | AH55: 126838.35 | AI55: 167399.78 | AJ55: 172148.17 | AK55: 202286.15 | AL55: 240532.11 | AM55: 268041.46 | AN55: 328776.3 | AO55: 378015.05 | AP55: 520819.96 | AQ55: 544063.48 | AR55: 631866.92 | AS55: 748983.23 | AT55: 896439.17 | AU55: 1090455 | AV55: 1202328.1 | AW55: 1223493.8 | AX55: 1273580.8 | AY55: 1240695.2 | AZ55: 1301870.6 | BA55: 1348708.9 | BB55: 1495188.4 | BC55: 1549357.8 | BD55: 1261672.8 | BE55: 1291116.3 | BF55: 1361222.6 | BG55: 1271976.4 | BH55: Based on national accounts in each country, including our adjustments.
B56: 30800 | C56: Net primary income from the rest of the world | D56: million. Afs | E56: 1.600046 | F56: 1.699936 | G56: 1.59985 | H56: 1.699846 | I56: 2.099929 | J56: 2.299922 | K56: 2.499914 | L56: 2.899892 | M56: 3.19988 | N56: 3.4024 | O56: 3.302183 | P56: 3.598529 | Q56: -0.098005 | R56: -0.097067 | S56: -0.096185 | T56: -0.094942 | U56: -0.094125 | V56: -0.081982 | W56: -0.076807 | X56: -0.096812 | Y56: -0.10275 | Z56: -0.090752 | AA56: -0.099453 | AB56: -0.082623 | AC56: -0.526866 | AD56: -1.353654 | AE56: -3.26711 | AF56: -6.417598 | AG56: -7.41469 | AH56: -57.367387 | AI56: -13.547662 | AK56: -439.2523 | AL56: 1420.2711 | AM56: 4375.6983 | AN56: 7850.5716 | AO56: 13353.757 | AP56: 20595.922 | AQ56: 26017.899 | AR56: 30454.023 | AS56: 44672.054 | AT56: 57333.541 | AU56: 79957.611 | AV56: 98646.904 | AW56: 104633.05 | AX56: 128084.29 | AY56: 15968.55 | AZ56: 14383.128 | BA56: 18166.788 | BB56: 22527.497 | BC56: 11478.263 | BD56: 7553.8569 | BE56: 3811.5288 | BF56: 6484.5542 | BG56: 6146.9003 | BH56: Based on national accounts in each country, including our adjustments.
B57: 30900 | C57: National disposable income, gross | D57: million. Afs | BH57: Based on national accounts in each country, including our adjustments.
B58: 31000 | C58: National disposable income, net | D58: million. Afs | BH58: Based on national accounts in each country, including our adjustments.
B59: 31100 | C59: Net current transfer in cash or in kind | D59: million. Afs | BH59: Based on national accounts in each country, including our adjustments.
A60: 4. Productivity Indicators
B61: 40100 | C61: Total factor productivity (TFP) | D61: index (2010=1.0) | E61: 2.2167104 | F61: 2.0816823 | G61: 1.9737165 | H61: 2.0803264 | I61: 2.1154968 | J61: 2.1566326 | K61: 2.1627927 | L61: 1.8912946 | M61: 1.8994946 | N61: 1.7513849 | O61: 1.6740199 | P61: 1.7644385 | Q61: 1.8343777 | R61: 1.8999374 | S61: 1.8747756 | T61: 1.8265811 | U61: 1.8614604 | V61: 1.6562305 | W61: 1.5464855 | X61: 1.4648501 | Y61: 1.4140946 | Z61: 1.2765996 | AA61: 1.2792818 | AB61: 0.90133754 | AC61: 0.66634159 | AD61: 0.82722937 | AE61: 0.74439526 | AF61: 0.67702275 | AG61: 0.63415372 | AH61: 0.60012927 | AI61: 0.55528315 | AJ61: 0.52181018 | AK61: 0.81078498 | AL61: 0.82865588 | AM61: 0.8237151 | AN61: 0.87297963 | AO61: 0.91135434 | AP61: 1.0222572 | AQ61: 0.92311834 | AR61: 1.0101757 | AS61: 1 | AT61: 1.0211287 | AU61: 1.0584798 | AV61: 1.1079394 | AW61: 1.1250426 | AX61: 1.089172 | AY61: 1.1217739 | AZ61: 1.1510602 | BA61: 1.1204789 | BB61: 1.1198569 | BC61: 1.0600099 | BD61: 0.81042836 | BE61: 0.73685185 | BF61: 0.73225566 | BG61: 0.71206714 | BH61: Our estimates.
B62: 40200 | C62: Labor productivity (based on hours worked) | D62: index (2010=1.0) | E62: 1.4196125 | F62: 1.3407396 | G62: 1.2745192 | H62: 1.3492955 | I62: 1.389649 | J62: 1.4425439 | K62: 1.4904127 | L62: 1.387095 | M62: 1.4618287 | N62: 1.440881 | O62: 1.4682291 | P62: 1.6794018 | Q62: 1.8962487 | R62: 2.0179803 | S62: 1.9994965 | T62: 1.9591098 | U62: 2.0500821 | V62: 1.8762153 | W62: 1.7337971 | X62: 1.5746665 | Y62: 1.5282096 | Z62: 1.361948 | AA62: 1.2394747 | AB62: 0.80396375 | AC62: 0.56845525 | AD62: 0.76903614 | AE62: 0.69181402 | AF62: 0.6284383 | AG62: 0.578895 | AH62: 0.53479161 | AI62: 0.50836704 | AJ62: 0.47789794 | AK62: 0.73259083 | AL62: 0.73782776 | AM62: 0.72827741 | AN62: 0.77196186 | AO62: 0.8068048 | AP62: 0.92097929 | AQ62: 0.8501155 | AR62: 0.96731592 | AS62: 1 | AT62: 1.0570752 | AU62: 1.1343553 | AV62: 1.2223195 | AW62: 1.2728458 | AX62: 1.2547814 | AY62: 1.3162212 | AZ62: 1.3641531 | BA62: 1.3339441 | BB62: 1.3386589 | BC62: 1.2614923 | BD62: 0.96599767 | BE62: 0.87902793 | BF62: 0.88715288 | BG62: 0.87278739 | BH62: Our estimates.
B63: 40300 | C63: Labor productivity (based on number of employment) | D63: index (2010=1.0) | E63: 1.5558551 | F63: 1.4693323 | G63: 1.3967462 | H63: 1.4787514 | I63: 1.5231044 | J63: 1.581291 | K63: 1.6338158 | L63: 1.5206803 | M63: 1.6027672 | N63: 1.5798956 | O63: 1.6034376 | P63: 1.8276304 | Q63: 2.0564794 | R63: 2.181267 | S63: 2.1542096 | T63: 2.1038344 | U63: 2.1878281 | V63: 1.990552 | W63: 1.8292038 | X63: 1.6525606 | Y63: 1.5954785 | Z63: 1.415567 | AA63: 1.2823854 | AB63: 0.8280369 | AC63: 0.58278623 | AD63: 0.78465994 | AE63: 0.70366599 | AF63: 0.63726405 | AG63: 0.58532221 | AH63: 0.53933457 | AI63: 0.51165772 | AJ63: 0.48005255 | AK63: 0.73478925 | AL63: 0.73926702 | AM63: 0.72923072 | AN63: 0.7734088 | AO63: 0.80814622 | AP63: 0.91960461 | AQ63: 0.84716041 | AR63: 0.96580045 | AS63: 1 | AT63: 1.0559772 | AU63: 1.1327291 | AV63: 1.1975613 | AW63: 1.224104 | AX63: 1.1960087 | AY63: 1.2421629 | AZ63: 1.2745753 | BA63: 1.2484021 | BB63: 1.2548578 | BC63: 1.1847486 | BD63: 0.90863003 | BE63: 0.82785074 | BF63: 0.8360471 | BG63: 0.82371134 | BH63: Our estimates.
B64: 40400 | C64: Capital productivity | D64: index (2010=1.0) | E64: 4.0883083 | F64: 3.7995535 | G64: 3.5731968 | H64: 3.7266011 | I64: 3.7170217 | J64: 3.6949486 | K64: 3.5706514 | L64: 2.8907713 | M64: 2.730588 | N64: 2.3209844 | O64: 2.0417411 | P64: 1.9638854 | Q64: 1.8906986 | R64: 1.9068291 | S64: 1.8642098 | T64: 1.7969223 | U64: 1.7893957 | V64: 1.5543209 | W64: 1.4558796 | X64: 1.4292686 | Y64: 1.3642901 | Z64: 1.2381238 | AA64: 1.3766797 | AB64: 1.0818434 | AC64: 0.85640834 | AD64: 0.88020852 | AE64: 0.78506076 | AF64: 0.70772478 | AG64: 0.68307849 | AH64: 0.68200651 | AI64: 0.56954499 | AJ64: 0.52617775 | AK64: 0.84376776 | AL64: 0.89343546 | AM64: 0.89619167 | AN64: 0.94190771 | AO64: 0.97465051 | AP64: 1.0476333 | AQ64: 0.91467172 | AR64: 1.0131267 | AS64: 1 | AT64: 1.0223319 | AU64: 1.0585356 | AV64: 1.0436221 | AW64: 1.0112088 | AX64: 0.94766605 | AY64: 0.94486701 | AZ64: 0.94910441 | BA64: 0.92153808 | BB64: 0.91966824 | BC64: 0.87150096 | BD64: 0.66695982 | BE64: 0.60802994 | BF64: 0.58264849 | BG64: 0.55180137 | BH64: Our estimates.
A65: 5. Capital Input
B66: 50100 | C66: Beginning-of-the-period capital stock at constant prices | D66: million. Afs (2024 prices) | E66: 75.24822 | F66: 79.677114 | G66: 76.16116 | H66: 74.713073 | I66: 91.558833 | J66: 92.52117 | K66: 86.580576 | L66: 100.24461 | M66: 117.3261 | N66: 155.78816 | O66: 211.70071 | P66: 238.23674 | Q66: 261.05292 | R66: 247.24858 | S66: 239.33685 | T66: 250.28441 | U66: 243.43368 | V66: 235.94534 | W66: 235.2118 | X66: 296.2562 | Y66: 328.49734 | Z66: 338.19382 | AA66: 390.05039 | AB66: 575.13575 | AC66: 1547.0435 | AD66: 3034.0193 | AE66: 10921.123 | AF66: 18075.085 | AG66: 22790.651 | AH66: 120254.94 | AI66: 219761.7 | AJ66: 278028.21 | AK66: 251737.13 | AL66: 273682.39 | AM66: 337980.27 | AN66: 423573.13 | AO66: 509833.1 | AP66: 571673.88 | AQ66: 658578.67 | AR66: 761292.52 | AS66: 920484.28 | AT66: 1064843.1 | AU66: 1309592 | AV66: 1557245.7 | AW66: 1851376.7 | AX66: 2103043.4 | AY66: 2368323.4 | AZ66: 2483834.5 | BA66: 2871169.8 | BB66: 2859883.7 | BC66: 2511686.9 | BD66: 2385379.5 | BE66: 2023817 | BF66: 1907377.1 | BG66: 3007116.6 | BH66: Our estimates evaluated at the mid-year prices of the reference year.
B67: 50101 | C67: …of which, produced assets | D67: million. Afs (2024 prices) | E67: 61.542588 | F67: 65.380458 | G67: 60.01741 | H67: 58.43746 | I67: 74.759448 | J67: 74.364131 | K67: 68.365481 | L67: 81.681118 | M67: 95.686367 | N67: 131.66632 | O67: 185.42639 | P67: 211.72584 | Q67: 233.55484 | R67: 218.49089 | S67: 210.7469 | T67: 222.47048 | U67: 215.4831 | V67: 207.5729 | W67: 206.24011 | X67: 260.79379 | Y67: 284.31659 | Z67: 267.02285 | AA67: 244.69256 | AB67: 205.2629 | AC67: 1009.7111 | AD67: 2174.9401 | AE67: 5549.7084 | AF67: 8003.7211 | AG67: 8534.4524 | AH67: 106223.18 | AI67: 173786.79 | AJ67: 215272.27 | AK67: 180513.83 | AL67: 204183.44 | AM67: 246697.56 | AN67: 315661.24 | AO67: 376914.56 | AP67: 424736.07 | AQ67: 479168.67 | AR67: 553778.25 | AS67: 668348.83 | AT67: 759137.15 | AU67: 965120.22 | AV67: 1165886.3 | AW67: 1412619.1 | AX67: 1614419.8 | AY67: 1815239.3 | AZ67: 1898272.4 | BA67: 2278921.7 | BB67: 2334025.8 | BC67: 2058559.8 | BD67: 1956874.5 | BE67: 1602947.4 | BF67: 1553059.3 | BG67: 2656644.1 | BH67: Our estimates evaluated at the mid-year prices of the reference year.
B68: 50102 | C68: …of which, land | D68: million. Afs (2024 prices) | E68: 13.705632 | F68: 14.296656 | G68: 16.14375 | H68: 16.275614 | I68: 16.799384 | J68: 18.157039 | K68: 18.215094 | L68: 18.563494 | M68: 21.639731 | N68: 24.121842 | O68: 26.274322 | P68: 26.510897 | Q68: 27.498082 | R68: 28.757684 | S68: 28.589953 | T68: 27.81393 | U68: 27.950576 | V68: 28.372446 | W68: 28.971684 | X68: 35.462415 | Y68: 44.18075 | Z68: 71.170971 | AA68: 145.35782 | AB68: 369.87284 | AC68: 537.33239 | AD68: 859.07916 | AE68: 5371.4148 | AF68: 10071.364 | AG68: 14256.198 | AH68: 14031.769 | AI68: 45974.914 | AJ68: 62755.943 | AK68: 71223.302 | AL68: 69498.951 | AM68: 91282.702 | AN68: 107911.89 | AO68: 132918.54 | AP68: 146937.81 | AQ68: 179410 | AR68: 207514.28 | AS68: 252135.45 | AT68: 305705.92 | AU68: 344471.75 | AV68: 391359.35 | AW68: 438757.63 | AX68: 488623.62 | AY68: 553084.11 | AZ68: 585562.12 | BA68: 592248.13 | BB68: 525857.87 | BC68: 453127.15 | BD68: 428505.03 | BE68: 420869.52 | BF68: 354317.78 | BG68: 350472.53 | BH68: Our estimates evaluated at the mid-year prices of the reference year.
B69: 50200 | C69: Beginning-of-the-period capital stock at current prices | D69: million. Afs | E69: 518209.33 | F69: 527210.43 | G69: 537693.59 | H69: 544177.96 | I69: 552806.98 | J69: 560026.37 | K69: 566603.1 | L69: 594714.58 | M69: 629543.13 | N69: 672492.19 | O69: 709694.37 | P69: 730396.59 | Q69: 756276.88 | R69: 773956.48 | S69: 794272.68 | T69: 814706.88 | U69: 833008.01 | V69: 851728.59 | W69: 874977.03 | X69: 876172.6 | Y69: 848445.9 | Z69: 815281.26 | AA69: 787293.35 | AB69: 730680.4 | AC69: 679391.61 | AD69: 639709.58 | AE69: 622598.78 | AF69: 638293.14 | AG69: 647457.94 | AH69: 653476.92 | AI69: 662890.38 | AJ69: 694538.06 | AK69: 723070.57 | AL69: 764085.63 | AM69: 803980.32 | AN69: 854235.97 | AO69: 923386.65 | AP69: 1010015.2 | AQ69: 1109669.9 | AR69: 1197866.3 | AS69: 1301973.3 | AT69: 1414122.9 | AU69: 1539335.2 | AV69: 1696716.5 | AW69: 1836886 | AX69: 1949718.5 | AY69: 2048135.6 | AZ69: 2105786.1 | BA69: 2208510 | BB69: 2312537.2 | BC69: 2400878.7 | BD69: 2498839.3 | BE69: 2566084.1 | BF69: 2775692.4 | BG69: 3007116.6 | BH69: Our estimates evaluated at the mid-year prices of each year.
B70: 50201 | C70: …of which, produced assets | D70: million. Afs | E70: 300197.96 | F70: 307781.84 | G70: 318420.93 | H70: 324050.02 | I70: 329781 | J70: 334665.31 | K70: 339268.55 | L70: 366260.46 | M70: 401428.62 | N70: 444949.44 | O70: 486114.38 | P70: 512427.12 | Q70: 541707.97 | R70: 558579.98 | S70: 577913.28 | T70: 596541.29 | U70: 613707.24 | V70: 635003.52 | W70: 657723.24 | X70: 656189.51 | Y70: 620393.17 | Z70: 582867.49 | AA70: 547345.25 | AB70: 479715.42 | AC70: 419323.1 | AD70: 372917.55 | AE70: 350045.48 | AF70: 360956.83 | AG70: 364857.43 | AH70: 365274.54 | AI70: 371682.46 | AJ70: 400956.29 | AK70: 423371.18 | AL70: 457658.75 | AM70: 492478.78 | AN70: 539774.64 | AO70: 606532.98 | AP70: 691396.04 | AQ70: 784387.94 | AR70: 862678.66 | AS70: 957370.43 | AT70: 1060313.6 | AU70: 1176696.3 | AV70: 1326281.2 | AW70: 1458764.7 | AX70: 1562923.7 | AY70: 1658596.9 | AZ70: 1728898.5 | BA70: 1819583 | BB70: 1919370.6 | BC70: 2007925.9 | BD70: 2108030.6 | BE70: 2204564.1 | BF70: 2422646 | BG70: 2656644.1 | BH70: Our estimates evaluated at the mid-year prices of each year.
B71: 50202 | C71: …of which, land | D71: million. Afs | E71: 182133.27 | F71: 183466.68 | G71: 183624.36 | H71: 184456.99 | I71: 186924.27 | J71: 188919.35 | K71: 190618.08 | L71: 192228.6 | M71: 192890.29 | N71: 193588.11 | O71: 191514.37 | P71: 187730.2 | Q71: 185790.32 | R71: 186883.11 | S71: 188181.26 | T71: 190118.42 | U71: 191480.72 | V71: 189987.99 | W71: 191013.13 | X71: 193152.88 | Y71: 198650.03 | Z71: 201138.51 | AA71: 206215.28 | AB71: 213222.44 | AC71: 218893.04 | AD71: 223033.33 | AE71: 227029.21 | AF71: 231139.82 | AG71: 235448.87 | AH71: 239935.26 | AI71: 242506.38 | AJ71: 245179.49 | AK71: 250661.51 | AL71: 256945.74 | AM71: 261923.65 | AN71: 265542.98 | AO71: 269225.3 | AP71: 272887.19 | AQ71: 280677.08 | AR71: 290667.81 | AS71: 300701.79 | AT71: 310787.84 | AU71: 320929.41 | AV71: 331126.42 | AW71: 340781.56 | AX71: 350474.13 | AY71: 355204.42 | AZ71: 346962.55 | BA71: 358986.64 | BB71: 365021.02 | BC71: 367199.53 | BD71: 368142.44 | BE71: 347304.75 | BF71: 346320.86 | BG71: 350472.53 | BH71: Our estimates evaluated at the mid-year prices of each year.
B72: 50300 | C72: Capital input (capital service) | D72: index (2010=1.0) | E72: 0.15313134 | F72: 0.15897412 | G72: 0.1642695 | H72: 0.17069165 | I72: 0.18046338 | J72: 0.19280655 | K72: 0.21042829 | L72: 0.24681219 | M72: 0.28063845 | N72: 0.32631177 | O72: 0.3620446 | P72: 0.38450097 | Q72: 0.40751158 | R72: 0.42392216 | S72: 0.44156192 | T72: 0.45931822 | U72: 0.47505094 | V72: 0.49076011 | W72: 0.48407223 | X72: 0.45827899 | Y72: 0.46511526 | Z72: 0.45649047 | AA72: 0.41717528 | AB72: 0.39833761 | AC72: 0.3911764 | AD72: 0.54492333 | AE72: 0.57021746 | AF72: 0.59505762 | AG72: 0.5880038 | AH72: 0.56449008 | AI72: 0.64952307 | AJ72: 0.66315313 | AK72: 0.67368084 | AL72: 0.68858129 | AM72: 0.70254198 | AN72: 0.73462984 | AO72: 0.77499003 | AP72: 0.82801884 | AQ72: 0.88548086 | AR72: 0.93713195 | AS72: 1 | AT72: 1.0630687 | AU72: 1.1389275 | AV72: 1.2300131 | AW72: 1.3083393 | AX72: 1.3710604 | AY72: 1.4240638 | AZ72: 1.4552326 | BA72: 1.5165872 | BB72: 1.5791142 | BC72: 1.6320474 | BD72: 1.6902899 | BE72: 1.7384115 | BF72: 1.8552677 | BG72: 1.9956766 | BH72: Our estimates (volume index).
B73: 50301 | C73: …IT capital | D73: index (2010=1.0) | E73: 0.0060876371 | F73: 0.0060857186 | G73: 0.0058955953 | H73: 0.0056365932 | I73: 0.0057906439 | J73: 0.0054188808 | K73: 0.0046062603 | L73: 0.0040462699 | M73: 0.0039213099 | N73: 0.0046429798 | O73: 0.006072676 | P73: 0.007958395 | Q73: 0.010317213 | R73: 0.013268499 | S73: 0.016442732 | T73: 0.020049905 | U73: 0.024129054 | V73: 0.028158985 | W73: 0.031091671 | X73: 0.033092083 | Y73: 0.037477309 | Z73: 0.042840429 | AA73: 0.049176964 | AB73: 0.055188097 | AC73: 0.055437196 | AD73: 0.1010945 | AE73: 0.13312817 | AF73: 0.17056881 | AG73: 0.19620656 | AH73: 0.21927035 | AI73: 0.30005703 | AJ73: 0.35113372 | AK73: 0.4284675 | AL73: 0.53370304 | AM73: 0.58267284 | AN73: 0.6195135 | AO73: 0.67085305 | AP73: 0.72311257 | AQ73: 0.78757658 | AR73: 0.880959 | AS73: 1 | AT73: 1.1238496 | AU73: 1.453221 | AV73: 1.69493 | AW73: 1.6400757 | AX73: 1.4789548 | AY73: 1.2394449 | AZ73: 1.0601301 | BA73: 0.97851901 | BB73: 1.1736205 | BC73: 1.4786805 | BD73: 1.5788321 | BE73: 1.571522 | BF73: 1.5210884 | BG73: 1.5107067 | BH73: Our estimates (volume index).
B74: 50302 | C74: …non-IT capital | D74: index (2010=1.0) | E74: 0.15482861 | F74: 0.16073899 | G74: 0.16609788 | H74: 0.17259749 | I74: 0.1824805 | J74: 0.19497122 | K74: 0.21280741 | L74: 0.24962154 | M74: 0.28384317 | N74: 0.33003672 | O74: 0.36616237 | P74: 0.38885201 | Q74: 0.41209872 | R74: 0.42866377 | S74: 0.44647119 | T74: 0.46439131 | U74: 0.48025982 | V74: 0.49610499 | W74: 0.48930488 | X74: 0.46319267 | Y74: 0.47006525 | Z74: 0.46129189 | AA74: 0.42147046 | AB74: 0.40236016 | AC74: 0.39511391 | AD74: 0.5502871 | AE74: 0.57561351 | AF74: 0.60037264 | AG74: 0.59286614 | AH74: 0.56889145 | AI74: 0.65418533 | AJ74: 0.66709839 | AK74: 0.67633849 | AL74: 0.68994896 | AM74: 0.70355865 | AN74: 0.735598 | AO74: 0.77583946 | AP74: 0.82886455 | AQ74: 0.88625773 | AR74: 0.93753668 | AS74: 1 | AT74: 1.0626887 | AU74: 1.1369115 | AV74: 1.2270469 | AW74: 1.3062423 | AX74: 1.3707414 | AY74: 1.4263964 | AZ74: 1.4593723 | BA74: 1.5219403 | BB74: 1.5834514 | BC74: 1.6345319 | BD74: 1.6924156 | BE74: 1.7412378 | BF74: 1.8604633 | BG74: 2.0034229 | BH74: Our estimates (volume index). Land and inventories are included in non-IT capital.
B75: 50400 | C75: Capital income (remuneration) | D75: million. Afs | E75: 34.910715 | F75: 34.674635 | G75: 28.73595 | H75: 33.287951 | I75: 42.656044 | J75: 48.520204 | K75: 53.922067 | L75: 58.697601 | M75: 68.840814 | N75: 74.222226 | O75: 75.581533 | P75: 89.815866 | Q75: 97.678737 | R75: 100.04636 | S75: 99.404049 | T75: 97.062784 | U75: 99.907126 | V75: 85.188037 | W75: 70.304853 | X75: 80.457292 | Y75: 102.9288 | Z75: 82.19883 | AA75: 76.253077 | AB75: 51.529713 | AC75: 294.59576 | AD75: 873.63235 | AE75: 2380.7412 | AF75: 2582.9503 | AG75: 2325.5067 | AH75: 31234.169 | AI75: 37889.451 | AJ75: 37457.074 | AK75: 44025.333 | AL75: 53235.173 | AM75: 62401.313 | AN75: 85374.879 | AO75: 106177.67 | AP75: 180379.92 | AQ75: 173334.5 | AR75: 210700.81 | AS75: 237962.5 | AT75: 290130.21 | AU75: 364548.24 | AV75: 441499.15 | AW75: 475231.67 | AX75: 486574.18 | AY75: 543021.44 | AZ75: 586765.68 | BA75: 611041.19 | BB75: 666406.14 | BC75: 656271.3 | BD75: 363057.87 | BE75: 303957.78 | BF75: 332461.88 | BG75: 282218.54 | BH75: Our estimates.
A76: 6. Labor Input
B77: 60100 | C77: Number of workers (persons/jobs) | D77: thousand persons | E77: 3246.8152 | F77: 3317.0952 | G77: 3390.9028 | H77: 3470.9551 | I77: 3553.6407 | J77: 3635.2759 | K77: 3710.7995 | L77: 3785.8326 | M77: 3857.9084 | N77: 3868.081 | O77: 3719.8863 | P77: 3333.8358 | Q77: 3023.1305 | R77: 2990.2539 | S77: 3083.3118 | T77: 3165.5591 | U77: 3135.107 | V77: 3092.1134 | W77: 3108.7981 | X77: 3198.1984 | Y77: 3209.1896 | Z77: 3221.6945 | AA77: 3613.6981 | AB77: 4199.3784 | AC77: 4638.3471 | AD77: 4932.4021 | AE77: 5133.2949 | AF77: 5332.4034 | AG77: 5537.0027 | AH77: 5759.7757 | AI77: 5833.9416 | AJ77: 5865.1148 | AK77: 6242.1373 | AL77: 6714.8461 | AM77: 6966.7017 | AN77: 7219.1621 | AO77: 7541.7838 | AP77: 7611.4494 | AQ77: 7714.3221 | AR77: 7932.2445 | AS77: 8068.9866 | AT77: 8304.5802 | AU77: 8588.0486 | AV77: 8649.1661 | AW77: 8720.9118 | AX77: 8765.9007 | AY77: 8740.5864 | AZ77: 8743.7934 | BA77: 9033.2737 | BB77: 9338.3294 | BC77: 9687.0921 | BD77: 10011.353 | BE77: 10302.544 | BF77: 10432.814 | BG77: 10787.403 | BH77: Estimates in Asia-QALI Database developed at KEO, Keio University.
B78: 60101 | C78: …of which, employees | D78: thousand persons | E78: 1144.6139 | F78: 1169.0408 | G78: 1194.7617 | H78: 1222.8064 | I78: 1251.9025 | J78: 1280.7685 | K78: 1307.4928 | L78: 1334.1514 | M78: 1359.8493 | N78: 1363.7096 | O78: 1299.4976 | P78: 1154.5031 | Q78: 1037.8333 | R78: 1017.7615 | S78: 1040.4122 | T78: 1058.9174 | U78: 1039.0127 | V78: 1015.605 | W78: 1012.2207 | X78: 1032.566 | Y78: 1027.5216 | Z78: 1022.2604 | AA78: 1136.2847 | AB78: 1308.6645 | AC78: 1432.6925 | AD78: 1510.0518 | AE78: 1557.5738 | AF78: 1603.4526 | AG78: 1649.7906 | AH78: 1700.303 | AI78: 1706.1022 | AJ78: 1699.0042 | AK78: 1790.8007 | AL78: 1907.4743 | AM78: 1959.0976 | AN78: 2009.7257 | AO78: 2078.3041 | AP78: 2073.1643 | AQ78: 2108.6756 | AR78: 2339.2238 | AS78: 2552.7097 | AT78: 2812.0407 | AU78: 3101.0469 | AV78: 3090.4998 | AW78: 3084.0068 | AX78: 3069.4285 | AY78: 3030.3503 | AZ78: 3002.3241 | BA78: 3103.3243 | BB78: 3209.6784 | BC78: 3331.6382 | BD78: 3444.6346 | BE78: 3545.4992 | BF78: 3591.5611 | BG78: 3714.6168 | BH78: Estimates in Asia-QALI Database developed at KEO, Keio University.
B79: 60200 | C79: Hours worked (total employment) | D79: million hours | E79: 6338.7334 | F79: 6475.587 | G79: 6619.6052 | H79: 6776.1451 | I79: 6938.1499 | J79: 7098.4862 | K79: 7246.1887 | L79: 7393.3065 | M79: 7534.7955 | N79: 7555.1216 | O79: 7236.5824 | P79: 6462.8424 | Q79: 5840.2516 | R79: 5757.6541 | S79: 5917.3921 | T79: 6055.4833 | U79: 5959.913 | V79: 5843.7533 | W79: 5842.5434 | X79: 5978.8796 | Y79: 5968.2776 | Z79: 5964.8545 | AA79: 6660.0641 | AB79: 7704.489 | AC79: 8470.7497 | AD79: 8964.7631 | AE79: 9300.7725 | AF79: 9632.1975 | AG79: 9972.764 | AH79: 10347.248 | AI79: 10459.474 | AJ79: 10494.838 | AK79: 11152.706 | AL79: 11984.723 | AM79: 12426.275 | AN79: 12883.85 | AO79: 13456.78 | AP79: 13538.304 | AQ79: 13694.024 | AR79: 14107.848 | AS79: 14373.568 | AT79: 14777.874 | AU79: 15276.26 | AV79: 15094.992 | AW79: 14939.98 | AX79: 14883.615 | AY79: 14693.858 | AZ79: 14552.844 | BA79: 15059.4 | BB79: 15593.349 | BC79: 16206.179 | BD79: 16774.493 | BE79: 17283.81 | BF79: 17513.758 | BG79: 18135.481 | BH79: Estimates in Asia-QALI Database developed at KEO, Keio University.
B80: 60201 | C80: …of which, employees | D80: million hours | E80: 2431.9589 | F80: 2483.8282 | G80: 2538.5464 | H80: 2598.3171 | I80: 2660.4306 | J80: 2722.1788 | K80: 2779.1258 | L80: 2836.0561 | M80: 2891.0094 | N80: 2899.4847 | O80: 2756.1127 | P80: 2443.5218 | Q80: 2192.1322 | R80: 2145.6595 | S80: 2189.3588 | T80: 2224.2969 | U80: 2172.2997 | V80: 2113.8975 | W80: 2097.8041 | X80: 2131.1578 | Y80: 2112.0281 | Z80: 2094.1336 | AA80: 2319.4963 | AB80: 2661.8561 | AC80: 2903.3647 | AD80: 3048.15 | AE80: 3137.3521 | AF80: 3223.2266 | AG80: 3310.2803 | AH80: 3406.6711 | AI80: 3415.5654 | AJ80: 3399.3012 | AK80: 3582.575 | AL80: 3817.5311 | AM80: 3924.3611 | AN80: 4034.26 | AO80: 4176.738 | AP80: 4160.9384 | AQ80: 4218.6789 | AR80: 4675.6586 | AS80: 5098.2787 | AT80: 5588.641 | AU80: 6136.7559 | AV80: 5998.1937 | AW80: 5871.7839 | AX80: 5806.0229 | AY80: 5689.4307 | AZ80: 5594.2611 | BA80: 5790.7772 | BB80: 5997.7373 | BC80: 6235.8416 | BD80: 6455.9964 | BE80: 6652.184 | BF80: 6742.0806 | BG80: 6981.6198 | BH80: Estimates in Asia-QALI Database developed at KEO, Keio University.
B81: 60300 | C81: Quality-adjusted labor input (QALI) | D81: index (2010=1.0) | E81: 0.4904291 | F81: 0.49987558 | G81: 0.50940008 | H81: 0.51983369 | I81: 0.53110409 | J81: 0.5420356 | K81: 0.55205173 | L81: 0.56182232 | M81: 0.57092351 | N81: 0.57055311 | O81: 0.54185591 | P81: 0.47963688 | Q81: 0.42958641 | R81: 0.41984724 | S81: 0.42765134 | T81: 0.43355785 | U81: 0.42394114 | V81: 0.41298508 | W81: 0.41022828 | X81: 0.41720515 | Y81: 0.41359649 | Z81: 0.41045166 | AA81: 0.45515578 | AB81: 0.52304302 | AC81: 0.57136976 | AD81: 0.60068726 | AE81: 0.62043476 | AF81: 0.6393568 | AG81: 0.65860761 | AH81: 0.67973574 | AI81: 0.68338232 | AJ81: 0.68255206 | AK81: 0.7220281 | AL81: 0.77244212 | AM81: 0.79750736 | AN81: 0.82459515 | AO81: 0.85912324 | AP81: 0.86051731 | AQ81: 0.8729421 | AR81: 0.94144401 | AS81: 1 | AT81: 1.0650407 | AU81: 1.1389883 | AV81: 1.1123414 | AW81: 1.0886009 | AX81: 1.075256 | AY81: 1.0513839 | AZ81: 1.0312116 | BA81: 1.0693196 | BB81: 1.110201 | BC81: 1.149857 | BD81: 1.1927978 | BE81: 1.231329 | BF81: 1.2513694 | BG81: 1.2993832 | BH81: Estimates in Asia-QALI Database developed at KEO, Keio University. This is measured based on the most detailed data in each country, thus can differ from that based on the common-classification estimates prsented here)
B82: 60400 | C82: Labor quality | D82: index (2010=1.0) | E82: 1.1120859 | F82: 1.1095513 | G82: 1.1060927 | H82: 1.102672 | I82: 1.1002733 | J82: 1.097556 | K82: 1.095052 | L82: 1.0922571 | M82: 1.0891083 | N82: 1.0854735 | O82: 1.0762543 | P82: 1.0667278 | Q82: 1.0572643 | R82: 1.0481184 | S82: 1.0387812 | T82: 1.0291125 | U82: 1.0224221 | V82: 1.0157974 | W82: 1.0092256 | X82: 1.002985 | Y82: 0.99607591 | Z82: 0.98906941 | AA82: 0.98230478 | AB82: 0.97579406 | AC82: 0.96952721 | AD82: 0.96310626 | AE82: 0.95883019 | AF82: 0.95407498 | AG82: 0.9492395 | AH82: 0.94423447 | AI82: 0.93911442 | AJ82: 0.93481277 | AK82: 0.9305473 | AL82: 0.92640851 | AM82: 0.92248297 | AN82: 0.91994043 | AO82: 0.91765389 | AP82: 0.91360814 | AQ82: 0.91626045 | AR82: 0.95917607 | AS82: 1 | AT82: 1.0359024 | AU82: 1.0716842 | AV82: 1.0591801 | AW82: 1.0473294 | AX82: 1.038408 | AY82: 1.0284664 | AZ82: 1.0185081 | BA82: 1.0206209 | BB82: 1.0233562 | BC82: 1.01983 | BD82: 1.0220733 | BE82: 1.0239983 | BF82: 1.0270008 | BG82: 1.0298472 | BH82: Estimates in Asia-QALI Database developed at KEO, Keio University. This is measured based on the most detailed data in each country, thus can differ from that based on the common-classification estimates prsented here)
B83: 60500 | C83: Labor income ( (remuneration) | D83: million. Afs | E83: 43.538153 | F83: 47.387345 | G83: 42.743142 | H83: 44.421894 | I83: 53.986055 | J83: 57.602685 | K83: 60.669617 | L83: 73.726461 | M83: 79.164779 | N83: 86.933904 | O83: 84.572048 | P83: 81.722527 | Q83: 75.724755 | R83: 71.368184 | S83: 70.042615 | T83: 70.441014 | U83: 67.530071 | V83: 60.412849 | W83: 64.042139 | X83: 88.07205 | Y83: 79.691762 | Z83: 86.01581 | AA83: 98.512803 | AB83: 82.319087 | AC83: 596.62559 | AD83: 1796.841 | AE83: 5343.8136 | AF83: 6355.0976 | AG83: 6292.6726 | AH83: 93700.54 | AI83: 126719.26 | AJ83: 131762.42 | AK83: 155947.41 | AL83: 180275.3 | AM83: 192919.8 | AN83: 224820.53 | AO83: 241999.97 | AP83: 301123.24 | AQ83: 325606.51 | AR83: 361981.74 | AS83: 422035.45 | AT83: 497089.67 | AU83: 584006.44 | AV83: 595353.22 | AW83: 583278.75 | AX83: 588761.63 | AY83: 606059.69 | AZ83: 613015.87 | BA83: 626813.08 | BB83: 713803.79 | BC83: 791399.35 | BD83: 804966.07 | BE83: 892441.37 | BF83: 954742.53 | BG83: 874484.28 | BH83: Estimates in Asia-QALI Database developed at KEO, Keio University. This includes labor incomes for self-employed and unpaid family workers.
A84: 7. Other Data
B85: 70100 | C85: Population, total | D85: thousand persons | E85: 10790.581 | F85: 11055.84 | G85: 11329.213 | H85: 11620.052 | I85: 11917.414 | J85: 12208.753 | K85: 12482 | L85: 12750.476 | M85: 13009.184 | N85: 13051.358 | O85: 12608.24 | P85: 11448.588 | Q85: 10559.19 | R85: 10506.607 | S85: 10786.962 | T85: 11033.827 | U85: 11046.033 | V85: 11033.531 | W85: 11183.717 | X85: 11543.665 | Y85: 11730.241 | Z85: 11938.496 | AA85: 12974.866 | AB85: 14625.487 | AC85: 15931.992 | AD85: 16759.066 | AE85: 17473.125 | AF85: 18180.995 | AG85: 18909.959 | AH85: 19660.904 | AI85: 19933.732 | AJ85: 20119.513 | AK85: 21239.538 | AL85: 22623.013 | AM85: 23485.296 | AN85: 23940.535 | AO85: 24458.393 | AP85: 24960 | AQ85: 25444.542 | AR85: 25938.363 | AS85: 26441.86 | AT85: 26955 | AU85: 27482.304 | AV85: 28020 | AW85: 28381.347 | AX85: 28745.645 | AY85: 29113 | AZ85: 29710.034 | BA85: 33237.107 | BB85: 33921.894 | BC85: 34621.489 | BD85: 35336.22 | BE85: 36066.412 | BF85: 36812.396 | BG85: 37574.517 | BH85: Based on population census and national accounts in each country, including our adjustment.
B86: 70101 | C86: …of which, male | D86: thousand persons | E86: 5532.5745 | F86: 5663.5773 | G86: 5798.8021 | H86: 5943.1123 | I86: 6090.9239 | J86: 6235.8128 | K86: 6371.6225 | L86: 6505.2044 | M86: 6632.5891 | N86: 6709.818 | O86: 6058.6677 | P86: 4689.9273 | Q86: 3586.5929 | R86: 3316.6694 | S86: 3372.638 | T86: 3388.303 | U86: 3176.8061 | V86: 2948.7176 | W86: 2887.7755 | X86: 3042.1749 | Y86: 3024.2853 | Z86: 3028.1096 | AA86: 3859.755 | AB86: 5310.2801 | AC86: 6419.3145 | AD86: 7049.0503 | AE86: 7567.6453 | AF86: 8080.774 | AG86: 8614.653 | AH86: 9171.1508 | AI86: 9250.7063 | AJ86: 9243.0903 | AK86: 10170.151 | AL86: 11360.944 | AM86: 12030.435 | AN86: 12263.635 | AO86: 12528.954 | AP86: 12787 | AQ86: 13044.915 | AR86: 13308.164 | AS86: 13576.205 | AT86: 13850 | AU86: 14107.027 | AV86: 14369 | AW86: 14524.586 | AX86: 14680.718 | AY86: 14837 | AZ86: 15139.622 | BA86: 16861.938 | BB86: 17218.699 | BC86: 17573.112 | BD86: 17949.787 | BE86: 18319.676 | BF86: 18697.555 | BG86: 19089.857 | BH86: Based on population census and national accounts in each country, including our adjustment.
B87: 70102 | C87: …of which, female | D87: thousand persons | E87: 5258.0065 | F87: 5392.2627 | G87: 5530.4111 | H87: 5676.9397 | I87: 5826.4898 | J87: 5972.9404 | K87: 6110.3778 | L87: 6245.2719 | M87: 6376.5953 | N87: 6341.54 | O87: 6549.5723 | P87: 6758.6603 | Q87: 6972.5975 | R87: 7189.9374 | S87: 7414.3235 | T87: 7645.5241 | U87: 7869.2269 | V87: 8084.8137 | W87: 8295.9412 | X87: 8501.4906 | Y87: 8705.9558 | Z87: 8910.3862 | AA87: 9115.1113 | AB87: 9315.2071 | AC87: 9512.6777 | AD87: 9710.0153 | AE87: 9905.4794 | AF87: 10100.221 | AG87: 10295.306 | AH87: 10489.754 | AI87: 10683.026 | AJ87: 10876.423 | AK87: 11069.387 | AL87: 11262.068 | AM87: 11454.861 | AN87: 11676.9 | AO87: 11929.438 | AP87: 12173 | AQ87: 12399.627 | AR87: 12630.198 | AS87: 12865.655 | AT87: 13105 | AU87: 13375.278 | AV87: 13651 | AW87: 13856.762 | AX87: 14064.927 | AY87: 14276 | AZ87: 14570.412 | BA87: 16375.169 | BB87: 16703.195 | BC87: 17048.377 | BD87: 17386.433 | BE87: 17746.735 | BF87: 18114.841 | BG87: 18484.661 | BH87: Based on population census and national accounts in each country, including our adjustment.
B88: 70103 | C88: …of which, ages 0-14 | D88: thousand persons | E88: 4589.7792 | F88: 4727.6642 | G88: 4869.5392 | H88: 5019.5223 | I88: 5173.184 | J88: 5324.7784 | K88: 5468.7369 | L88: 5611.1158 | M88: 5749.9556 | N88: 5794.0563 | O88: 5613.3471 | P88: 5111.5355 | Q88: 4727.1952 | R88: 4713.4731 | S88: 4848.921 | T88: 4970.4442 | U88: 4984.4048 | V88: 4984.6219 | W88: 5057.2961 | X88: 5224.1862 | Y88: 5314.6434 | Z88: 5418.9204 | AA88: 5903.7332 | AB88: 6672.4168 | AC88: 7291.8957 | AD88: 7698.5693 | AE88: 8056.9916 | AF88: 8417.034 | AG88: 8788.9746 | AH88: 9169.4677 | AI88: 9319.7854 | AJ88: 9418.0615 | AK88: 9939.6135 | AL88: 10570.084 | AM88: 10941.072 | AN88: 11304.205 | AO88: 11730.89 | AP88: 11890.307 | AQ88: 12071.138 | AR88: 12424.555 | AS88: 12687.027 | AT88: 13048 | AU88: 13227.857 | AV88: 13318 | AW88: 13581.445 | AX88: 13775.697 | AY88: 13888 | AZ88: 14147.317 | BA88: 14435.138 | BB88: 14745.811 | BC88: 15097.828 | BD88: 15347.326 | BE88: 15452.852 | BF88: 15658.309 | BG88: 15982.608 | BH88: Based on population census and national accounts in each country, including our adjustment.
B89: 70104 | C89: …of which, ages 15-64 | D89: thousand persons | E89: 5907.8275 | F89: 6029.7675 | G89: 6155.7949 | H89: 6290.7958 | I89: 6428.4033 | J89: 6562.0932 | K89: 6685.6822 | L89: 6806.0855 | M89: 6920.8535 | N89: 6920.3694 | O89: 6672.9113 | P89: 6047.91 | Q89: 5569.255 | R89: 5536.1218 | S89: 5679.9194 | T89: 5806.2948 | U89: 5809.0342 | V89: 5799.3676 | W89: 5875.2215 | X89: 6060.7786 | Y89: 6153.1756 | Z89: 6253.022 | AA89: 6781.9103 | AB89: 7626.89 | AC89: 8284.2439 | AD89: 8685.9323 | AE89: 9025.6308 | AF89: 9357.9994 | AG89: 9699.5991 | AH89: 10054.289 | AI89: 10171.63 | AJ89: 10255.756 | AK89: 10829.775 | AL89: 11552.368 | AM89: 12025.006 | AN89: 12098.253 | AO89: 12166.446 | AP89: 12496.8 | AQ89: 12785.954 | AR89: 12901.881 | AS89: 13121.091 | AT89: 13245 | AU89: 13561.287 | AV89: 13982 | AW89: 14056.791 | AX89: 14209.09 | AY89: 14451 | AZ89: 14765.24 | BA89: 17978.369 | BB89: 18324.294 | BC89: 18646.588 | BD89: 19097.798 | BE89: 19708.581 | BF89: 20220.783 | BG89: 20622.29 | BH89: Based on population census and national accounts in each country, including our adjustment.
B90: 70105 | C90: …of which ages 65 and above | D90: thousand persons | E90: 292.97432 | F90: 298.40827 | G90: 303.87917 | H90: 309.73375 | I90: 315.82636 | J90: 321.88153 | K90: 327.58118 | L90: 333.27499 | M90: 338.37531 | N90: 336.9323 | O90: 321.98157 | P90: 289.14216 | Q90: 262.74016 | R90: 257.01185 | S90: 258.12117 | T90: 257.0881 | U90: 252.59396 | V90: 249.54182 | W90: 251.19903 | X90: 258.70062 | Y90: 262.42203 | Z90: 266.55337 | AA90: 289.22279 | AB90: 326.18043 | AC90: 355.85261 | AD90: 374.56411 | AE90: 390.50224 | AF90: 405.96196 | AG90: 421.38529 | AH90: 437.14761 | AI90: 442.31638 | AJ90: 445.69538 | AK90: 470.14973 | AL90: 500.56115 | AM90: 519.21775 | AN90: 538.07687 | AO90: 561.05712 | AP90: 572.89308 | AQ90: 587.44941 | AR90: 611.9266 | AS90: 633.74217 | AT90: 662 | AU90: 693.16085 | AV90: 720 | AW90: 743.11082 | AX90: 760.85844 | AY90: 774 | AZ90: 797.47743 | BA90: 823.60057 | BB90: 851.78853 | BC90: 877.07365 | BD90: 891.09589 | BE90: 904.97799 | BF90: 933.30373 | BG90: 969.61972 | BH90: Based on population census and national accounts in each country, including our adjustment.
B91: 70201 | C91: Urban population | D91: thousand persons | E91: 1274.0774 | F91: 1355.7684 | G91: 1447.9383 | H91: 1549.3168 | I91: 1656.4351 | J91: 1765.1157 | K91: 1870.7292 | L91: 1972.12 | M91: 2065.2738 | N91: 2113.2863 | O91: 2073.433 | P91: 1909.2267 | Q91: 1783.2419 | R91: 1794.6888 | S91: 1861.7054 | T91: 1922.3001 | U91: 1941.0667 | V91: 1954.3304 | W91: 1995.6366 | X91: 2074.2633 | Y91: 2121.8461 | Z91: 2173.4628 | AA91: 2377.1496 | AB91: 2696.5892 | AC91: 2956.4399 | AD91: 3130.6145 | AE91: 3286.6891 | AF91: 3444.9395 | AG91: 3611.0769 | AH91: 3785.9536 | AI91: 3873.1532 | AJ91: 3947.3906 | AK91: 4211.123 | AL91: 4536.6597 | AM91: 4767.7446 | AN91: 4860.1646 | AO91: 4965.2468 | AP91: 5271.953 | AQ91: 5555.5477 | AR91: 5851.574 | AS91: 6160.0127 | AT91: 6481.0414 | AU91: 6790.3093 | AV91: 7111.8036 | AW91: 7171.3729 | AX91: 7228.0216 | AY91: 7281.6713 | AZ91: 7522.3107 | BA91: 8294.9115 | BB91: 8566.7119 | BC91: 8847.3455 | BD91: 9137.0924 | BE91: 9436.2347 | BF91: 9745.0595 | BG91: 10063.871 | BH91: Based on population census and national accounts in each country, including our adjustment.
B92: 70202 | C92: Rural population | D92: thousand persons | E92: 9516.5036 | F92: 9700.0716 | G92: 9881.2749 | H92: 10070.735 | I92: 10260.979 | J92: 10443.637 | K92: 10611.271 | L92: 10778.356 | M92: 10943.911 | N92: 10938.072 | O92: 10534.807 | P92: 9539.3609 | Q92: 8775.9485 | R92: 8711.918 | S92: 8925.2561 | T92: 9111.527 | U92: 9104.9663 | V92: 9079.201 | W92: 9188.0801 | X92: 9469.4021 | Y92: 9608.395 | Z92: 9765.0329 | AA92: 10597.717 | AB92: 11928.898 | AC92: 12975.552 | AD92: 13628.451 | AE92: 14186.436 | AF92: 14736.056 | AG92: 15298.882 | AH92: 15874.951 | AI92: 16060.579 | AJ92: 16172.123 | AK92: 17028.415 | AL92: 18086.353 | AM92: 18717.552 | AN92: 19080.37 | AO92: 19493.146 | AP92: 19688.047 | AQ92: 19888.994 | AR92: 20086.789 | AS92: 20281.848 | AT92: 20473.959 | AU92: 20691.995 | AV92: 20908.196 | AW92: 21209.974 | AX92: 21517.623 | AY92: 21831.329 | AZ92: 22187.723 | BA92: 24942.196 | BB92: 25355.182 | BC92: 25774.144 | BD92: 26199.127 | BE92: 26630.177 | BF92: 27067.336 | BG92: 27510.646 | BH92: Based on population census and national accounts in each country, including our adjustment.
B93: 70300 | C93: GDP deflator | D93: index (2024=1.0) | E93: 0.0001348662 | F93: 0.0001463543 | G93: 0.00013123803 | H93: 0.00013156082 | I93: 0.00015515265 | J93: 0.00016039917 | K93: 0.00016423556 | L93: 0.00019987434 | M93: 0.00020794666 | N93: 0.00022912943 | O93: 0.00023329578 | P93: 0.00024460835 | Q93: 0.00024234399 | R93: 0.00022834154 | S93: 0.00022165769 | T93: 0.00021853467 | U93: 0.00021210199 | V93: 0.000205539 | W93: 0.00020527364 | X93: 0.00027705908 | Y93: 0.00030990162 | Z93: 0.00032090425 | AA93: 0.00032853348 | AB93: 0.00033576952 | AC93: 0.0028796724 | AD93: 0.0060345936 | AE93: 0.018727553 | AF93: 0.023064399 | AG93: 0.023348536 | AH93: 0.35359451 | AI93: 0.48547937 | AJ93: 0.52924832 | AK93: 0.38259072 | AL93: 0.41695198 | AM93: 0.44924569 | AN93: 0.49754343 | AO93: 0.5179025 | AP93: 0.6186121 | AQ93: 0.6861624 | AR93: 0.67953465 | AS93: 0.75555825 | AT93: 0.82826018 | AU93: 0.89916005 | AV93: 0.92234625 | AW93: 0.90723167 | AX93: 0.94576939 | AY93: 0.97643295 | AZ93: 1 | BA93: 1.0212952 | BB93: 1.0878309 | BC93: 1.159912 | BD93: 1.1933868 | BE93: 1.3064934 | BF93: 1.3444526 | BG93: 1.2331209 | BH93: Based on national accounts in each country, including our adjustments.
B94: 70400 | C94: Consumer Price Index (CPI) | D94: index (2024=1.0) | E94: 0.00014541484 | F94: 0.00016426484 | G94: 0.0001430725 | H94: 0.00013683385 | I94: 0.00015464666 | J94: 0.00016751952 | K94: 0.00017240365 | L94: 0.00018980739 | M94: 0.00020328636 | N94: 0.00022723778 | O94: 0.00023453976 | P94: 0.00024591767 | Q94: 0.00024364025 | R94: 0.00022956361 | S94: 0.00022284566 | T94: 0.00021970363 | U94: 0.00021323754 | V94: 0.00020663587 | W94: 0.00020786026 | X94: 0.00028055151 | Y94: 0.00031380302 | Z94: 0.00032492839 | AA94: 0.00033264218 | AB94: 0.00033994424 | AC94: 0.0029156982 | AD94: 0.0058343028 | AE94: 0.017837756 | AF94: 0.021784891 | AG94: 0.02203148 | AH94: 0.33610228 | AI94: 0.46915232 | AJ94: 0.51140082 | AK94: 0.36501307 | AL94: 0.40077584 | AM94: 0.43625487 | AN94: 0.49159933 | AO94: 0.52495236 | AP94: 0.57052123 | AQ94: 0.72124531 | AR94: 0.67212013 | AS94: 0.68676252 | AT94: 0.76782925 | AU94: 0.81728676 | AV94: 0.8776497 | AW94: 0.91867101 | AX94: 0.91259208 | AY94: 0.95259913 | AZ94: 1 | BA94: 1.0062615 | BB94: 1.0294294 | BC94: 1.0909018 | BD94: 1.1793986 | BE94: 1.3112812 | BF94: 1.2141019 | BG94: 1.1641656 | BH94: Based on national accounts in each country, including our adjustments.
B95: 70500 | C95: Official exchange rate (LCU per US$, period average) | D95: local currency unit per US dollars | E95: 0.044998427 | F95: 0.044998427 | G95: 0.044998427 | H95: 0.044998427 | I95: 0.044998427 | J95: 0.044998427 | K95: 0.044998427 | L95: 0.044998427 | M95: 0.044998427 | N95: 0.043730753 | O95: 0.044129167 | P95: 0.049479902 | Q95: 0.050599608 | R95: 0.050599608 | S95: 0.050599606 | T95: 0.050599605 | U95: 0.050599605 | V95: 0.050599605 | W95: 0.050599605 | X95: 0.050599605 | Y95: 0.050599605 | Z95: 0.050599605 | AA95: 0.050599605 | AB95: 0.050599605 | AC95: 0.42509993 | AD95: 0.83333333 | AE95: 2.5000225 | AF95: 3.00003 | AG95: 3.0000525 | AH95: 46.619531 | AI95: 47.357575 | AJ95: 47.500015 | AK95: 47.263 | AL95: 48.762754 | AM95: 47.845313 | AN95: 49.494598 | AO95: 49.925331 | AP95: 49.962018 | AQ95: 50.249615 | AR95: 50.325 | AS95: 46.452461 | AT95: 46.747008 | AU95: 50.9214 | AV95: 55.3775 | AW95: 57.2475 | AX95: 61.143462 | AY95: 67.866086 | AZ95: 68.026904 | BA95: 72.083247 | BB95: 77.737949 | BC95: 76.813536 | BD95: 82.526108 | BE95: 90.54264 | BF95: 82.676238 | BG95: 70.040833 | BH95: Based on Analysis of Main Aggregate Rates by United Nations Statistics Division.
B96: 70600 | C96: PPP for GDP (LCU per international $) | D96: local currency unit per international dollars | AK96: 9.1968883 | AL96: 10.069994 | AM96: 10.911604 | AN96: 11.734435 | AO96: 12.202965 | AP96: 14.557616 | AQ96: 14.581836 | AR96: 14.178919 | AS96: 14.543053 | AT96: 16.613478 | AU96: 16.930295 | AV96: 16.881546 | AW96: 16.127804 | AX96: 15.823582 | AY96: 15.923656 | AZ96: 15.420207 | BA96: 14.856235 | BB96: 15.026434 | BC96: 15.335243 | BD96: 14.587942 | BE96: 14.897971 | BF96: 14.800941 | BG96: 13.239359 | BH96: Based on PPP by World Bank (ICP 2021 Round).
B97: 70700 | C97: PPP for private consumption (LCU per international $) | D97: local currency unit per international dollars | AM97: 11.359367 | AN97: 12.380411 | AO97: 12.807218 | AP97: 13.532908 | AQ97: 16.475607 | AR97: 15.40821 | AS97: 15.489844 | AT97: 16.788313 | AU97: 16.875229 | AV97: 17.215077 | AW97: 17.091775 | AX97: 16.34621 | AY97: 16.241792 | AZ97: 16.091557 | BA97: 15.553795 | BB97: 15.378997 | BC97: 15.787193 | BD97: 15.989781 | BE97: 16.835042 | BF97: 15.418429 | BG97: 13.988048 | BH97: Based on PPP by World Bank (ICP 2021 Round).
A98: Industry data
A99: 1a. GDP by industry at current prices
B100: 10100 | C100: Agriculture，hunting，forestry and fishing | D100: million. Afs | E100: 39.539568 | F100: 41.399045 | G100: 36.072594 | H100: 39.187835 | I100: 48.736341 | J100: 53.502069 | K100: 57.77843 | L100: 66.785119 | M100: 74.570443 | N100: 81.277561 | O100: 80.809596 | P100: 86.251663 | Q100: 87.678234 | R100: 86.61705 | S100: 84.307054 | T100: 86.105348 | U100: 84.445681 | V100: 69.048221 | W100: 82.598796 | X100: 114.50185 | Y100: 65.496129 | Z100: 83.995345 | AA100: 97.48014 | AB100: 85.584172 | AC100: 658.81988 | AD100: 1771.5 | AE100: 4987.2358 | AF100: 5616.1043 | AG100: 5270.2596 | AH100: 74359.191 | AI100: 95339.87 | AJ100: 91571.105 | AK100: 87425.459 | AL100: 98804.625 | AM100: 88954.942 | AN100: 112194.28 | AO100: 122511.29 | AP100: 174343.46 | AQ100: 150133.37 | AR100: 196844.19 | AS100: 207300.38 | AT100: 241742.64 | AU100: 275818.22 | AV100: 295269.52 | AW100: 294037.99 | AX100: 274103.36 | AY100: 314782.65 | AZ100: 339621.18 | BA100: 292661.42 | BB100: 378773.32 | BC100: 460115.19 | BD100: 420364 | BE100: 432537.78 | BF100: 469350 | BG100: 432751.2 | BH100: Based on national accounts in each country, including our adjustments. Industry-level GDP is evaluated at producers' prices.
B101: 10200 | C101: Mining and quarrying | D101: million. Afs | E101: 0.32318858 | F101: 0.33838437 | G101: 0.29484953 | H101: 0.32032001 | I101: 0.39834176 | J101: 0.43732493 | K101: 0.47230732 | L101: 0.54575566 | M101: 0.60966276 | N101: 0.66451867 | O101: 0.65971925 | P101: 0.70616286 | Q101: 0.71691782 | R101: 0.70400383 | S101: 0.69623589 | T101: 0.70139387 | U101: 0.67393169 | V101: 0.59903929 | W101: 0.43474431 | X101: 0.49588063 | Y101: 0.71188044 | Z101: 0.6505344 | AA101: 0.40169277 | AB101: 0.26398527 | AC101: 1.3815886 | AD101: 2.7842025 | AE101: 10.455545 | AF101: 14.272625 | AG101: 17.024132 | AH101: 325.62815 | AI101: 583.39542 | AJ101: 760.22706 | AK101: 418.33263 | AL101: 456.94575 | AM101: 1008.2452 | AN101: 1377.8817 | AO101: 1922.0163 | AP101: 3552.9147 | AQ101: 4019.0284 | AR101: 4516.3868 | AS101: 6673.1 | AT101: 15257.732 | AU101: 15095.001 | AV101: 13600.512 | AW101: 12049.413 | AX101: 11590.828 | AY101: 16597.357 | AZ101: 18274.362 | BA101: 25421.171 | BB101: 27753.801 | BC101: 23469.112 | BD101: 26616 | BE101: 35140.549 | BF101: 31902 | BG101: 25076.72 | BH101: Based on national accounts in each country, including our adjustments. Industry-level GDP is evaluated at producers' prices.
...

Sheet BAN
A1: Bangladesh
A2: =Information!A1&" "&Information!A2 -> APO Productivity Database 2026 Ver. 1 (September 18, 2026)
BI3: #VALUE! | BJ3: #VALUE!
A4: Group | B4: Code | C4: Variable | D4: Unit | E4: 1970 | F4: =E4+1 -> 1971 | G4: =F4+1 -> 1972 | H4: =G4+1 -> 1973 | I4: =H4+1 -> 1974 | J4: =I4+1 -> 1975 | K4: =J4+1 -> 1976 | L4: =K4+1 -> 1977 | M4: =L4+1 -> 1978 | ... BG4: =BF4+1 -> 2024 | BH4: Note
A5: Economy-wide data
A6: 1a. GDP at Current Prices
B7: 11100 | C7: Private consumption | D7: million taka | E7: 45369.37 | F7: 45146.797 | G7: 39770.066 | H7: 64340.021 | I7: 101741.49 | J7: 167336.56 | K7: 145138.16 | L7: 140412.1 | M7: 183469.09 | N7: 220338.87 | O7: 243217.51 | P7: 283776.84 | Q7: 325271.21 | R7: 367944.46 | S7: 442169.34 | T7: 508733.56 | U7: 567426.13 | V7: 663089.9 | W7: 733022.37 | X7: 822055.51 | Y7: 926931.25 | Z7: 1009299.4 | AA7: 1079569.7 | AB7: 1130364.3 | AC7: 1220076 | AD7: 1400321.4 | AE7: 1542825.1 | AF7: 1618961 | AG7: 1750623.5 | AH7: 1901479.9 | AI7: 2037411.9 | AJ7: 2224953.8 | AK7: 2377047.4 | AL7: 2669440.3 | AM7: 2943921.6 | AN7: 3322396.4 | AO7: 3750731.7 | AP7: 4353061.4 | AQ7: 5129540.3 | AR7: 5731737.9 | AS7: 6504576 | AT7: 7600536.4 | AU7: 8772882.7 | AV7: 9955491.3 | AW7: 11109476 | AX7: 12722272 | AY7: 13983700 | AZ7: 15658517 | BA7: 18307712 | BB7: 19750999 | BC7: 21588055 | BD7: 24533711 | BE7: 27908949 | BF7: 30561199 | BG7: 34641944 | BH7: Based on national accounts in each country, including our adjustments.
B8: 11101 | C8: …of which, Imputed rent of owner cccupied housings (OOH) | D8: million taka | P8: 17224.635 | Q8: 18561.06 | R8: 19334.681 | S8: 24298.795 | T8: 27537.128 | U8: 31731.909 | V8: 37242.353 | W8: 44100.352 | X8: 52995.066 | Y8: 59024.833 | Z8: 65641.723 | AA8: 70078.335 | AB8: 77077.554 | AC8: 85340.098 | AD8: 93283.14 | AE8: 108098.89 | AF8: 116667.55 | AG8: 126225.22 | AH8: 140423.98 | AI8: 151542.47 | AJ8: 159870.22 | AK8: 171219.94 | AL8: 181916.19 | AM8: 194926.48 | AN8: 209380.35 | AO8: 225434.98 | AP8: 243861.04 | AQ8: 264739.31 | AR8: 288296.66 | AS8: 315161.8 | AT8: 369114.05 | AU8: 425035.14 | AV8: 488169.39 | AW8: 558469.81 | AX8: 640453.09 | AY8: 745382.67 | AZ8: 834608.67 | BA8: 947697.06 | BB8: 1059794.5 | BC8: 1138447.3 | BD8: 1267613.3 | BE8: 1426157.8 | BF8: 1612564.5 | BG8: 1796345.1 | BH8: Based on national accounts in each country, including our adjustments.
B9: 11200 | C9: Government consumption | D9: million taka | E9: 771.07067 | F9: 788.14851 | G9: 732.98992 | H9: 969.06837 | I9: 2051.4484 | J9: 3363.2705 | K9: 8598.1564 | L9: 10238.639 | M9: 10803.506 | N9: 13256.9 | O9: 14869.196 | P9: 17377.273 | Q9: 19634.254 | R9: 21411.095 | S9: 24271.454 | T9: 27628.564 | U9: 32325.64 | V9: 36572.36 | W9: 40542.238 | X9: 45156.93 | Y9: 50140.257 | Z9: 55140.657 | AA9: 64103.229 | AB9: 73789.507 | AC9: 78796.498 | AD9: 85448.66 | AE9: 89791 | AF9: 101003 | AG9: 116317 | AH9: 124231 | AI9: 133530 | AJ9: 141172 | AK9: 159876.57 | AL9: 183211.1 | AM9: 205962.22 | AN9: 232583.95 | AO9: 279222.04 | AP9: 317338.61 | AQ9: 354776.83 | AR9: 395996.48 | AS9: 451501.05 | AT9: 526714.51 | AU9: 606774.33 | AV9: 707790.33 | AW9: 836769.15 | AX9: 966267.43 | AY9: 1217531 | AZ9: 1399775 | BA9: 1572772 | BB9: 1841157 | BC9: 1893153 | BD9: 2076719 | BE9: 2263481.4 | BF9: 2544137.5 | BG9: 2955605 | BH9: Based on national accounts in each country, including our adjustments.
B10: 11300 | C10: Gross fixed capital formation (GFCF) | D10: million taka | E10: 3707.3927 | F10: 2652.3159 | G10: 2288.7377 | H10: 6618.8241 | I10: 8177.4635 | J10: 11804.221 | K10: 16590.057 | L10: 19408.059 | M10: 25978.535 | N10: 29845.575 | O10: 45355.301 | P10: 56786.313 | Q10: 65278.359 | R10: 71027.222 | S10: 80882.029 | T10: 96235.973 | U10: 112234.72 | V10: 125261.85 | W10: 141873.49 | X10: 163778.01 | Y10: 190208.17 | Z10: 209843.11 | AA10: 235016.04 | AB10: 258387.86 | AC10: 289235.49 | AD10: 342023.76 | AE10: 393731 | AF10: 449421 | AG10: 502001 | AH10: 560102 | AI10: 639268 | AJ10: 703241.94 | AK10: 768312.94 | AL10: 882903.97 | AM10: 975559.36 | AN10: 1134355.1 | AO10: 1309203.6 | AP10: 1507218.6 | AQ10: 1746618.4 | AR10: 1990205.7 | AS10: 2279838 | AT10: 2846127 | AU10: 3278941.3 | AV10: 3797481.6 | AW10: 4484676.9 | AX10: 5271093 | AY10: 6281803.9 | AZ10: 7198234.4 | BA10: 8403031.3 | BB10: 9512520.5 | BC10: 9931060.2 | BD10: 10950188 | BE10: 12728269 | BF10: 13899694 | BG10: 15358392 | BH10: Based on national accounts in each country, including our adjustments and estimates.
B11: 11400 | C11: Net increase in stocks | D11: million taka | BH11: Based on national accounts in each country, including our adjustments.
B12: 11500 | C12: Exports of goods and services | D12: million taka | E12: 2638.0002 | F12: 1943.0001 | G12: 1574 | H12: 3025 | I12: 2712 | J12: 3674 | K12: 5242 | L12: 7728 | M12: 8205 | N12: 10640 | O12: 14016 | P12: 16977 | Q12: 18842 | R12: 23446 | S12: 26065 | T12: 31189 | U12: 33856 | V12: 37587 | W12: 45015 | X12: 51185 | Y12: 61422 | Z12: 73634 | AA12: 90693 | AB12: 113049 | AC12: 121892 | AD12: 165705 | AE12: 184359 | AF12: 216723 | AG12: 266809 | AH12: 289861 | AI12: 331446 | AJ12: 390000 | AK12: 390021 | AL12: 398170 | AM12: 427239 | AN12: 614681 | AO12: 788788 | AP12: 934403 | AQ12: 1110181 | AR12: 1194401 | AS12: 1277985 | AT12: 1824521 | AU12: 2127459 | AV12: 2342441 | AW12: 2551592 | AX12: 2627897 | AY12: 2889793 | AZ12: 2979703 | BA12: 3345191 | BB12: 3864824 | BC12: 3310854 | BD12: 3764158 | BE12: 5116455 | BF12: 5908674 | BG12: 5233370 | BH12: Based on national accounts in each country, including our adjustments.
B13: 11600 | C13: (less) Imports of goods and services | D13: million taka | E13: 3968.9997 | F13: 3312.9996 | G13: 3808.9996 | H13: 5484 | I13: 7583 | J13: 10280 | K13: 19479 | L13: 13590 | M13: 22855 | N13: 27514 | O13: 39588 | P13: 46708 | Q13: 57661 | R13: 61558 | S13: 63458 | T13: 74361 | U13: 77314 | V13: 88112 | W13: 101583 | X13: 118120 | Y13: 135751 | Z13: 135133 | AA13: 147603 | AB13: 176825 | AC13: 187740 | AD13: 264540 | AE13: 310913 | AF13: 325591 | AG13: 365873 | AH13: 409927 | AI13: 455852 | AJ13: 545134 | AK13: 520367 | AL13: 565210 | AM13: 602221 | AN13: 854323 | AO13: 1049491 | AP13: 1261628 | AQ13: 1569320 | AR13: 1632429 | AS13: 1736938 | AT13: 2518417 | AU13: 2949225 | AV13: 3208142 | AW13: 3429651 | AX13: 3751508 | AY13: 3614616 | AZ13: 3993156 | BA13: 5236227 | BB13: 5455213 | BC13: 5018428 | BD13: 6022928 | BE13: 8299990 | BF13: 8005288 | BG13: 8162774 | BH13: Based on national accounts in each country, including our adjustments.
B14: 11700 | C14: GDP at market price | D14: million taka | E14: 48516.834 | F14: 47217.262 | G14: 40556.794 | H14: 69468.914 | I14: 107099.41 | J14: 175898.06 | K14: 156089.37 | L14: 164196.8 | M14: 205601.13 | N14: 246567.35 | O14: 277870.01 | P14: 328209.43 | Q14: 371364.82 | R14: 422270.78 | S14: 509929.82 | T14: 589426.09 | U14: 668528.5 | V14: 774399.11 | W14: 858870.1 | X14: 964055.45 | Y14: 1092950.7 | Z14: 1212784.2 | AA14: 1321778.9 | AB14: 1398765.6 | AC14: 1522260 | AD14: 1728958.8 | AE14: 1899793.1 | AF14: 2060517 | AG14: 2269877.5 | AH14: 2465746.9 | AI14: 2685803.9 | AJ14: 2914233.8 | AK14: 3174890.9 | AL14: 3568515.4 | AM14: 3950461.2 | AN14: 4449693.5 | AO14: 5078454.3 | AP14: 5850393.6 | AQ14: 6771796.6 | AR14: 7679912.1 | AS14: 8776962.1 | AT14: 10279482 | AU14: 11836832 | AV14: 13595062 | AW14: 15552863 | AX14: 17836021 | AY14: 20758212 | AZ14: 23243073 | BA14: 26392479 | BB14: 29514288 | BC14: 31704694 | BD14: 35301848 | BE14: 39717164 | BF14: 44908417 | BG14: 50026537 | BH14: Based on national accounts in each country, including our adjustments.
B15: 11800 | C15: (less) Net indirect taxes on products | D15: million taka | E15: 1887.5714 | F15: 1781.0694 | G15: 1705.0018 | H15: 2654.7485 | I15: 4031.6279 | J15: 6296.0538 | K15: 7074.482 | L15: 6041.3798 | M15: 8672.7031 | N15: 10425.656 | O15: 12916.275 | P15: 15149.388 | Q15: 17994.458 | R15: 19794.896 | S15: 22181.281 | T15: 25726.696 | U15: 27835.319 | V15: 32186.464 | W15: 36219.307 | X15: 41259.942 | Y15: 46915.108 | Z15: 49146.811 | AA15: 53036.295 | AB15: 58934.939 | AC15: 63135.892 | AD15: 79958.617 | AE15: 91067.251 | AF15: 95459.647 | AG15: 105331.78 | AH15: 116322.14 | AI15: 127176.93 | AJ15: 146112.79 | AK15: 159342.69 | AL15: 181479.53 | AM15: 202245.77 | AN15: 221489.25 | AO15: 245781.82 | AP15: 248387.24 | AQ15: 280898.84 | AR15: 298064.24 | AS15: 366189.04 | AT15: 461884.4 | AU15: 528797.35 | AV15: 537482.62 | AW15: 604867.12 | AX15: 709404.12 | AY15: 883937 | AZ15: 1025143 | BA15: 1226445 | BB15: 1275855 | BC15: 1134217 | BD15: 1323656 | BE15: 1518878.1 | BF15: 1477543.6 | BG15: 1661565.3 | BH15: Based on national accounts in each country, including our adjustments.
B16: 11900 | C16: GDP at basic price | D16: million taka | E16: 46629.262 | F16: 45436.193 | G16: 38851.792 | H16: 66814.165 | I16: 103067.78 | J16: 169602 | K16: 149014.89 | L16: 158155.42 | M16: 196928.42 | N16: 236141.69 | O16: 264953.74 | P16: 313060.04 | Q16: 353370.37 | R16: 402475.88 | S16: 487748.54 | T16: 563699.4 | U16: 640693.18 | V16: 742212.65 | W16: 822650.79 | X16: 922795.51 | Y16: 1046035.6 | Z16: 1163637.3 | AA16: 1268742.6 | AB16: 1339830.7 | AC16: 1459124.1 | AD16: 1649000.2 | AE16: 1808725.8 | AF16: 1965057.3 | AG16: 2164545.7 | AH16: 2349424.8 | AI16: 2558627 | AJ16: 2768121 | AK16: 3015548.2 | AL16: 3387035.8 | AM16: 3748215.4 | AN16: 4228204.2 | AO16: 4832672.5 | AP16: 5602006.3 | AQ16: 6490897.7 | AR16: 7381847.8 | AS16: 8410773 | AT16: 9817597.4 | AU16: 11308035 | AV16: 13057580 | AW16: 14947996 | AX16: 17126617 | AY16: 19874275 | AZ16: 22217930 | BA16: 25166034 | BB16: 28238433 | BC16: 30570477 | BD16: 33978192 | BE16: 38198286 | BF16: 43430873 | BG16: 48364971 | BH16: Based on national accounts in each country, including our adjustments.
A17: 1b. GDP at Current Prices in US dollars, using annual average exchange rate
B18: 12100 | C18: Private consumption | D18: billions of US dollars | E18: 6.2329125 | F18: 5.7374127 | G18: 6.2667805 | H18: 6.6255986 | I18: 8.2360547 | J18: 8.6466941 | K18: 9.4250647 | L18: 9.1324348 | M18: 12.218145 | N18: 14.167949 | O18: 15.7381 | P18: 15.777045 | Q18: 14.706254 | R18: 14.947719 | S18: 17.439871 | T18: 18.172566 | U18: 18.661098 | V18: 21.424668 | W18: 23.099506 | X18: 25.474295 | Y18: 26.814093 | Z18: 27.579362 | AA18: 27.716268 | AB18: 28.568174 | AC18: 30.341289 | AD18: 34.766134 | AE18: 36.914841 | AF18: 36.885006 | AG18: 37.32223 | AH18: 38.738198 | AI18: 39.074545 | AJ18: 39.868961 | AK18: 41.06287 | AL18: 45.906078 | AM18: 49.46715 | AN18: 51.648171 | AO18: 54.41108 | AP18: 63.202458 | AQ18: 74.776521 | AR18: 83.02166 | AS18: 93.390412 | AT18: 102.49886 | AU18: 107.16587 | AV18: 127.4658 | AW18: 143.087 | AX18: 163.21714 | AY18: 178.20874 | AZ18: 194.66677 | BA18: 219.34281 | BB18: 233.86827 | BC18: 254.36198 | BD18: 288.34774 | BE18: 304.1998 | BF18: 287.47387 | BG18: 299.66132 | BH18: Based on national accounts in each country, including our adjustments, and the adjusted exchange rates of the Analysis of Main Aggregate Rates by United Nations Statistics Division.
B19: 12101 | C19: …of which, Imputed rent of owner cccupied housings (OOH) | D19: billions of US dollars | P19: 0.95763219 | Q19: 0.8391879 | R19: 0.78547013 | S19: 0.95838362 | T19: 0.98365886 | U19: 1.0435759 | V19: 1.2033135 | W19: 1.3897207 | X19: 1.6422394 | Y19: 1.7074593 | Z19: 1.7936767 | AA19: 1.799152 | AB19: 1.9480136 | AC19: 2.1222683 | AD19: 2.3159641 | AE19: 2.5864587 | AF19: 2.6580527 | AG19: 2.6910451 | AH19: 2.8608096 | AI19: 2.9063604 | AJ19: 2.8647155 | AK19: 2.9577794 | AL19: 3.1283932 | AM19: 3.2753785 | AN19: 3.2549132 | AO19: 3.2703381 | AP19: 3.5406386 | AQ19: 3.8592707 | AR19: 4.1758482 | AS19: 4.5249821 | AT19: 4.9777761 | AU19: 5.1920516 | AV19: 6.2503095 | AW19: 7.1929377 | AX19: 8.2165298 | AY19: 9.4991818 | AZ19: 10.37586 | BA19: 11.354261 | BB19: 12.548849 | BC19: 13.413793 | BD19: 14.898416 | BE19: 15.544724 | BF19: 15.168585 | BG19: 15.538827 | BH19: Based on national accounts in each country, including our adjustments, and the adjusted exchange rates of the Analysis of Main Aggregate Rates by United Nations Statistics Division.
B20: 12200 | C20: Government consumption | D20: billions of US dollars | E20: 0.10593085 | F20: 0.10016067 | G20: 0.11550111 | H20: 0.099792602 | I20: 0.16606638 | J20: 0.1737885 | K20: 0.55835199 | L20: 0.66592338 | M20: 0.71946069 | N20: 0.85242826 | O20: 0.96215475 | P20: 0.96611837 | Q20: 0.88770947 | R20: 0.86982429 | S20: 0.95730527 | T20: 0.98692507 | U20: 1.0631021 | V20: 1.1816658 | W20: 1.2775949 | X20: 1.3993471 | Y20: 1.450448 | Z20: 1.5067325 | AA20: 1.6457505 | AB20: 1.8649134 | AC20: 1.9595397 | AD20: 2.1214555 | AE20: 2.1484098 | AF20: 2.301165 | AG20: 2.4798078 | AH20: 2.5309155 | AI20: 2.5609078 | AJ20: 2.5296619 | AK20: 2.7618257 | AL20: 3.1506615 | AM20: 3.4608136 | AN20: 3.6156238 | AO20: 4.0506157 | AP20: 4.6074655 | AQ20: 5.1718039 | AR20: 5.7358319 | AS20: 6.482493 | AT20: 7.1031351 | AU20: 7.4121015 | AV20: 9.0622409 | AW20: 10.777357 | AX20: 12.396482 | AY20: 15.516256 | AZ20: 17.402011 | BA20: 18.84322 | BB20: 21.800831 | BC20: 22.306138 | BD20: 24.407935 | BE20: 24.671319 | BF20: 23.931426 | BG20: 25.56671 | BH20: Based on national accounts in each country, including our adjustments, and the adjusted exchange rates of the Analysis of Main Aggregate Rates by United Nations Statistics Division.
B21: 12300 | C21: Gross fixed capital formation (GFCF) | D21: billions of US dollars | E21: 0.5093272 | F21: 0.33706557 | G21: 0.36064856 | H21: 0.68159244 | I21: 0.66197216 | J21: 0.60995327 | K21: 1.0773346 | L21: 1.2623046 | M21: 1.7300435 | N21: 1.919092 | O21: 2.9348473 | P21: 3.1571294 | Q21: 2.9513836 | R21: 2.8854762 | S21: 3.1901176 | T21: 3.437663 | U21: 3.6910939 | V21: 4.0472545 | W21: 4.4708153 | X21: 5.0752406 | Y21: 5.5023063 | Z21: 5.7340163 | AA21: 6.0336705 | AB21: 6.5303454 | AC21: 7.1928122 | AD21: 8.4915105 | AE21: 9.4207162 | AF21: 10.239219 | AG21: 10.702356 | AH21: 11.410766 | AI21: 12.260214 | AJ21: 12.601397 | AK21: 13.272404 | AL21: 15.183205 | AM21: 16.392468 | AN21: 17.634069 | AO21: 18.992343 | AP21: 21.883431 | AQ21: 25.46155 | AR21: 28.827239 | AS21: 32.733111 | AT21: 38.382129 | AU21: 40.054176 | AV21: 48.62131 | AW21: 57.761406 | AX21: 67.624145 | AY21: 80.05552 | AZ21: 89.488493 | BA21: 100.67586 | BB21: 112.63616 | BC21: 117.01305 | BD21: 128.69891 | BE21: 138.7346 | BF21: 130.74745 | BG21: 132.85386 | BH21: Based on national accounts in each country, including our adjustments and estimates, and the adjusted exchange rates of the Analysis of Main Aggregate Rates by United Nations Statistics Division.
B22: 12400 | C22: Net Increase in Stocks | D22: billions of US dollars | BH22: Based on national accounts in each country, including our adjustments, and the adjusted exchange rates of the Analysis of Main Aggregate Rates by United Nations Statistics Division.
B23: 12500 | C23: Exports of goods and services | D23: billions of US dollars | E23: 0.36241244 | F23: 0.24692324 | G23: 0.24802354 | H23: 0.31150807 | I23: 0.21953855 | J23: 0.18984467 | K23: 0.34040799 | L23: 0.50263088 | M23: 0.54641291 | N23: 0.68415968 | O23: 0.90694623 | P23: 0.94386451 | Q23: 0.85188984 | R23: 0.95249219 | S23: 1.0280456 | T23: 1.1141081 | U23: 1.1134315 | V23: 1.2144492 | W23: 1.4185437 | X23: 1.5861481 | Y23: 1.7768041 | Z23: 2.0120677 | AA23: 2.3284014 | AB23: 2.8571351 | AC23: 3.0312541 | AD23: 4.114 | AE23: 4.4111178 | AF23: 4.9376294 | AG23: 5.6882058 | AH23: 5.9052386 | AI23: 6.3566438 | AJ23: 6.9884124 | AK23: 6.7375104 | AL23: 6.8472868 | AM23: 7.1789601 | AN23: 9.5554971 | AO23: 11.442783 | AP23: 13.566674 | AQ23: 16.183803 | AR23: 17.300364 | AS23: 18.348859 | AT23: 24.605016 | AU23: 25.988149 | AV23: 29.9916 | AW23: 32.863804 | AX23: 33.713935 | AY23: 36.827619 | AZ23: 37.043686 | BA23: 40.07839 | BB23: 45.762733 | BC23: 39.010248 | BD23: 44.240615 | BE23: 55.76794 | BF23: 55.579933 | BG23: 45.269936 | BH23: Based on national accounts in each country, including our adjustments, and the adjusted exchange rates of the Analysis of Main Aggregate Rates by United Nations Statistics Division.
B24: 12600 | C24: (less) Imports of goods and services | D24: billions of US dollars | E24: 0.54526717 | F24: 0.42102756 | G24: 0.6002043 | H24: 0.56473067 | I24: 0.61384987 | J24: 0.53119302 | K24: 1.2649384 | L24: 0.88389669 | M24: 1.5220313 | N24: 1.7691701 | O24: 2.5616572 | P24: 2.5968088 | Q24: 2.6069854 | R24: 2.5007896 | S24: 2.5028858 | T24: 2.6562631 | U24: 2.5426466 | V24: 2.8469297 | W24: 3.2011535 | X24: 3.6603657 | Y24: 3.9269795 | Z24: 3.6925435 | AA24: 3.7894769 | AB24: 4.4689729 | AC24: 4.6687859 | AD24: 6.5678015 | AE24: 7.4391479 | AF24: 7.4179837 | AG24: 7.8001901 | AH24: 8.351302 | AI24: 8.7425667 | AJ24: 9.7682595 | AK24: 8.9892033 | AL24: 9.7198557 | AM24: 10.119209 | AN24: 13.280842 | AO24: 15.224746 | AP24: 18.317681 | AQ24: 22.87696 | AR24: 23.645004 | AS24: 24.938344 | AT24: 33.962717 | AU24: 36.026499 | AV24: 41.075661 | AW24: 44.172962 | AX24: 48.129016 | AY24: 46.064788 | AZ24: 49.642939 | BA24: 62.734698 | BB24: 64.594262 | BC24: 59.129795 | BD24: 70.788218 | BE24: 90.467588 | BF24: 75.301729 | BG24: 70.61 | BH24: Based on national accounts in each country, including our adjustments, and the adjusted exchange rates of the Analysis of Main Aggregate Rates by United Nations Statistics Division.
B25: 12700 | C25: GDP at market price | D25: billions of US dollars | E25: 6.6653158 | F25: 6.0005346 | G25: 6.3907494 | H25: 7.1537611 | I25: 8.6697819 | J25: 9.0890875 | K25: 10.136221 | L25: 10.679397 | M25: 13.69203 | N25: 15.854458 | O25: 17.980391 | P25: 18.247348 | Q25: 16.790252 | R25: 17.154722 | S25: 20.112454 | T25: 21.054999 | U25: 21.986079 | V25: 25.021108 | W25: 27.065307 | X25: 29.874665 | Y25: 31.616672 | Z25: 33.139635 | AA25: 33.934613 | AB25: 35.351595 | AC25: 37.856109 | AD25: 42.925298 | AE25: 45.455937 | AF25: 46.945036 | AG25: 48.39241 | AH25: 50.233816 | AI25: 51.509744 | AJ25: 52.220173 | AK25: 54.845407 | AL25: 61.367376 | AM25: 66.380183 | AN25: 69.172519 | AO25: 73.672075 | AP25: 84.942348 | AQ25: 98.716718 | AR25: 111.24009 | AS25: 126.01653 | AT25: 138.62642 | AU25: 144.59379 | AV25: 174.06529 | AW25: 200.3166 | AX25: 228.82269 | AY25: 264.54335 | AZ25: 288.95802 | BA25: 316.20558 | BB25: 349.47374 | BC25: 373.56161 | BD25: 414.90699 | BE25: 432.90607 | BF25: 422.43096 | BG25: 432.74183 | BH25: Based on national accounts in each country, including our adjustments, and the adjusted exchange rates of the Analysis of Main Aggregate Rates by United Nations Statistics Division.
B26: 12800 | C26: (less) Net indirect taxes on products | D26: billions of US dollars | E26: 0.25931741 | F26: 0.22634451 | G26: 0.26866619 | H26: 0.27338036 | I26: 0.32636348 | J26: 0.32533267 | K26: 0.45940675 | L26: 0.39293272 | M26: 0.57755965 | N26: 0.67037723 | O26: 0.83578534 | P26: 0.84225538 | Q26: 0.81357051 | R26: 0.80416631 | S26: 0.87486546 | T26: 0.91898807 | U26: 0.9154277 | V26: 1.039956 | W26: 1.1413678 | X26: 1.2785851 | Y26: 1.3571514 | Z26: 1.3429491 | AA26: 1.3616242 | AB26: 1.4894876 | AC26: 1.5700861 | AD26: 1.9851528 | AE26: 2.1789464 | AF26: 2.17487 | AG26: 2.2456096 | AH26: 2.369791 | AI26: 2.4390652 | AJ26: 2.6181959 | AK26: 2.752603 | AL26: 3.1208841 | AM26: 3.3983656 | AN26: 3.4431516 | AO26: 3.5655055 | AP26: 3.6063549 | AQ26: 4.0948382 | AR26: 4.3173271 | AS26: 5.2576132 | AT26: 6.228853 | AU26: 6.4595673 | AV26: 6.8816947 | AW26: 7.7905222 | AX26: 9.1011194 | AY26: 11.264923 | AZ26: 12.744584 | BA26: 14.693912 | BB26: 15.107185 | BC26: 13.36395 | BD26: 15.557093 | BE26: 16.55535 | BF26: 13.898512 | BG26: 14.372948 | BH26: Based on national accounts in each country, including our adjustments, and the adjusted exchange rates of the Analysis of Main Aggregate Rates by United Nations Statistics Division.
B27: 12900 | C27: GDP at basic price | D27: billions of US dollars | E27: 6.4059984 | F27: 5.7741901 | G27: 6.1220832 | H27: 6.8803807 | I27: 8.3434184 | J27: 8.7637548 | K27: 9.6768141 | L27: 10.286464 | M27: 13.114471 | N27: 15.184081 | O27: 17.144606 | P27: 17.405093 | Q27: 15.976681 | R27: 16.350556 | S27: 19.237589 | T27: 20.136011 | U27: 21.070651 | V27: 23.981152 | W27: 25.923939 | X27: 28.59608 | Y27: 30.259521 | Z27: 31.796686 | AA27: 32.572989 | AB27: 33.862107 | AC27: 36.286023 | AD27: 40.940146 | AE27: 43.276991 | AF27: 44.770166 | AG27: 46.1468 | AH27: 47.864025 | AI27: 49.070678 | AJ27: 49.601977 | AK27: 52.092804 | AL27: 58.246492 | AM27: 62.981818 | AN27: 65.729367 | AO27: 70.106569 | AP27: 81.335993 | AQ27: 94.62188 | AR27: 106.92276 | AS27: 120.75892 | AT27: 132.39757 | AU27: 138.13423 | AV27: 167.1836 | AW27: 192.52608 | AX27: 219.72157 | AY27: 253.27843 | AZ27: 276.21344 | BA27: 301.51167 | BB27: 334.36655 | BC27: 360.19766 | BD27: 399.3499 | BE27: 416.35072 | BF27: 408.53244 | BG27: 418.36888 | BH27: Based on national accounts in each country, including our adjustments, and the adjusted exchange rates of the Analysis of Main Aggregate Rates by United Nations Statistics Division.
A28: 2a. GDP at Constant Prices
B29: 21100 | C29: Private consumption | D29: million taka (2024 prices) | E29: 6360834.6 | F29: 6312814.2 | G29: 5839771.9 | H29: 4735266.1 | I29: 4887183.5 | J29: 4682699.2 | K29: 4832987.2 | L29: 4427128.1 | M29: 4924285.7 | N29: 5100379.5 | O29: 5234810.5 | P29: 5267560.9 | Q29: 5209584.1 | R29: 5182895.5 | S29: 5557920.5 | T29: 5773114.6 | U29: 5936260.4 | V29: 6092095.4 | W29: 6331476.1 | X29: 6550359.9 | Y29: 7111175 | Z29: 7148773 | AA29: 7312756.7 | AB29: 7452608.8 | AC29: 7789331.4 | AD29: 8211700.1 | AE29: 8428523.8 | AF29: 8334776.9 | AG29: 8507220.6 | AH29: 8846568.7 | AI29: 9284622.7 | AJ29: 9794131.7 | AK29: 9853138.8 | AL29: 10312131 | AM29: 11107629 | AN29: 11987383 | AO29: 12939214 | AP29: 14006370 | AQ29: 14663257 | AR29: 15156453 | AS29: 16004521 | AT29: 17304159 | AU29: 18181362 | AV29: 19323084 | AW29: 20086546 | AX29: 21616926 | AY29: 22432275 | AZ29: 23823039 | BA29: 26569720 | BB29: 27163233 | BC29: 28435417 | BD29: 30517318 | BE29: 33018834 | BF29: 32850233 | BG29: 34641944 | BH29: Based on national accounts in each country, including our adjustments.
B30: 21101 | C30: …of which, Imputed rent of owner cccupied housings (OOH) | D30: million taka (2024 prices) | BH30: Based on national accounts in each country, including our adjustments.
B31: 21200 | C31: Government consumption | D31: million taka (2024 prices) | E31: 61434.327 | F31: 62461.557 | G31: 69044.041 | H31: 53652.96 | I31: 81669.361 | J31: 83872.441 | K31: 249246.4 | L31: 289193.68 | M31: 254578.06 | N31: 269324.43 | O31: 277697.63 | P31: 285386.43 | Q31: 295820.38 | R31: 293925.68 | S31: 285602.58 | T31: 297478.64 | U31: 313850.48 | V31: 319503.15 | W31: 330667.61 | X31: 345234.57 | Y31: 352473.58 | Z31: 361463.98 | AA31: 401775.59 | AB31: 457817.22 | AC31: 470805.2 | AD31: 473794.24 | AE31: 478549.64 | AF31: 518599.46 | AG31: 558733.66 | AH31: 572367.5 | AI31: 587663.14 | AJ31: 609994.23 | AK31: 670367.85 | AL31: 722405.46 | AM31: 779633.85 | AN31: 827349.48 | AO31: 920771.31 | AP31: 956641.1 | AQ31: 981596.12 | AR31: 1013536 | AS31: 1073146.1 | AT31: 1169536.7 | AU31: 1258038.9 | AV31: 1353872.6 | AW31: 1485285.2 | AX31: 1603873.8 | AY31: 1869068.6 | AZ31: 2056185.2 | BA31: 2169784 | BB31: 2403325 | BC31: 2394677.8 | BD31: 2492416 | BE31: 2575041.5 | BF31: 2703364.3 | BG31: 2955605 | BH31: Based on national accounts in each country, including our adjustments.
B32: 21300 | C32: Gross fixed capital formation (GFCF) | D32: million taka (2024 prices) | E32: 212524.55 | F32: 156635.83 | G32: 93869.109 | H32: 176250.77 | I32: 129882 | J32: 123817.33 | K32: 166929.67 | L32: 199429.92 | M32: 259040.6 | N32: 264046.83 | O32: 331707.4 | P32: 355114.96 | Q32: 389062.17 | R32: 415334.61 | S32: 462736.31 | T32: 495957.04 | U32: 535448.91 | V32: 590068.28 | W32: 633273.64 | X32: 684308.11 | Y32: 734902.72 | Z32: 752495.36 | AA32: 795523.61 | AB32: 877090.87 | AC32: 971570.61 | AD32: 1072628.3 | AE32: 1200935.9 | AF32: 1367074.4 | AG32: 1491227.8 | AH32: 1635074.3 | AI32: 1774954.9 | AJ32: 1944232.9 | AK32: 2107153.1 | AL32: 2366158 | AM32: 2534499.2 | AN32: 2889576.4 | AO32: 3207776.8 | AP32: 3553847.1 | AQ32: 3783471.7 | AR32: 4174731.2 | AS32: 4630905.5 | AT32: 5332349.3 | AU32: 5740110.8 | AV32: 6184336.9 | AW32: 6993780.9 | AX32: 7875907 | AY32: 8765660.9 | AZ32: 9517528.5 | BA32: 10579947 | BB32: 11432548 | BC32: 11582711 | BD32: 12536503 | BE32: 13880419 | BF32: 14517548 | BG32: 15358392 | BH32: Based on national accounts in each country, including our adjustments.
B33: 21400 | C33: Net Increase in Stocks | D33: million taka (2024 prices) | BH33: Based on national accounts in each country, including our adjustments.
B34: 21500 | C34: Exports of goods and services | D34: million taka (2024 prices) | E34: 135869.42 | F34: 98344.863 | G34: 75834.615 | H34: 140859.23 | I34: 99389.888 | J34: 111490.11 | K34: 139103.83 | L34: 174511.81 | M34: 161128.79 | N34: 187722.28 | O34: 189515.19 | P34: 242627.15 | Q34: 231816.3 | R34: 253226.69 | S34: 250834.61 | T34: 270647.46 | U34: 267536.91 | V34: 272621.14 | W34: 301748.74 | X34: 328594.14 | Y34: 387039.52 | Z34: 375074.89 | AA34: 457010 | AB34: 531929.46 | AC34: 551492.97 | AD34: 720937.66 | AE34: 779154.82 | AF34: 890711.05 | AG34: 999981.07 | AH34: 1022488 | AI34: 1169703.7 | AJ34: 1344036.9 | AK34: 1341833.1 | AL34: 1319069.1 | AM34: 1287870.6 | AN34: 1841668.7 | AO34: 2310859.3 | AP34: 2610707.3 | AQ34: 2795561.3 | AR34: 2796358.1 | AS34: 2822686.7 | AT34: 3650838.3 | AU34: 4108370.8 | AV34: 4209103.3 | AW34: 4343843 | AX34: 4220912.7 | AY34: 4320548.9 | AZ34: 4240909.1 | BA34: 4499855.6 | BB34: 5015380.3 | BC34: 4137568.8 | BD34: 4517871.6 | BE34: 5845790.2 | BF34: 6315359.4 | BG34: 5233370 | BH34: Based on national accounts in each country, including our adjustments.
B35: 21600 | C35: (less) Imports of goods and services | D35: million taka (2024 prices) | E35: 1578200.6 | F35: 1237232.3 | G35: 1235873.3 | H35: 613048.48 | I35: 384153.33 | J35: 342567.1 | K35: 471471.26 | L35: 260849.51 | M35: 413855.27 | N35: 459227.64 | O35: 612785.56 | P35: 649674.16 | Q35: 710772.59 | R35: 681293.85 | S35: 637226.11 | T35: 683373.62 | U35: 654955.15 | V35: 692299.31 | W35: 744171.3 | X35: 856147.7 | Y35: 935877.42 | Z35: 795334.73 | AA35: 725417.66 | AB35: 996863.71 | AC35: 935943.69 | AD35: 1388906 | AE35: 1584873.6 | AF35: 1633078.9 | AG35: 1706093.4 | AH35: 1745427.1 | AI35: 1924048 | AJ35: 2171264.7 | AK35: 2066013.5 | AL35: 2242647.8 | AM35: 2163031.2 | AN35: 2986339.8 | AO35: 3529568.1 | AP35: 4093806.1 | AQ35: 4015973.4 | AR35: 3911571.9 | AS35: 3938423.1 | AT35: 5086590.2 | AU35: 5621626.2 | AV35: 5690106.1 | AW35: 5756585 | AX35: 5940951.4 | AY35: 5404236.7 | AZ35: 5683322.2 | BA35: 7043624.2 | BB35: 7079228.6 | BC35: 6271519.7 | BD35: 7228926.2 | BE35: 9483128.4 | BF35: 8556280.3 | BG35: 8162774 | BH35: Based on national accounts in each country, including our adjustments.
B36: 21700 | C36: GDP at market price | D36: million taka (2024 prices) | E36: 4603333 | F36: 4494865.5 | G36: 4016004.4 | H36: 3741029.1 | I36: 3869775.4 | J36: 3742264 | K36: 4020529.4 | L36: 4102947.7 | M36: 4398934.5 | N36: 4539678 | O36: 4634643.8 | P36: 4777235.3 | Q36: 4741492.7 | R36: 4825120.7 | S36: 5255626.1 | T36: 5476349.1 | U36: 5720514.4 | V36: 5915556.3 | W36: 6174607.8 | X36: 6373001.9 | Y36: 6911018 | Z36: 7100206.1 | AA36: 7512542.9 | AB36: 7612256.4 | AC36: 8139542.4 | AD36: 8397114.6 | AE36: 8662347.1 | AF36: 8936839.8 | AG36: 9345041.6 | AH36: 9833184.6 | AI36: 10412189 | AJ36: 11063030 | AK36: 11481542 | AL36: 12082618 | AM36: 13081139 | AN36: 14190250 | AO36: 15514711 | AP36: 16725464 | AQ36: 17889725 | AR36: 18955503 | AS36: 20336935 | AT36: 22141876 | AU36: 23443670 | AV36: 25161669 | AW36: 26999257 | AX36: 29247661 | AY36: 31930613 | AZ36: 33911781 | BA36: 36697142 | BB36: 38932171 | BC36: 40239408 | BD36: 42794687 | BE36: 45803281 | BF36: 47828705 | BG36: 50026537 | BH36: Based on national accounts in each country, including our adjustments.
B37: 21900 | C37: GDP at basic price | D37: million taka (2024 prices) | E37: 4450439.4 | F37: 4345574.5 | G37: 3882618.2 | H37: 3616775.7 | I37: 3741245.9 | J37: 3617969.6 | K37: 3886992.8 | L37: 3966673.7 | M37: 4252829.7 | N37: 4388898.6 | O37: 4480710.2 | P37: 4618565.7 | Q37: 4584010.3 | R37: 4664860.6 | S37: 5081067.5 | T37: 5294459.4 | U37: 5530515.1 | V37: 5719078.9 | W37: 5969526.4 | X37: 6161331 | Y37: 6681477.6 | Z37: 6864382.1 | AA37: 7263023.7 | AB37: 7359425.4 | AC37: 7869198.3 | AD37: 8118215.5 | AE37: 8374638.7 | AF37: 8640014.5 | AG37: 9034658.4 | AH37: 9506588.4 | AI37: 10066362 | AJ37: 10695586 | AK37: 11100198 | AL37: 11681310 | AM37: 12646666 | AN37: 13718939 | AO37: 14999410 | AP37: 16169950 | AQ37: 17295541 | AR37: 18325921 | AS37: 19661471 | AT37: 21406463 | AU37: 22665019 | AV37: 24325958 | AW37: 26102513 | AX37: 28276239 | AY37: 30870079 | AZ37: 32785446 | BA37: 35478295 | BB37: 37639090 | BC37: 38902909 | BD37: 41373318 | BE37: 44281986 | BF37: 46240137 | BG37: 48364971 | BH37: Based on national accounts in each country, including our adjustments.
A38: 2b. GDP at Constant Prices, using 2021 PPPs, reference year 2021
B39: 22100 | C39: Private consumption | D39: billions of US dollars (as of 2024) | E39: 205.62065 | F39: 204.06834 | G39: 188.77675 | H39: 153.07245 | I39: 157.98333 | J39: 151.37316 | K39: 156.23138 | L39: 143.11156 | M39: 159.1827 | N39: 164.87512 | O39: 169.22074 | P39: 170.27943 | Q39: 168.40527 | R39: 167.54253 | S39: 179.66561 | T39: 186.62199 | U39: 191.89584 | V39: 196.93338 | W39: 204.67161 | X39: 211.74726 | Y39: 229.87619 | Z39: 231.09159 | AA39: 236.39253 | AB39: 240.9134 | AC39: 251.79831 | AD39: 265.45182 | AE39: 272.46087 | AF39: 269.43041 | AG39: 275.00483 | AH39: 285.97461 | AI39: 300.13517 | AJ39: 316.60558 | AK39: 318.51305 | AL39: 333.35047 | AM39: 359.06577 | AN39: 387.50475 | AO39: 418.27366 | AP39: 452.7706 | AQ39: 474.00517 | AR39: 489.94825 | AS39: 517.36292 | AT39: 559.37508 | AU39: 587.7316 | AV39: 624.63896 | AW39: 649.31868 | AX39: 698.7898 | AY39: 725.14683 | AZ39: 770.10472 | BA39: 858.89408 | BB39: 878.08002 | BC39: 919.20468 | BD39: 986.50432 | BE39: 1067.3684 | BF39: 1061.9183 | BG39: 1119.8372 | BH39: Based on national accounts in each country, including our adjustments, and PPP by World Bank (ICP 2021 Round).
B40: 22101 | C40: …of which, Imputed rent of owner cccupied housings (OOH) | D40: billions of US dollars (as of 2024) | BH40: Based on national accounts in each country, including our adjustments, and PPP by World Bank (ICP 2021 Round).
B41: 22200 | C41: Government consumption | D41: billions of US dollars (as of 2024) | E41: 2.0582781 | F41: 2.0926942 | G41: 2.3132318 | H41: 1.7975734 | I41: 2.7362269 | J41: 2.8100383 | K41: 8.3506803 | L41: 9.6890623 | M41: 8.5293104 | N41: 9.0233689 | O41: 9.3039021 | P41: 9.5615054 | Q41: 9.9110813 | R41: 9.8476019 | S41: 9.568747 | T41: 9.9666395 | U41: 10.515157 | V41: 10.704542 | W41: 11.078593 | X41: 11.56664 | Y41: 11.809174 | Z41: 12.110386 | AA41: 13.460974 | AB41: 15.338577 | AC41: 15.773723 | AD41: 15.873867 | AE41: 16.03319 | AF41: 17.375008 | AG41: 18.719653 | AH41: 19.176437 | AI41: 19.688898 | AJ41: 20.437072 | AK41: 22.459813 | AL41: 24.203266 | AM41: 26.12063 | AN41: 27.719281 | AO41: 30.849259 | AP41: 32.05103 | AQ41: 32.887116 | AR41: 33.957219 | AS41: 35.954382 | AT41: 39.183824 | AU41: 42.148975 | AV41: 45.35976 | AW41: 49.76257 | AX41: 53.73573 | AY41: 62.62074 | AZ41: 68.88984 | BA41: 72.695822 | BB41: 80.520312 | BC41: 80.230599 | BD41: 83.505192 | BE41: 86.273455 | BF41: 90.572746 | BG41: 99.023746 | BH41: Based on national accounts in each country, including our adjustments, and PPP by World Bank (ICP 2021 Round).
B42: 22300 | C42: Gross fixed capital formation (GFCF) | D42: billions of US dollars (as of 2024) | E42: 7.4643157 | F42: 5.5013847 | G42: 3.2968834 | H42: 6.190303 | I42: 4.5617332 | J42: 4.348729 | K42: 5.8629264 | L42: 7.0044043 | M42: 9.0980588 | N42: 9.2738883 | O42: 11.650272 | P42: 12.472395 | Q42: 13.664694 | R42: 14.587438 | S42: 16.252287 | T42: 17.41907 | U42: 18.806108 | V42: 20.724457 | W42: 22.241922 | X42: 24.034361 | Y42: 25.811352 | Z42: 26.429243 | AA42: 27.940487 | AB42: 30.805303 | AC42: 34.123633 | AD42: 37.672996 | AE42: 42.179431 | AF42: 48.01457 | AG42: 52.375104 | AH42: 57.427298 | AI42: 62.340204 | AJ42: 68.285609 | AK42: 74.007712 | AL42: 83.104519 | AM42: 89.017021 | AN42: 101.48809 | AO42: 112.66397 | AP42: 124.81869 | AQ42: 132.8836 | AR42: 146.62547 | AS42: 162.64729 | AT42: 187.28349 | AU42: 201.60494 | AV42: 217.20711 | AW42: 245.63651 | AX42: 276.61866 | AY42: 307.86872 | AZ42: 334.27591 | BA42: 371.5903 | BB42: 401.53549 | BC42: 406.80954 | BD42: 440.30875 | BE42: 487.50994 | BF42: 509.88727 | BG42: 539.4195 | BH42: Based on national accounts in each country, including our adjustments, and PPP by World Bank (ICP 2021 Round).
B43: 22400 | C43: Net Increase in Stocks | D43: billions of US dollars (as of 2024) | BH43: Based on national accounts in each country, including our adjustments, and PPP by World Bank (ICP 2021 Round).
B44: 22500 | C44: Exports of goods and services | D44: billions of US dollars (as of 2024) | E44: 4.5518864 | F44: 3.2947418 | G44: 2.5406052 | H44: 4.7190547 | I44: 3.3297521 | J44: 3.7351329 | K44: 4.6602456 | L44: 5.8464808 | M44: 5.3981241 | N44: 6.2890571 | O44: 6.3491228 | P44: 8.1284756 | Q44: 7.7662912 | R44: 8.4835805 | S44: 8.4034412 | T44: 9.0672098 | U44: 8.9630004 | V44: 9.1333318 | W44: 10.109162 | X44: 11.008535 | Y44: 12.966567 | Z44: 12.565729 | AA44: 15.310713 | AB44: 17.820659 | AC44: 18.476074 | AD44: 24.152796 | AE44: 26.103183 | AF44: 29.840531 | AG44: 33.501286 | AH44: 34.255313 | AI44: 39.187321 | AJ44: 45.027818 | AK44: 44.953987 | AL44: 44.191349 | AM44: 43.146137 | AN44: 61.699437 | AO44: 77.418226 | AP44: 87.463708 | AQ44: 93.656671 | AR44: 93.683367 | AS44: 94.565427 | AT44: 122.31009 | AU44: 137.63831 | AV44: 141.01304 | AW44: 145.52708 | AX44: 141.40868 | AY44: 144.74669 | AZ44: 142.0786 | BA44: 150.7538 | BB44: 168.02487 | BC44: 138.6165 | BD44: 151.35738 | BE44: 195.8452 | BF44: 211.57667 | BG44: 175.32795 | BH44: Based on national accounts in each country, including our adjustments, and PPP by World Bank (ICP 2021 Round).
B45: 22600 | C45: (less) Imports of goods and services | D45: billions of US dollars (as of 2024) | E45: 52.872742 | F45: 41.449651 | G45: 41.404122 | H45: 20.538298 | I45: 12.869872 | J45: 11.476654 | K45: 15.79519 | L45: 8.7389578 | M45: 13.864944 | N45: 15.385005 | O45: 20.529489 | P45: 21.765328 | Q45: 23.812243 | R45: 22.824648 | S45: 21.348295 | T45: 22.894325 | U45: 21.942252 | V45: 23.193352 | W45: 24.931163 | X45: 28.682587 | Y45: 31.353685 | Z45: 26.645236 | AA45: 24.30288 | AB45: 33.396843 | AC45: 31.355905 | AD45: 46.53101 | AE45: 53.096301 | AF45: 54.71127 | AG45: 57.157395 | AH45: 58.475148 | AI45: 64.459291 | AJ45: 72.741525 | AK45: 69.215406 | AL45: 75.132996 | AM45: 72.465686 | AN45: 100.0481 | AO45: 118.24729 | AP45: 137.15034 | AQ45: 134.5428 | AR45: 131.04515 | AS45: 131.94471 | AT45: 170.41051 | AU45: 188.33524 | AV45: 190.62945 | AW45: 192.85662 | AX45: 199.03325 | AY45: 181.05227 | AZ45: 190.40218 | BA45: 235.97489 | BB45: 237.16771 | BC45: 210.10791 | BD45: 242.18287 | BE45: 317.70296 | BF45: 286.65177 | BG45: 273.46856 | BH45: Based on national accounts in each country, including our adjustments, and PPP by World Bank (ICP 2021 Round).
B46: 22700 | C46: GDP at market price | D46: billions of US dollars (as of 2024) | E46: 152.6918 | F46: 149.09395 | G46: 133.21021 | H46: 124.08932 | I46: 128.35982 | J46: 124.13028 | K46: 133.3603 | L46: 136.0941 | M46: 145.91194 | N46: 150.58038 | O46: 153.73038 | P46: 158.46011 | Q46: 157.27454 | R46: 160.04846 | S46: 174.32826 | T46: 181.6496 | U46: 189.74853 | V46: 196.21804 | W46: 204.81073 | X46: 211.39143 | Y46: 229.23734 | Z46: 235.51268 | AA46: 249.18982 | AB46: 252.4973 | AC46: 269.98729 | AD46: 278.53092 | AE46: 287.32864 | AF46: 296.43352 | AG46: 309.9735 | AH46: 326.16513 | AI46: 345.3706 | AJ46: 366.95889 | AK46: 380.84088 | AL46: 400.77846 | AM46: 433.89923 | AN46: 470.68826 | AO46: 514.62043 | AP46: 554.78092 | AQ46: 593.39924 | AR46: 628.75092 | AS46: 674.57281 | AT46: 734.4424 | AU46: 777.6227 | AV46: 834.60846 | AW46: 895.56095 | AX46: 970.14015 | AY46: 1059.1332 | AZ46: 1124.8482 | BA46: 1217.2382 | BB46: 1291.3737 | BC46: 1334.7346 | BD46: 1419.4928 | BE46: 1519.2874 | BF46: 1586.4703 | BG46: 1659.372 | BH46: Based on national accounts in each country, including our adjustments, and PPP by World Bank (ICP 2021 Round).
B47: 22900 | C47: GDP at basic price | D47: billions of US dollars (as of 2024) | E47: 146.96657 | F47: 143.50362 | G47: 128.21544 | H47: 119.43655 | I47: 123.54692 | J47: 119.47597 | K47: 128.35991 | L47: 130.99121 | M47: 140.44092 | N47: 144.93431 | O47: 147.9662 | P47: 152.51859 | Q47: 151.37747 | R47: 154.04739 | S47: 167.79176 | T47: 174.83858 | U47: 182.63384 | V47: 188.86077 | W47: 197.13128 | X47: 203.46523 | Y47: 220.642 | Z47: 226.68204 | AA47: 239.84636 | AB47: 243.02982 | AC47: 259.86402 | AD47: 268.0873 | AE47: 276.55514 | AF47: 285.31863 | AG47: 298.35093 | AH47: 313.93544 | AI47: 332.4208 | AJ47: 353.19963 | AK47: 366.56111 | AL47: 385.75112 | AM47: 417.63001 | AN47: 453.03963 | AO47: 495.32455 | AP47: 533.97921 | AQ47: 571.14952 | AR47: 605.17567 | AS47: 649.27945 | AT47: 706.90421 | AU47: 748.46545 | AV47: 803.3145 | AW47: 861.98156 | AX47: 933.76438 | AY47: 1019.4206 | AZ47: 1082.6716 | BA47: 1171.5974 | BB47: 1242.9532 | BC47: 1284.6882 | BD47: 1366.2684 | BE47: 1462.3211 | BF47: 1526.985 | BG47: 1597.1533 | BH47: Based on national accounts in each country, including our adjustments, and PPP by World Bank (ICP 2021 Round).
A48: 3. National Income at Current Prices
B49: 30100 | C49: Compensation of employees (COE) | D49: million taka | E49: 14466.911 | F49: 15430.903 | G49: 15793.628 | H49: 19858.513 | I49: 26881.51 | J49: 35964.76 | K49: 42041.891 | L49: 45934.939 | M49: 53777.924 | N49: 70030.167 | O49: 92055.312 | P49: 109521.13 | Q49: 130486.79 | R49: 142919.96 | S49: 169380.79 | T49: 182742.15 | U49: 222575.22 | V49: 276981.03 | W49: 314120.43 | X49: 344329.17 | Y49: 374246.76 | Z49: 405055.77 | AA49: 443778.03 | AB49: 488624.09 | AC49: 531865.48 | AD49: 579554.53 | AE49: 640607.16 | AF49: 674393.29 | AG49: 727992.96 | AH49: 789834.13 | AI49: 859708.57 | AJ49: 905668.59 | AK49: 964363.18 | AL49: 1050379 | AM49: 1158007.7 | AN49: 1275761.2 | AO49: 1430635 | AP49: 1617552.1 | AQ49: 1840285.6 | AR49: 2160646.5 | AS49: 2439823 | AT49: 2694109.1 | AU49: 3141750.1 | AV49: 3756114.4 | AW49: 4202315.9 | AX49: 4524014.8 | AY49: 4946994.2 | AZ49: 5480477.5 | BA49: 5883876.1 | BB49: 6308382.2 | BC49: 6756238.1 | BD49: 7210837.6 | BE49: 7770306.1 | BF49: 8408269.5 | BG49: 9181881.1 | BH49: Our estimates.
B50: 30200 | C50: Operating surplus and mixed income | D50: million taka | E50: 29030.828 | F50: 27023.055 | G50: 19389.24 | H50: 41390.574 | I50: 66804.737 | J50: 119934.27 | K50: 92235.717 | L50: 97709.45 | M50: 127621.36 | N50: 147662.55 | O50: 149178.25 | P50: 173908.59 | Q50: 189977.67 | R50: 224168.18 | S50: 280230.49 | T50: 336173.38 | U50: 366891.76 | V50: 409615.25 | W50: 446934.79 | X50: 509224.67 | Y50: 590498.09 | Z50: 665894.98 | AA50: 724457.98 | AB50: 746777.27 | AC50: 813204.72 | AD50: 936669.14 | AE50: 1018468.8 | AF50: 1120783.2 | AG50: 1244643.3 | AH50: 1352135.7 | AI50: 1458437.7 | AJ50: 1598253.7 | AK50: 1755595.2 | AL50: 2006194.3 | AM50: 2206058.6 | AN50: 2513708.7 | AO50: 2885972.9 | AP50: 3390194.3 | AQ50: 3948470.4 | AR50: 4433842.9 | AS50: 5088651.5 | AT50: 6053620.3 | AU50: 6891071.8 | AV50: 7839232.8 | AW50: 9091292 | AX50: 10733261 | AY50: 12752977 | AZ50: 14248279 | BA50: 16440189 | BB50: 18701043 | BC50: 20300847 | BD50: 22943883 | BE50: 26087769 | BF50: 30228552 | BG50: 33919960 | BH50: Our estimates.
B51: 30300 | C51: Consumption of fixed capital (CFC) | D51: million taka | E51: 3122.8705 | F51: 2973.1157 | G51: 3660.0213 | H51: 5551.971 | I51: 9361.6815 | J51: 13671.656 | K51: 14700.168 | L51: 14474.683 | M51: 15489.14 | N51: 18401.589 | O51: 23660.453 | P51: 29556.953 | Q51: 32821 | R51: 35291.538 | S51: 38029.04 | T51: 44652.895 | U51: 51072.089 | V51: 55445.541 | W51: 61400.353 | X51: 69019.82 | Y51: 81029.208 | Z51: 92381.592 | AA51: 100164.98 | AB51: 104058.24 | AC51: 113646.89 | AD51: 132304.37 | AE51: 149119.33 | AF51: 169293.78 | AG51: 191249.4 | AH51: 206736.45 | AI51: 239655.74 | AJ51: 263287.23 | AK51: 294589.16 | AL51: 329345.68 | AM51: 382884.87 | AN51: 437338.84 | AO51: 514476.14 | AP51: 592450.39 | AQ51: 699989.32 | AR51: 784903.39 | AS51: 879491.35 | AT51: 1066512 | AU51: 1271210.5 | AV51: 1457477.3 | AW51: 1648962.7 | AX51: 1863145 | AY51: 2167050.6 | AZ51: 2480788.5 | BA51: 2834230.9 | BB51: 3222322.3 | BC51: 3506725.7 | BD51: 3814301.3 | BE51: 4329769.2 | BF51: 4782138.7 | BG51: 5249663.7 | BH51: Our estimates.
B52: 30400 | C52: Indirect taxes on production and imports | D52: million taka | E52: 1938.7946 | F52: 1832.5496 | G52: 1751.2211 | H52: 2728.2263 | I52: 4146.9421 | J52: 6484.3825 | K52: 7247.7813 | L52: 6209.4738 | M52: 8884.8537 | N52: 10679.786 | O52: 13204.204 | P52: 15489.017 | Q52: 18384.566 | R52: 20236.343 | S52: 22704.394 | T52: 26335.019 | U52: 28521.852 | V52: 32979.476 | W52: 37102.332 | X52: 42253.131 | Y52: 48046.364 | Z52: 50398.845 | AA52: 54390.898 | AB52: 60366.675 | AC52: 64687.714 | AD52: 81744.724 | AE52: 93045.481 | AF52: 97565.748 | AG52: 107634.5 | AH52: 118824.82 | AI52: 129913.58 | AJ52: 149112.01 | AK52: 163762.19 | AL52: 191980.12 | AM52: 212392.63 | AN52: 238217.09 | AO52: 259650.33 | AP52: 274807.9 | AQ52: 335062.73 | AR52: 367836.91 | AS52: 434208.24 | AT52: 541419.58 | AU52: 631745.28 | AV52: 686407.4 | AW52: 733985.21 | AX52: 828630.64 | AY52: 1010199.7 | AZ52: 1092129.2 | BA52: 1348039.4 | BB52: 1546606.9 | BC52: 1433182.7 | BD52: 1611332.9 | BE52: 1846142.2 | BF52: 1836387.9 | BG52: 2068288 | BH52: Based on available data in the IMF-GFS and our interpolated estimates.
B53: 30500 | C53: Subsidies | D53: million taka | E53: 42.570168 | F53: 42.361297 | G53: 37.316273 | H53: 60.370386 | I53: 95.464192 | J53: 157.01213 | K53: 136.18344 | L53: 131.74935 | M53: 172.14967 | N53: 206.74471 | O53: 228.21198 | P53: 266.26908 | Q53: 305.20329 | R53: 345.24384 | S53: 414.88942 | T53: 477.347 | U53: 532.41884 | V53: 622.18044 | W53: 687.79849 | X53: 771.33874 | Y53: 869.74434 | Z53: 947.03145 | AA53: 1012.9672 | AB53: 1060.6285 | AC53: 1144.806 | AD53: 1313.931 | AE53: 1447.643 | AF53: 1519.081 | AG53: 1642.6262 | AH53: 1784.1793 | AI53: 1911.7308 | AJ53: 2087.71 | AK53: 3418.81 | AL53: 9383.73 | AM53: 8882.67 | AN53: 15332.324 | AO53: 12279.976 | AP53: 24611.13 | AQ53: 52011.501 | AR53: 67317.534 | AS53: 65212.017 | AT53: 76179.1 | AU53: 98945.3 | AV53: 144169.7 | AW53: 123692.5 | AX53: 113030.5 | AY53: 119010 | AZ53: 58600.7 | BA53: 113856 | BB53: 264066.4 | BC53: 292300 | BD53: 278506.95 | BE53: 316822.68 | BF53: 346931.06 | BG53: 393255.71 | BH53: Based on available data in the IMF-GFS and our interpolated estimates.
B54: 30600 | C54: Gross National Income (GNI) | D54: million taka | E54: 48841.543 | F54: 47533.274 | G54: 40840.614 | H54: 69634.863 | I54: 107182.24 | J54: 175823.23 | K54: 155913.9 | L54: 163542.52 | M54: 204942.75 | N54: 246114.38 | O54: 270027.42 | P54: 333782.43 | Q54: 377812.82 | R54: 434481.78 | S54: 523231.82 | T54: 599226.09 | U54: 681372.5 | V54: 792035.11 | W54: 877755.1 | X54: 984498.45 | Y54: 1113865.7 | Z54: 1236384.2 | AA54: 1350798.9 | AB54: 1432887.6 | AC54: 1564598 | AD54: 1775470.8 | AE54: 1949329.1 | AF54: 2118975 | AG54: 2334849.5 | AH54: 2541272.9 | AI54: 2772938.9 | AJ54: 3002646.8 | AK54: 3300315.9 | AL54: 3708933.4 | AM54: 4116292.2 | AN54: 4638973.5 | AO54: 5350529.3 | AP54: 6203148.6 | AQ54: 7255691.6 | AR54: 8238924.1 | AS54: 9422997.1 | AT54: 11004617 | AU54: 12729852 | AV54: 14559353 | AW54: 16448357 | AX54: 18820042 | AY54: 21730750 | AZ54: 24045571 | BA54: 27447912 | BB54: 30723235 | BC54: 33017012 | BD54: 37159966 | BE54: 41290624 | BF54: 46700802 | BG54: 52180810 | BH54: Based on national accounts in each country, including our adjustments.
B55: 30700 | C55: Net National Income (NNI) | D55: million taka | E55: 45718.673 | F55: 44560.158 | G55: 37180.593 | H55: 64082.892 | I55: 97820.562 | J55: 162151.57 | K55: 141213.73 | L55: 149067.83 | M55: 189453.61 | N55: 227712.79 | O55: 246366.96 | P55: 304225.47 | Q55: 344991.82 | R55: 399190.24 | S55: 485202.78 | T55: 554573.2 | U55: 630300.41 | V55: 736589.57 | W55: 816354.75 | X55: 915478.63 | Y55: 1032836.5 | Z55: 1144002.6 | AA55: 1250633.9 | AB55: 1328829.4 | AC55: 1450951.1 | AD55: 1643166.5 | AE55: 1800209.7 | AF55: 1949681.2 | AG55: 2143600.1 | AH55: 2334536.5 | AI55: 2533283.1 | AJ55: 2739359.5 | AK55: 3005726.7 | AL55: 3379587.7 | AM55: 3733407.3 | AN55: 4201634.6 | AO55: 4836053.2 | AP55: 5610698.2 | AQ55: 6555702.2 | AR55: 7454020.7 | AS55: 8543505.7 | AT55: 9938104.8 | AU55: 11458642 | AV55: 13101876 | AW55: 14799395 | AX55: 16956897 | AY55: 19563699 | AZ55: 21564782 | BA55: 24613681 | BB55: 27500913 | BC55: 29510286 | BD55: 33345665 | BE55: 36960855 | BF55: 41918663 | BG55: 46931146 | BH55: Based on national accounts in each country, including our adjustments.
B56: 30800 | C56: Net primary income from the rest of the world | D56: million taka | E56: 324.7093 | F56: 316.01164 | G56: 283.82007 | H56: 165.94944 | I56: 82.837504 | J56: -74.825728 | K56: -175.47264 | L56: -654.27866 | M56: -658.37466 | N56: -452.96845 | O56: -7842.5948 | P56: 5573 | Q56: 6448 | R56: 12211 | S56: 13302 | T56: 9800 | U56: 12844 | V56: 17636 | W56: 18885 | X56: 20443 | Y56: 20915 | Z56: 23600 | AA56: 29020 | AB56: 34122 | AC56: 42338 | AD56: 46512 | AE56: 49536 | AF56: 58458 | AG56: 64972 | AH56: 75526 | AI56: 87135 | AJ56: 88413 | AK56: 125425 | AL56: 140418 | AM56: 165831 | AN56: 189280 | AO56: 272075 | AP56: 352755 | AQ56: 483895 | AR56: 559012 | AS56: 646035 | AT56: 725135 | AU56: 893020 | AV56: 964291 | AW56: 895494 | AX56: 984021 | AY56: 972538 | AZ56: 802498 | BA56: 1055433 | BB56: 1208947 | BC56: 1312318 | BD56: 1858118 | BE56: 1573460 | BF56: 1792385 | BG56: 2154273 | BH56: Based on national accounts in each country, including our adjustments.
B57: 30900 | C57: National disposable income, gross | D57: million taka | P57: 345034.43 | Q57: 390739.82 | R57: 452503.78 | S57: 540492.82 | T57: 616380.09 | U57: 696844.5 | V57: 810897.11 | W57: 905112.1 | X57: 1008438.5 | Y57: 1140481.7 | Z57: 1268960.2 | AA57: 1386795.9 | AB57: 1469713.6 | AC57: 1599301 | AD57: 1820412.8 | AE57: 1987497.1 | AF57: 2163024 | AG57: 2357212.5 | AH57: 2566872.9 | AI57: 2809470.9 | AJ57: 3026038.8 | AK57: 3319217.9 | AL57: 3734047.4 | AM57: 4137875.2 | AN57: 4665781.5 | AO57: 5387058.3 | AP57: 6243033.6 | AQ57: 7312404.6 | AR57: 8262993.1 | AS57: 9465476.1 | AT57: 11035632 | AU57: 12747761 | AV57: 14613102 | AW57: 16511699 | AX57: 18876043 | AY57: 21763239 | AZ57: 24089735 | BA57: 27490037 | BB57: 30769786 | BC57: 33080706 | BD57: 37226502 | BE57: 41355672 | BF57: 46788233 | BG57: 52257130 | BH57: Based on national accounts in each country, including our adjustments.
B58: 31000 | C58: National disposable income, net | D58: million taka | P58: 315477.47 | Q58: 357918.82 | R58: 417212.24 | S58: 502463.78 | T58: 571727.2 | U58: 645772.41 | V58: 755451.57 | W58: 843711.75 | X58: 939418.63 | Y58: 1059452.5 | Z58: 1176578.6 | AA58: 1286630.9 | AB58: 1365655.4 | AC58: 1485654.1 | AD58: 1688108.5 | AE58: 1838377.7 | AF58: 1993730.2 | AG58: 2165963.1 | AH58: 2360136.5 | AI58: 2569815.1 | AJ58: 2762751.5 | AK58: 3024628.7 | AL58: 3404701.7 | AM58: 3754990.3 | AN58: 4228442.6 | AO58: 4872582.2 | AP58: 5650583.2 | AQ58: 6612415.2 | AR58: 7478089.7 | AS58: 8585984.7 | AT58: 9969119.8 | AU58: 11476551 | AV58: 13155625 | AW58: 14862737 | AX58: 17012898 | AY58: 19596188 | AZ58: 21608946 | BA58: 24655806 | BB58: 27547464 | BC58: 29573980 | BD58: 33412201 | BE58: 37025903 | BF58: 42006094 | BG58: 47007466 | BH58: Based on national accounts in each country, including our adjustments.
B59: 31100 | C59: Net current transfer in cash or in kind | D59: million taka | P59: 11252 | Q59: 12927 | R59: 18022 | S59: 17261 | T59: 17154 | U59: 15472 | V59: 18862 | W59: 27357 | X59: 23940 | Y59: 26616 | Z59: 32576 | AA59: 35997 | AB59: 36826 | AC59: 34703 | AD59: 44942 | AE59: 38168 | AF59: 44049 | AG59: 22363 | AH59: 25600 | AI59: 36532 | AJ59: 23392 | AK59: 18902 | AL59: 25114 | AM59: 21583 | AN59: 26808 | AO59: 36529 | AP59: 39885 | AQ59: 56713 | AR59: 24069 | AS59: 42479 | AT59: 31015 | AU59: 17909 | AV59: 53749 | AW59: 63342 | AX59: 56001 | AY59: 32489 | AZ59: 44164 | BA59: 42125 | BB59: 46551 | BC59: 63694 | BD59: 66536 | BE59: 65048 | BF59: 87431 | BG59: 76320 | BH59: Based on national accounts in each country, including our adjustments.
A60: 4. Productivity Indicators
B61: 40100 | C61: Total factor productivity (TFP) | D61: index (2010=1.0) | E61: 1.1425939 | F61: 1.1510939 | G61: 1.0265513 | H61: 0.93442854 | I61: 0.95166461 | J61: 0.90285645 | K61: 0.93899546 | L61: 0.9306092 | M61: 0.9682632 | N61: 0.96387432 | O61: 0.94736149 | P61: 0.93955477 | Q61: 0.89957071 | R61: 0.88271426 | S61: 0.92560587 | T61: 0.91427495 | U61: 0.92802344 | V61: 0.92066089 | W61: 0.92886257 | X61: 0.91153234 | Y61: 0.94833237 | Z61: 0.93958595 | AA61: 0.95359978 | AB61: 0.92368968 | AC61: 0.94151527 | AD61: 0.92651682 | AE61: 0.90554619 | AF61: 0.892153 | AG61: 0.90538011 | AH61: 0.91226964 | AI61: 0.92582168 | AJ61: 0.92628246 | AK61: 0.90989929 | AL61: 0.90731504 | AM61: 0.9225382 | AN61: 0.9442209 | AO61: 0.97223855 | AP61: 0.99012639 | AQ61: 0.99360725 | AR61: 0.99082167 | AS61: 1 | AT61: 1.0039866 | AU61: 0.98384823 | AV61: 0.98479045 | AW61: 0.99403079 | AX61: 1.0124016 | AY61: 1.0366886 | AZ61: 1.0255434 | BA61: 1.0441645 | BB61: 1.0428739 | BC61: 1.0181898 | BD61: 1.0259279 | BE61: 1.0333123 | BF61: 1.0189565 | BG61: 1.0075768 | BH61: Our estimates.
B62: 40200 | C62: Labor productivity (based on hours worked) | D62: index (2010=1.0) | E62: 0.59327433 | F62: 0.5712421 | G62: 0.50362062 | H62: 0.45698891 | I62: 0.46122581 | J62: 0.43564347 | K62: 0.45029036 | L62: 0.44309012 | M62: 0.45907315 | N62: 0.45863626 | O62: 0.45362049 | P62: 0.45485186 | Q62: 0.44353237 | R62: 0.44283464 | S62: 0.47320714 | T62: 0.46684523 | U62: 0.46852825 | V62: 0.47224842 | W62: 0.48125673 | X62: 0.48596172 | Y62: 0.52042972 | Z62: 0.52837205 | AA62: 0.5433097 | AB62: 0.53527883 | AC62: 0.55671512 | AD62: 0.55881786 | AE62: 0.56265935 | AF62: 0.57448739 | AG62: 0.5952503 | AH62: 0.62159846 | AI62: 0.65480673 | AJ62: 0.67057431 | AK62: 0.67405311 | AL62: 0.68996048 | AM62: 0.73268521 | AN62: 0.78237173 | AO62: 0.84922153 | AP62: 0.88686954 | AQ62: 0.92219003 | AR62: 0.95299951 | AS62: 1 | AT62: 1.0516094 | AU62: 1.0794112 | AV62: 1.1260524 | AW62: 1.1870074 | AX62: 1.2650052 | AY62: 1.3601723 | AZ62: 1.4178487 | BA62: 1.5197215 | BB62: 1.5981767 | BC62: 1.6382582 | BD62: 1.7307421 | BE62: 1.8190533 | BF62: 1.8765758 | BG62: 1.9391635 | BH62: Our estimates.
B63: 40300 | C63: Labor productivity (based on number of employment) | D63: index (2010=1.0) | E63: 0.59010517 | F63: 0.56729372 | G63: 0.49922838 | H63: 0.45263264 | I63: 0.45645276 | J63: 0.43073777 | K63: 0.44637365 | L63: 0.44040077 | M63: 0.45745373 | N63: 0.45808395 | O63: 0.45395511 | P63: 0.45535007 | Q63: 0.44447147 | R63: 0.44392388 | S63: 0.47418532 | T63: 0.47682166 | U63: 0.49882439 | V63: 0.50223694 | W63: 0.51194799 | X63: 0.51766301 | Y63: 0.55225651 | Z63: 0.55883986 | AA63: 0.57226617 | AB63: 0.56170407 | AC63: 0.58227666 | AD63: 0.58278088 | AE63: 0.58544491 | AF63: 0.59411009 | AG63: 0.61179953 | AH63: 0.63489968 | AI63: 0.66464748 | AJ63: 0.68016081 | AK63: 0.68258532 | AL63: 0.69694025 | AM63: 0.74276409 | AN63: 0.79620489 | AO63: 0.86834907 | AP63: 0.90131599 | AQ63: 0.93172534 | AR63: 0.95764285 | AS63: 1 | AT63: 1.0650605 | AU63: 1.1053185 | AV63: 1.1648367 | AW63: 1.2408928 | AX63: 1.3341337 | AY63: 1.4453803 | AZ63: 1.5051577 | BA63: 1.6152021 | BB63: 1.6999633 | BC63: 1.7443389 | BD63: 1.8435236 | BE63: 1.9347479 | BF63: 1.9970415 | BG63: 2.0648019 | BH63: Our estimates.
B64: 40400 | C64: Capital productivity | D64: index (2010=1.0) | E64: 1.4654616 | F64: 1.5395511 | G64: 1.3916807 | H64: 1.2737141 | I64: 1.3084548 | J64: 1.247666 | K64: 1.3241585 | L64: 1.3413738 | M64: 1.4198846 | N64: 1.4279374 | O64: 1.416062 | P64: 1.401487 | Q64: 1.3337578 | R64: 1.3025751 | S64: 1.3580631 | T64: 1.3448716 | U64: 1.337294 | V64: 1.3268213 | W64: 1.3466598 | X64: 1.3029269 | Y64: 1.3389315 | Z64: 1.3222002 | AA64: 1.3360591 | AB64: 1.2830037 | AC64: 1.2919572 | AD64: 1.2561678 | AE64: 1.2032446 | AF64: 1.1499574 | AG64: 1.1479379 | AH64: 1.1242127 | AI64: 1.1077918 | AJ64: 1.0887868 | AK64: 1.0535102 | AL64: 1.0334405 | AM64: 1.0330575 | AN64: 1.0403343 | AO64: 1.0480033 | AP64: 1.0533896 | AQ64: 1.0367118 | AR64: 1.0134352 | AS64: 1 | AT64: 0.99030805 | AU64: 0.95866788 | AV64: 0.95161038 | AW64: 0.94585344 | AX64: 0.94867275 | AY64: 0.95628662 | AZ64: 0.93517318 | BA64: 0.93206307 | BB64: 0.91255582 | BC64: 0.87506364 | BD64: 0.86705013 | BE64: 0.86292529 | BF64: 0.83904979 | BG64: 0.81883111 | BH64: Our estimates.
A65: 5. Capital Input
B66: 50100 | C66: Beginning-of-the-period capital stock at constant prices | D66: million taka (2024 prices) | E66: 70456.404 | F66: 73488.854 | G66: 104794.71 | H66: 159477.03 | I66: 247280.73 | J66: 393123.55 | K66: 445023.4 | L66: 422338 | M66: 448695.41 | N66: 500101.92 | O66: 618747.09 | P66: 728956.93 | Q66: 813236.19 | R66: 885682.11 | S66: 959834.31 | T66: 1124610.4 | U66: 1297037.8 | V66: 1410919.8 | W66: 1582410.1 | X66: 1769224.6 | Y66: 2033747.8 | Z66: 2346211.5 | AA66: 2628682.7 | AB66: 2860245.3 | AC66: 3117972.1 | AD66: 3576558.3 | AE66: 4013213.3 | AF66: 4422450.4 | AG66: 4883878.2 | AH66: 5276987 | AI66: 6009144.6 | AJ66: 6588335.5 | AK66: 7196357.5 | AL66: 8047250.5 | AM66: 9091679.3 | AN66: 10061707 | AO66: 11437709 | AP66: 12986395 | AQ66: 15480675 | AR66: 17698325 | AS66: 20289800 | AT66: 23993691 | AU66: 29049708 | AV66: 34494713 | AW66: 39146867 | AX66: 44490511 | AY66: 51712884 | AZ66: 59542350 | BA66: 68150708 | BB66: 77929945 | BC66: 88024876 | BD66: 96933069 | BE66: 109715100 | BF66: 124390125 | BG66: 140332148 | BH66: Our estimates evaluated at the mid-year prices of the reference year.
B67: 50101 | C67: …of which, produced assets | D67: million taka (2024 prices) | E67: 63150.545 | F67: 61390.914 | G67: 85737.584 | H67: 133105.87 | I67: 214341.41 | J67: 352204.3 | K67: 394195.42 | L67: 362589.65 | M67: 379915.94 | N67: 423645.54 | O67: 528838.09 | P67: 626272.47 | Q67: 690182.54 | R67: 742731.4 | S67: 799352.11 | T67: 939613.74 | U67: 1084065.9 | V67: 1171434.3 | W67: 1300320.1 | X67: 1453883.5 | Y67: 1687364.4 | Z67: 1951095.6 | AA67: 2165472 | AB67: 2328617.4 | AC67: 2536852.7 | AD67: 2910979.9 | AE67: 3232807.9 | AF67: 3558778.6 | AG67: 3933361.4 | AH67: 4226058.2 | AI67: 4821404 | AJ67: 5266152.8 | AK67: 5751436.5 | AL67: 6451039.3 | AM67: 7340505.7 | AN67: 8086287.2 | AO67: 9228664.8 | AP67: 10488732 | AQ67: 12617601 | AR67: 14356209 | AS67: 16417432 | AT67: 19714813 | AU67: 23635488 | AV67: 28061143 | AW67: 31990371 | AX67: 36496543 | AY67: 42787351 | AZ67: 49630325 | BA67: 57284955 | BB67: 65975513 | BC67: 74900342 | BD67: 82871131 | BE67: 94363031 | BF67: 107383179 | BG67: 121750565 | BH67: Our estimates evaluated at the mid-year prices of the reference year.
B68: 50102 | C68: …of which, land | D68: million taka (2024 prices) | E68: 7305.8599 | F68: 12097.94 | G68: 19057.128 | H68: 26371.167 | I68: 32939.318 | J68: 40919.257 | K68: 50827.973 | L68: 59748.342 | M68: 68779.473 | N68: 76456.379 | O68: 89908.999 | P68: 102684.46 | Q68: 123053.65 | R68: 142950.71 | S68: 160482.2 | T68: 184996.65 | U68: 212971.93 | V68: 239485.55 | W68: 282090.02 | X68: 315341.06 | Y68: 346383.41 | Z68: 395115.91 | AA68: 463210.71 | AB68: 531627.93 | AC68: 581119.36 | AD68: 665578.39 | AE68: 780405.35 | AF68: 863671.84 | AG68: 950516.83 | AH68: 1050928.7 | AI68: 1187740.6 | AJ68: 1322182.7 | AK68: 1444921 | AL68: 1596211.2 | AM68: 1751173.6 | AN68: 1975419.5 | AO68: 2209044 | AP68: 2497663.4 | AQ68: 2863074.8 | AR68: 3342115.2 | AS68: 3872367.8 | AT68: 4278878.1 | AU68: 5414220 | AV68: 6433570 | AW68: 7156496.8 | AX68: 7993967.7 | AY68: 8925532.5 | AZ68: 9912024.4 | BA68: 10865753 | BB68: 11954432 | BC68: 13124534 | BD68: 14061938 | BE68: 15352069 | BF68: 17006946 | BG68: 18581582 | BH68: Our estimates evaluated at the mid-year prices of the reference year.
B69: 50200 | C69: Beginning-of-the-period capital stock at current prices | D69: million taka | E69: 15587265 | F69: 15654495 | G69: 15211618 | H69: 15224936 | I69: 15282789 | J69: 15253423 | K69: 15370345 | L69: 15555600 | M69: 15817894 | N69: 16171787 | O69: 16502324 | P69: 16938367 | Q69: 17408103 | R69: 17851309 | S69: 18388330 | T69: 18980943 | U69: 19567683 | V69: 20153049 | W69: 20608003 | X69: 21014595 | Y69: 21552001 | Z69: 22143590 | AA69: 22624431 | AB69: 23358178 | AC69: 24147123 | AD69: 25088754 | AE69: 26027333 | AF69: 26935452 | AG69: 27933697 | AH69: 28784140 | AI69: 30256535 | AJ69: 31772390 | AK69: 33310347 | AL69: 35033261 | AM69: 36939520 | AN69: 38498274 | AO69: 40692752 | AP69: 43052569 | AQ69: 45497736 | AR69: 48319285 | AS69: 51443412 | AT69: 54866650 | AU69: 58583613 | AV69: 62524885 | AW69: 66764464 | AX69: 71595027 | AY69: 77075200 | AZ69: 83140965 | BA69: 89671453 | BB69: 96994338 | BC69: 104894536 | BD69: 112548898 | BE69: 121048523 | BF69: 130476468 | BG69: 140332148 | BH69: Our estimates evaluated at the mid-year prices of each year.
B70: 50201 | C70: …of which, produced assets | D70: million taka | E70: 5598147.5 | F70: 5585600.4 | G70: 5070553.2 | H70: 5020342.4 | I70: 5006307.4 | J70: 4874087 | K70: 4917490.7 | L70: 4998705.4 | M70: 5142931.3 | N70: 5365243.7 | O70: 5570382.2 | P70: 5892624.9 | Q70: 6244583.7 | R70: 6573271.3 | S70: 6978090.8 | T70: 7460321.2 | U70: 7936562.6 | V70: 8408112.6 | W70: 8751684.5 | X70: 9050473.7 | Y70: 9480615 | Z70: 9969789.3 | AA70: 10312258 | AB70: 10902284 | AC70: 11548654 | AD70: 12247230 | AE70: 13006489 | AF70: 13800336 | AG70: 14652145 | AH70: 15358596 | AI70: 16673648 | AJ70: 18039319 | AK70: 19383759 | AL70: 20912018 | AM70: 22617841 | AN70: 23994389 | AO70: 25993029 | AP70: 28160548 | AQ70: 30413135 | AR70: 33041072 | AS70: 35970363 | AT70: 39185746 | AU70: 42689714 | AV70: 46421422 | AW70: 50444721 | AX70: 55042420 | AY70: 60289303 | AZ70: 66112404 | BA70: 72404607 | BB70: 79491406 | BC70: 87137744 | BD70: 94568635 | BE70: 102801541 | BF70: 112073123 | BG70: 121750565 | BH70: Our estimates evaluated at the mid-year prices of each year.
B71: 50202 | C71: …of which, land | D71: million taka | E71: 10384408 | F71: 10467720 | G71: 10546416 | H71: 10613025 | I71: 10688117 | J71: 10796295 | K71: 10872708 | L71: 10980715 | M71: 11102939 | N71: 11238746 | O71: 11368215 | P71: 11484812 | Q71: 11605361 | R71: 11722664 | S71: 11857913 | T71: 11969888 | U71: 12082023 | V71: 12197650 | W71: 12311582 | X71: 12422078 | Y71: 12531142 | Z71: 12634759 | AA71: 12776857 | AB71: 12922900 | AC71: 13067377 | AD71: 13316335 | AE71: 13498401 | AF71: 13612375 | AG71: 13759522 | AH71: 13905080 | AI71: 14060546 | AJ71: 14208210 | AK71: 14401221 | AL71: 14594206 | AM71: 14792050 | AN71: 14973050 | AO71: 15164163 | AP71: 15350467 | AQ71: 15536503 | AR71: 15721138 | AS71: 15905058 | AT71: 16100673 | AU71: 16299743 | AV71: 16493730 | AW71: 16692798 | AX71: 16905373 | AY71: 17114106 | AZ71: 17328813 | BA71: 17535853 | BB71: 17735351 | BC71: 17949697 | BD71: 18133762 | BE71: 18357649 | BF71: 18459547 | BG71: 18581582 | BH71: Our estimates evaluated at the mid-year prices of each year.
B72: 50300 | C72: Capital input (capital service) | D72: index (2010=1.0) | E72: 0.15445873 | F72: 0.14356121 | G72: 0.14189565 | H72: 0.14442208 | I72: 0.14542582 | J72: 0.14748592 | K72: 0.1492993 | L72: 0.15040445 | M72: 0.15233824 | N72: 0.15632569 | O72: 0.16093429 | P72: 0.16761082 | Q72: 0.1748045 | R72: 0.18214611 | S72: 0.19029134 | T72: 0.20022799 | U72: 0.2103404 | V72: 0.21922882 | W72: 0.22545817 | X72: 0.24051297 | Y72: 0.25380383 | Z72: 0.26405126 | AA72: 0.27648768 | AB72: 0.29174269 | AC72: 0.30978926 | AD72: 0.32869788 | AE72: 0.35399422 | AF72: 0.38213493 | AG72: 0.40029239 | AH72: 0.43009086 | AI72: 0.46216643 | AJ72: 0.4996268 | AK72: 0.53589039 | AL72: 0.57489704 | AM72: 0.62263791 | AN72: 0.67070509 | AO72: 0.72793995 | AP72: 0.78073502 | AQ72: 0.84851618 | AR72: 0.91971618 | AS72: 1 | AT72: 1.0994073 | AU72: 1.2024635 | AV72: 1.3001539 | AW72: 1.4035971 | AX72: 1.5159652 | AY72: 1.6418507 | AZ72: 1.7830891 | BA72: 1.9359826 | BB72: 2.097798 | BC72: 2.2611347 | BD72: 2.4269462 | BE72: 2.6099843 | BF72: 2.8029502 | BG72: 3.004143 | BH72: Our estimates (volume index).
B73: 50301 | C73: …IT capital | D73: index (2010=1.0) | E73: 0.00062425093 | F73: 0.00055556144 | G73: 0.00050905582 | H73: 0.00053025514 | I73: 0.00057315835 | J73: 0.00060824372 | K73: 0.00070866167 | L73: 0.00085848197 | M73: 0.0010829002 | N73: 0.0015110846 | O73: 0.0019471707 | P73: 0.0022713966 | Q73: 0.0028063005 | R73: 0.0035514001 | S73: 0.0041562597 | T73: 0.0048811926 | U73: 0.0058611131 | V73: 0.0064306492 | W73: 0.0071435984 | X73: 0.0083014145 | Y73: 0.012929354 | Z73: 0.017617056 | AA73: 0.018836851 | AB73: 0.020733161 | AC73: 0.023074318 | AD73: 0.024515724 | AE73: 0.027420947 | AF73: 0.034359282 | AG73: 0.043278435 | AH73: 0.053346604 | AI73: 0.063398461 | AJ73: 0.084916304 | AK73: 0.10700358 | AL73: 0.13915893 | AM73: 0.19357884 | AN73: 0.30591693 | AO73: 0.48673981 | AP73: 0.66196515 | AQ73: 0.79314588 | AR73: 0.86677729 | AS73: 1 | AT73: 1.2391272 | AU73: 1.5062717 | AV73: 1.7304727 | AW73: 1.9410825 | AX73: 2.2092182 | AY73: 2.6149663 | AZ73: 3.1404338 | BA73: 3.5478294 | BB73: 3.7764227 | BC73: 3.9022006 | BD73: 4.1293702 | BE73: 4.3508327 | BF73: 4.3244451 | BG73: 4.1864758 | BH73: Our estimates (volume index).
B74: 50302 | C74: …non-IT capital | D74: index (2010=1.0) | E74: 0.17097236 | F74: 0.15893752 | G74: 0.15713814 | H74: 0.15992468 | I74: 0.16101098 | J74: 0.16327574 | K74: 0.16522485 | L74: 0.16636172 | M74: 0.16838311 | N74: 0.17259388 | O74: 0.17748204 | P74: 0.18471414 | Q74: 0.19240332 | R74: 0.20015013 | S74: 0.2088889 | T74: 0.21958093 | U74: 0.23037806 | V74: 0.23998895 | W74: 0.24661078 | X74: 0.26284216 | Y74: 0.27608308 | Z74: 0.28608491 | AA74: 0.29946106 | AB74: 0.31577545 | AC74: 0.33506374 | AD74: 0.35550823 | AE74: 0.38266498 | AF74: 0.41219251 | AG74: 0.43057194 | AH74: 0.46159504 | AI74: 0.49515738 | AJ74: 0.53307975 | AK74: 0.56980345 | AL74: 0.60860077 | AM74: 0.65488445 | AN74: 0.69676509 | AO74: 0.74401139 | AP74: 0.78806221 | AQ74: 0.85165052 | AR74: 0.92267653 | AS74: 1 | AT74: 1.0925952 | AU74: 1.1885335 | AV74: 1.2812261 | AW74: 1.3807344 | AX74: 1.4879045 | AY74: 1.6052336 | AZ74: 1.7351832 | BA74: 1.8803133 | BB74: 2.0392267 | BC74: 2.2023073 | BD74: 2.3652622 | BE74: 2.5457311 | BF74: 2.7421669 | BG74: 2.9500611 | BH74: Our estimates (volume index). Land and inventories are included in non-IT capital.
B75: 50400 | C75: Capital income (remuneration) | D75: million taka | E75: 24837.914 | F75: 23216.001 | G75: 16028.174 | H75: 36167.499 | I75: 59691.185 | J75: 102671.84 | K75: 83488.614 | L75: 89338.322 | M75: 114597.66 | N75: 133875.01 | O75: 138763.55 | P75: 163269.8 | Q75: 177562.27 | R75: 209184.24 | S75: 255137.69 | T75: 304879.62 | U75: 330190.02 | V75: 359566.42 | W75: 393930.06 | X75: 452263.94 | Y75: 531551.25 | Z75: 602243.45 | AA75: 658725.98 | AB75: 687475.25 | AC75: 751489.62 | AD75: 867642.8 | AE75: 951510.08 | AF75: 1058073.3 | AG75: 1186282.4 | AH75: 1286617.8 | AI75: 1403159 | AJ75: 1547983.7 | AK75: 1718811 | AL75: 1971402.1 | AM75: 2194234 | AN75: 2517761.8 | AO75: 2916037.5 | AP75: 3438129.8 | AQ75: 4031979 | AR75: 4528193.8 | AS75: 5196006.8 | AT75: 6249534.4 | AU75: 7197912.4 | AV75: 8233463.9 | AW75: 9553653.2 | AX75: 11306679 | AY75: 13500860 | AZ75: 15171110 | BA75: 17580121 | BB75: 20108667 | BC75: 21897706 | BD75: 24723781 | BE75: 28218544 | BF75: 32635477 | BG75: 36493224 | BH75: Our estimates.
A76: 6. Labor Input
B77: 60100 | C77: Number of workers (persons/jobs) | D77: thousand persons | E77: 22380.373 | F77: 22731.76 | G77: 23079.121 | H77: 23712.075 | I77: 24322.839 | J77: 24925.611 | K77: 25840.984 | L77: 26728.356 | M77: 27588.283 | N77: 28431.797 | O77: 29290.569 | P77: 30099.243 | Q77: 30605.223 | R77: 31183.44 | S77: 31798.066 | T77: 32950.309 | U77: 32901.201 | V77: 33791.797 | W77: 34602.532 | X77: 35320.046 | Y77: 35902.569 | Z77: 36450.872 | AA77: 37662.855 | AB77: 38880.351 | AC77: 40104.671 | AD77: 41337.969 | AE77: 42449.629 | AF77: 43156.021 | AG77: 43822.429 | AH77: 44433.798 | AI77: 44944.342 | AJ77: 46664.523 | AK77: 48257.813 | AL77: 49738.174 | AM77: 50526.474 | AN77: 51131.619 | AO77: 51259.421 | AP77: 53238.457 | AQ77: 55085.855 | AR77: 56787.935 | AS77: 58345.834 | AT77: 59643.688 | AU77: 60850.269 | AV77: 61972.463 | AW77: 62422.605 | AX77: 62895.002 | AY77: 63379.597 | AZ77: 64638.748 | BA77: 65182.308 | BB77: 65704.245 | BC77: 66182.791 | BD77: 66598.661 | BE77: 67919.826 | BF77: 68710.936 | BG77: 69509.856 | BH77: Estimates in Asia-QALI Database developed at KEO, Keio University.
B78: 60101 | C78: …of which, employees | D78: thousand persons | E78: 7276.0308 | F78: 7372.602 | G78: 7463.4559 | H78: 7647.2127 | I78: 7822.6428 | J78: 8194.0448 | K78: 8699.7921 | L78: 9210.6042 | M78: 9724.7162 | N78: 10244.01 | O78: 10778.069 | P78: 11298.261 | Q78: 11714.205 | R78: 12156.307 | S78: 12607.555 | T78: 12355.381 | U78: 12017.366 | V78: 12319.777 | W78: 12603.839 | X78: 12863 | Y78: 13039.816 | Z78: 13231.161 | AA78: 13891.914 | AB78: 14571.338 | AC78: 15272.233 | AD78: 15995.733 | AE78: 16692 | AF78: 16806.655 | AG78: 16875.048 | AH78: 16887.797 | AI78: 16824.629 | AJ78: 16846.104 | AK78: 16805.866 | AL78: 16706.263 | AM78: 17095.632 | AN78: 17448.35 | AO78: 17674.654 | AP78: 18662.575 | AQ78: 19591.863 | AR78: 20465.026 | AS78: 21287.192 | AT78: 22164.711 | AU78: 23078.541 | AV78: 24035.81 | AW78: 24590.903 | AX78: 25153.707 | AY78: 25721.964 | AZ78: 27569.688 | BA78: 27802.959 | BB78: 28019.251 | BC78: 28214.399 | BD78: 28382.081 | BE78: 28871.374 | BF78: 29188.924 | BG78: 29516.599 | BH78: Estimates in Asia-QALI Database developed at KEO, Keio University.
B79: 60200 | C79: Hours worked (total employment) | D79: million hours | E79: 48774.976 | F79: 49462.575 | G79: 50126.907 | H79: 51459.51 | I79: 52741.488 | J79: 53998.716 | K79: 56126.87 | L79: 58208.196 | M79: 60234.572 | N79: 62220.985 | O79: 64224.972 | P79: 66021.728 | Q79: 67200.112 | R79: 68493.099 | S79: 69815.749 | T79: 73739.201 | U79: 76750.202 | V79: 78741.794 | W79: 80651.563 | X79: 82437.006 | Y79: 83475.717 | Z79: 84471.722 | AA79: 86920.004 | AB79: 89395.069 | AC79: 91906.706 | AD79: 94458.278 | AE79: 96776.58 | AF79: 97787.579 | AG79: 98687.43 | AH79: 99440.772 | AI79: 99956.059 | AJ79: 103706.84 | AK79: 107074.57 | AL79: 110082.19 | AM79: 112229.84 | AN79: 114013.72 | AO79: 114842.57 | AP79: 118549.21 | AQ79: 121944.85 | AR79: 125032.48 | AS79: 127839.7 | AT79: 132354.95 | AU79: 136527.11 | AV79: 140462.73 | AW79: 142981.09 | AX79: 145337.96 | AY79: 147568.46 | AZ79: 150349.14 | BA79: 151791.86 | BB79: 153131.33 | BC79: 154400.77 | BD79: 155431.03 | BE79: 158281.95 | BF79: 160214.84 | BG79: 162168.4 | BH79: Estimates in Asia-QALI Database developed at KEO, Keio University.
B80: 60201 | C80: …of which, employees | D80: million hours | E80: 18062.237 | F80: 18296.107 | G80: 18515.183 | H80: 18964.176 | I80: 19392.223 | J80: 20289.524 | K80: 21515.01 | L80: 22751.902 | M80: 23995.872 | N80: 25251.728 | O80: 26543.408 | P80: 27792.56 | Q80: 28783.648 | R80: 29839.217 | S80: 30917.457 | T80: 31084.107 | U80: 31049.134 | V80: 31872.492 | W80: 32654.941 | X80: 33377.491 | Y80: 33748.993 | Z80: 34147.231 | AA80: 35677.143 | AB80: 37244.034 | AC80: 38855.766 | AD80: 40514.322 | AE80: 42095.33 | AF80: 42332.526 | AG80: 42452.791 | AH80: 42431.697 | AI80: 42220.061 | AJ80: 42523.353 | AK80: 42674.363 | AL80: 42672.367 | AM80: 43915.965 | AN80: 45078.083 | AO80: 45911.316 | AP80: 48411.487 | AQ80: 50738.967 | AR80: 52901.798 | AS80: 54914.086 | AT80: 57260.924 | AU80: 59678.417 | AV80: 62188.368 | AW80: 63773.07 | AX80: 65423.018 | AY80: 67165.895 | AZ80: 69859.09 | BA80: 70453.986 | BB80: 70992.48 | BC80: 71498.845 | BD80: 71904.06 | BE80: 73051.259 | BF80: 73850.911 | BG80: 74672.246 | BH80: Estimates in Asia-QALI Database developed at KEO, Keio University.
B81: 60300 | C81: Quality-adjusted labor input (QALI) | D81: index (2010=1.0) | E81: 0.27532335 | F81: 0.27933802 | G81: 0.28312505 | H81: 0.29118505 | I81: 0.29902115 | J81: 0.30705651 | K81: 0.32629678 | L81: 0.34557896 | M81: 0.36443674 | N81: 0.38304652 | O81: 0.40216332 | P81: 0.41703392 | Q81: 0.42958091 | R81: 0.44330246 | S81: 0.45761356 | T81: 0.48414639 | U81: 0.48689944 | V81: 0.50757932 | W81: 0.52805138 | X81: 0.54802784 | Y81: 0.56426071 | Z81: 0.58306687 | AA81: 0.60500456 | AB81: 0.62707154 | AC81: 0.64940399 | AD81: 0.67196015 | AE81: 0.6935478 | AF81: 0.70157629 | AG81: 0.70887637 | AH81: 0.7151784 | AI81: 0.72002285 | AJ81: 0.74793587 | AK81: 0.77489264 | AL81: 0.79978862 | AM81: 0.83153421 | AN81: 0.86097529 | AO81: 0.88475254 | AP81: 0.91766465 | AQ81: 0.94784683 | AR81: 0.97532387 | AS81: 1 | AT81: 1.0596914 | AU81: 1.1207373 | AV81: 1.1844931 | AW81: 1.2258988 | AX81: 1.2673326 | AY81: 1.3087933 | AZ81: 1.3709643 | BA81: 1.389346 | BB81: 1.4070893 | BC81: 1.4240769 | BD81: 1.4390298 | BE81: 1.4798283 | BF81: 1.5039101 | BG81: 1.5282238 | BH81: Estimates in Asia-QALI Database developed at KEO, Keio University. This is measured based on the most detailed data in each country, thus can differ from that based on the common-classification estimates prsented here)
B82: 60400 | C82: Labor quality | D82: index (2010=1.0) | E82: 0.72162523 | F82: 0.72196986 | G82: 0.72205971 | H82: 0.72338442 | I82: 0.72479511 | J82: 0.72694341 | K82: 0.7432034 | L82: 0.75897747 | M82: 0.77346747 | N82: 0.78701021 | O82: 0.80050539 | P82: 0.80751431 | Q82: 0.81722323 | R82: 0.82740674 | S82: 0.83793671 | T82: 0.83935175 | U82: 0.81100862 | V82: 0.82407045 | W82: 0.83700706 | X82: 0.84985756 | Y82: 0.86414253 | Z82: 0.88241473 | AA82: 0.88982508 | AB82: 0.8967456 | AC82: 0.90330305 | AD82: 0.90942989 | AE82: 0.91616113 | AF82: 0.91718499 | AG82: 0.91827844 | AH82: 0.91942357 | AI82: 0.92087967 | AJ82: 0.92198253 | AK82: 0.92516869 | AL82: 0.92880362 | AM82: 0.94719087 | AN82: 0.96538224 | AO82: 0.98488297 | AP82: 0.98958034 | AQ82: 0.993666 | AR82: 0.99722172 | AS82: 1 | AT82: 1.0235404 | AU82: 1.0494232 | AV82: 1.0780457 | AW82: 1.0960787 | AX82: 1.1147495 | AY82: 1.1338177 | AZ82: 1.1657111 | BA82: 1.1701126 | BB82: 1.1746902 | BC82: 1.1790975 | BD82: 1.1835805 | BE82: 1.195214 | BF82: 1.20001 | BG82: 1.2047209 | BH82: Estimates in Asia-QALI Database developed at KEO, Keio University. This is measured based on the most detailed data in each country, thus can differ from that based on the common-classification estimates prsented here)
B83: 60500 | C83: Labor income ( (remuneration) | D83: million taka | E83: 21791.348 | F83: 22220.192 | G83: 22823.618 | H83: 30646.666 | I83: 43376.593 | J83: 66930.161 | K83: 65526.278 | L83: 68817.095 | M83: 82330.763 | N83: 102266.68 | O83: 126190.18 | P83: 149790.24 | Q83: 175808.1 | R83: 193291.64 | S83: 232610.84 | T83: 258819.78 | U83: 310503.16 | V83: 382646.23 | W83: 428720.74 | X83: 470531.56 | Y83: 514484.31 | Z83: 561393.89 | AA83: 610016.65 | AB83: 652355.46 | AC83: 707634.47 | AD83: 781357.42 | AE83: 857215.74 | AF83: 906984.05 | AG83: 978263.33 | AH83: 1062806.9 | AI83: 1155468 | AJ83: 1220137.3 | AK83: 1296737.2 | AL83: 1415633.7 | AM83: 1553981.4 | AN83: 1710442.4 | AO83: 1916635.1 | AP83: 2163876.5 | AQ83: 2458918.7 | AR83: 2853654.1 | AS83: 3214766.2 | AT83: 3568063.1 | AU83: 4110122.5 | AV83: 4824115.7 | AW83: 5394342.9 | AX83: 5819938.2 | AY83: 6373415.2 | AZ83: 7046820.1 | BA83: 7585912.8 | BB83: 8129765.6 | BC83: 8672770.5 | BD83: 9254410.5 | BE83: 9979742.3 | BF83: 10795397 | BG83: 11871748 | BH83: Estimates in Asia-QALI Database developed at KEO, Keio University. This includes labor incomes for self-employed and unpaid family workers.
A84: 7. Other Data
B85: 70100 | C85: Population, total | D85: thousand persons | E85: 71158.875 | F85: 72656.194 | G85: 73926.288 | H85: 75107.72 | I85: 76398 | J85: 77401.077 | K85: 78682.106 | L85: 80193.743 | M85: 81874.016 | N85: 83626.207 | O85: 85380.353 | P85: 87120 | Q85: 89354.822 | R85: 91629.071 | S85: 93964.361 | T85: 96372.811 | U85: 98856.843 | V85: 101398.42 | W85: 103965.27 | X85: 106514.95 | Y85: 109017.47 | Z85: 111455 | AA85: 112997.5 | AB85: 114481.15 | AC85: 115946.44 | AD85: 119957 | AE85: 122125 | AF85: 122697.86 | AG85: 123227.67 | AH85: 123689.34 | AI85: 124063.12 | AJ85: 124355.26 | AK85: 127257.7 | AL85: 130109.94 | AM85: 132866.3 | AN85: 135497.4 | AO85: 137982.6 | AP85: 140339.81 | AQ85: 142626.75 | AR85: 144926.58 | AS85: 147301.52 | AT85: 149772.36 | AU85: 151673.28 | AV85: 153774.3 | AW85: 155875.31 | AX85: 157976.33 | AY85: 159967.29 | AZ85: 161828.19 | BA85: 163729.11 | BB85: 165630.03 | BC85: 167480.92 | BD85: 169191.75 | BE85: 171379.8 | BF85: 170922.58 | BG85: 171672.95 | BH85: Based on population census and national accounts in each country, including our adjustment.
B86: 70101 | C86: …of which, male | D86: thousand persons | E86: 37090.137 | F86: 37731.501 | G86: 38243.323 | H86: 38860.049 | I86: 39532.135 | J86: 40042.268 | K86: 40681.627 | L86: 41438.776 | M86: 42281.907 | N86: 43161.074 | O86: 44040.066 | P86: 44919 | Q86: 46063.714 | R86: 47228.979 | S86: 48421.849 | T86: 49648.95 | U86: 50912.889 | V86: 52205.351 | W86: 53509.904 | X86: 54803.454 | Y86: 56071.289 | Z86: 57314 | AA86: 58108.379 | AB86: 58858.768 | AC86: 59598.238 | AD86: 61643 | AE86: 62714 | AF86: 63064.557 | AG86: 63392.874 | AH86: 63686.915 | AI86: 63929.785 | AJ86: 64091.508 | AK86: 65419.927 | AL86: 66707.417 | AM86: 67930.563 | AN86: 69075.217 | AO86: 70132.617 | AP86: 71113.842 | AQ86: 72049.033 | AR86: 72982.375 | AS86: 73949.091 | AT86: 74980.386 | AU86: 75791.932 | AV86: 76702.358 | AW86: 77608.947 | AX86: 78513.845 | AY86: 79364.875 | AZ86: 80244.979 | BA86: 81237.262 | BB86: 82227.657 | BC86: 83181.566 | BD86: 84054.723 | BE86: 85118.654 | BF86: 84825.508 | BG86: 85153.835 | BH86: Based on population census and national accounts in each country, including our adjustment.
B87: 70102 | C87: …of which, female | D87: thousand persons | E87: 34068.738 | F87: 34924.693 | G87: 35682.966 | H87: 36247.671 | I87: 36865.865 | J87: 37358.809 | K87: 38000.479 | L87: 38754.967 | M87: 39592.109 | N87: 40465.133 | O87: 41340.287 | P87: 42201 | Q87: 43291.108 | R87: 44400.092 | S87: 45542.512 | T87: 46723.861 | U87: 47943.954 | V87: 49193.07 | W87: 50455.37 | X87: 51711.492 | Y87: 52946.185 | Z87: 54141 | AA87: 54889.119 | AB87: 55622.384 | AC87: 56348.2 | AD87: 58314 | AE87: 59411 | AF87: 59633.298 | AG87: 59834.792 | AH87: 60002.43 | AI87: 60133.336 | AJ87: 60263.755 | AK87: 61837.77 | AL87: 63402.52 | AM87: 64935.74 | AN87: 66422.182 | AO87: 67849.984 | AP87: 69225.964 | AQ87: 70577.714 | AR87: 71944.205 | AS87: 73352.43 | AT87: 74791.978 | AU87: 75881.35 | AV87: 77071.939 | AW87: 78266.366 | AX87: 79462.483 | AY87: 80602.415 | AZ87: 81583.21 | BA87: 82491.845 | BB87: 83402.369 | BC87: 84299.354 | BD87: 85137.023 | BE87: 86261.15 | BF87: 86097.075 | BG87: 86519.111 | BH87: Based on population census and national accounts in each country, including our adjustment.
B88: 70103 | C88: …of which, ages 0-14 | D88: thousand persons | E88: 31617.583 | F88: 32358.054 | G88: 33054.925 | H88: 33672.678 | I88: 34308.242 | J88: 34777.914 | K88: 35316.331 | L88: 35958.136 | M88: 36686.527 | N88: 37468.488 | O88: 38274.19 | P88: 39072.956 | Q88: 40052.959 | R88: 40993.933 | S88: 41921.583 | T88: 42842.761 | U88: 43732.153 | V88: 44538.019 | W88: 45263.11 | X88: 45941.828 | Y88: 46565.636 | Z88: 47104.843 | AA88: 47222.905 | AB88: 47274.667 | AC88: 47258.953 | AD88: 48205.135 | AE88: 48330.306 | AF88: 47810.841 | AG88: 47311.478 | AH88: 46816.039 | AI88: 46303.682 | AJ88: 45911.326 | AK88: 46617.643 | AL88: 47296.304 | AM88: 47907.778 | AN88: 48425.572 | AO88: 48869.071 | AP88: 49265.41 | AQ88: 49624.52 | AR88: 49924.434 | AS88: 50156.779 | AT88: 50296.842 | AU88: 50092.379 | AV88: 49859.317 | AW88: 49578.181 | AX88: 49260.717 | AY88: 48895.682 | AZ88: 48671.949 | BA88: 48700.467 | BB88: 48821.374 | BC88: 49002.329 | BD88: 49191.656 | BE88: 49306.124 | BF88: 48475.152 | BG88: 48049.421 | BH88: Based on population census and national accounts in each country, including our adjustment.
B89: 70104 | C89: …of which, ages 15-64 | D89: thousand persons | E89: 37385.75 | F89: 38126.536 | G89: 38684.007 | H89: 39178.631 | I89: 39758.005 | J89: 40216.225 | K89: 40867.265 | L89: 41637.004 | M89: 42483.761 | N89: 43348.96 | O89: 44196.583 | P89: 45047.852 | Q89: 46207.411 | R89: 47447.786 | S89: 48762.146 | T89: 50156.162 | U89: 51656.854 | V89: 53298.586 | W89: 55048.88 | X89: 56834.356 | Y89: 58635.253 | Z89: 60466.715 | AA89: 61860.092 | AB89: 63260.322 | AC89: 64709.076 | AD89: 67650.757 | AE89: 69626.805 | AF89: 70699.286 | AG89: 71701.728 | AH89: 72624.422 | AI89: 73465.116 | AJ89: 74096.059 | AK89: 76136.023 | AL89: 78138.127 | AM89: 80101.163 | AN89: 82024.654 | AO89: 83867.744 | AP89: 85618.846 | AQ89: 87321.24 | AR89: 89074.207 | AS89: 90944.446 | AT89: 92969.749 | AU89: 94772.205 | AV89: 96800.085 | AW89: 98882.817 | AX89: 100970.66 | AY89: 102957.69 | AZ89: 104645.87 | BA89: 106092.07 | BB89: 107429.75 | BC89: 108705.85 | BD89: 109892.89 | BE89: 111559.26 | BF89: 111644.19 | BG89: 112467.42 | BH89: Based on population census and national accounts in each country, including our adjustment.
B90: 70105 | C90: …of which ages 65 and above | D90: thousand persons | E90: 2155.5415 | F90: 2171.6034 | G90: 2187.3565 | H90: 2256.4109 | I90: 2331.7527 | J90: 2406.9381 | K90: 2498.5102 | L90: 2598.6026 | M90: 2703.7285 | N90: 2808.759 | O90: 2909.5801 | P90: 2999.192 | Q90: 3094.4515 | R90: 3187.352 | S90: 3280.6316 | T90: 3373.8877 | U90: 3467.8361 | V90: 3561.8151 | W90: 3653.283 | X90: 3738.7619 | Y90: 3816.5846 | Z90: 3883.4415 | AA90: 3914.5014 | AB90: 3946.1624 | AC90: 3978.4075 | AD90: 4101.1086 | AE90: 4167.8894 | AF90: 4187.7278 | AG90: 4214.4601 | AH90: 4248.8835 | AI90: 4294.3231 | AJ90: 4347.8776 | AK90: 4504.0303 | AL90: 4675.5065 | AM90: 4857.3625 | AN90: 5047.1723 | AO90: 5245.7864 | AP90: 5455.55 | AQ90: 5680.988 | AR90: 5927.9376 | AS90: 6200.2961 | AT90: 6505.7723 | AU90: 6808.6984 | AV90: 7114.8954 | AW90: 7414.3145 | AX90: 7744.9497 | AY90: 8113.9222 | AZ90: 8510.3649 | BA90: 8936.5705 | BB90: 9378.8969 | BC90: 9772.7391 | BD90: 10107.199 | BE90: 10514.421 | BF90: 10803.244 | BG90: 11156.103 | BH90: Based on population census and national accounts in each country, including our adjustment.
B91: 70201 | C91: Urban population | D91: thousand persons | E91: 5253.2495 | F91: 5608.2872 | G91: 5977.9446 | H91: 6374.764 | I91: 6842.3368 | J91: 7457.2193 | K91: 8302.0134 | L91: 9304.6443 | M91: 10397.774 | N91: 11501.523 | O91: 12529.658 | P91: 13410.96 | Q91: 14302.804 | R91: 15197.307 | S91: 16095.022 | T91: 17000.475 | U91: 17916.932 | V91: 18844.178 | W91: 19779.274 | X91: 20717.096 | Y91: 21654.695 | Z91: 22588.235 | AA91: 23332.1 | AB91: 24044.299 | AC91: 24741.017 | AD91: 25984.164 | AE91: 26840.729 | AF91: 27355.909 | AG91: 27873.499 | AH91: 28395.454 | AI91: 28924.71 | AJ91: 29472.1 | AK91: 30685.952 | AL91: 31945.315 | AM91: 33229.173 | AN91: 34520.61 | AO91: 35803.608 | AP91: 37071.186 | AQ91: 38326.746 | AR91: 39581.079 | AS91: 40839.991 | AT91: 42101.035 | AU91: 43194.727 | AV91: 44349.59 | AW91: 45506.931 | AX91: 46665.433 | AY91: 47790.854 | AZ91: 48874.67 | BA91: 49966.138 | BB91: 51051.877 | BC91: 52114.859 | BD91: 53124.881 | BE91: 54282.385 | BF91: 54965.021 | BG91: 56099.834 | BH91: Based on population census and national accounts in each country, including our adjustment.
B92: 70202 | C92: Rural population | D92: thousand persons | E92: 65905.625 | F92: 67047.906 | G92: 67948.344 | H92: 68732.956 | I92: 69555.663 | J92: 69943.858 | K92: 70380.092 | L92: 70889.099 | M92: 71476.242 | N92: 72124.685 | O92: 72850.695 | P92: 73709.04 | Q92: 75052.018 | R92: 76431.764 | S92: 77869.338 | T92: 79372.337 | U92: 80939.911 | V92: 82554.242 | W92: 84186 | X92: 85797.85 | Y92: 87362.778 | Z92: 88866.765 | AA92: 89665.398 | AB92: 90436.852 | AC92: 91205.42 | AD92: 93972.836 | AE92: 95284.271 | AF92: 95341.946 | AG92: 95354.168 | AH92: 95293.891 | AI92: 95138.411 | AJ92: 94883.163 | AK92: 96571.745 | AL92: 98164.623 | AM92: 99637.13 | AN92: 100976.79 | AO92: 102178.99 | AP92: 103268.62 | AQ92: 104300 | AR92: 105345.5 | AS92: 106461.53 | AT92: 107671.33 | AU92: 108478.56 | AV92: 109424.71 | AW92: 110368.38 | AX92: 111310.89 | AY92: 112176.44 | AZ92: 112953.52 | BA92: 113762.97 | BB92: 114578.15 | BC92: 115366.06 | BD92: 116066.87 | BE92: 117097.42 | BF92: 115957.56 | BG92: 115573.11 | BH92: Based on population census and national accounts in each country, including our adjustment.
B93: 70300 | C93: GDP deflator | D93: index (2024=1.0) | E93: 0.015377194 | F93: 0.015326435 | G93: 0.014734197 | H93: 0.027092961 | I93: 0.04037926 | J93: 0.068577819 | K93: 0.056643117 | L93: 0.058388289 | M93: 0.068192254 | N93: 0.079244215 | O93: 0.087474681 | P93: 0.10023779 | Q93: 0.11427276 | R93: 0.12768501 | S93: 0.1415608 | T93: 0.15703457 | U93: 0.17050687 | V93: 0.19099689 | W93: 0.2029435 | X93: 0.22070645 | Y93: 0.23073612 | Z93: 0.24921238 | AA93: 0.25670179 | AB93: 0.26809493 | AC93: 0.27286378 | AD93: 0.30040809 | AE93: 0.31998363 | AF93: 0.3363948 | AG93: 0.35438737 | AH93: 0.36585699 | AI93: 0.37634774 | AJ93: 0.38433271 | AK93: 0.4034462 | AL93: 0.43090703 | AM93: 0.44061502 | AN93: 0.45750633 | AO93: 0.47757865 | AP93: 0.51034509 | AQ93: 0.55227743 | AR93: 0.59112318 | AS93: 0.62967401 | AT93: 0.67735114 | AU93: 0.73665976 | AV93: 0.7883132 | AW93: 0.84045717 | AX93: 0.88974157 | AY93: 0.94850525 | AZ93: 1 | BA93: 1.0493128 | BB93: 1.1060652 | BC93: 1.1495531 | BD93: 1.2035514 | BE93: 1.2651403 | BF93: 1.3699231 | BG93: 1.4590059 | BH93: Based on national accounts in each country, including our adjustments.
B94: 70400 | C94: Consumer Price Index (CPI) | D94: index (2024=1.0) | E94: 0.011336666 | F94: 0.011366864 | G94: 0.010824233 | H94: 0.02159601 | I94: 0.033088431 | J94: 0.056797772 | K94: 0.047731236 | L94: 0.050410286 | M94: 0.059218359 | N94: 0.068663407 | O94: 0.073846616 | P94: 0.084875706 | Q94: 0.098369076 | R94: 0.11184739 | S94: 0.12534076 | T94: 0.13883413 | U94: 0.15059565 | V94: 0.16546651 | W94: 0.17773215 | X94: 0.18847692 | Y94: 0.20002437 | Z94: 0.21274064 | AA94: 0.2204718 | AB94: 0.22711863 | AC94: 0.23918712 | AD94: 0.26381816 | AE94: 0.27008946 | AF94: 0.28441933 | AG94: 0.30831691 | AH94: 0.32714489 | AI94: 0.33436909 | AJ94: 0.34108046 | AK94: 0.35244718 | AL94: 0.37242639 | AM94: 0.40068437 | AN94: 0.42891907 | AO94: 0.45793657 | AP94: 0.49964078 | AQ94: 0.54411853 | AR94: 0.57362865 | AS94: 0.62024559 | AT94: 0.6909236 | AU94: 0.7338818 | AV94: 0.78914608 | AW94: 0.84432033 | AX94: 0.8966199 | AY94: 0.94605527 | AZ94: 1 | BA94: 1.0554362 | BB94: 1.1144562 | BC94: 1.1778807 | BD94: 1.2432019 | BE94: 1.3388906 | BF94: 1.4712199 | BG94: 1.625194 | BH94: Based on national accounts in each country, including our adjustments.
B95: 70500 | C95: Official exchange rate (LCU per US$, period average) | D95: local currency unit per US dollars | E95: 7.279 | F95: 7.8688426 | G95: 6.3461718 | H95: 9.7108238 | I95: 12.353183 | J95: 19.352664 | K95: 15.399169 | L95: 15.3751 | M95: 15.016117 | N95: 15.551925 | O95: 15.454058 | P95: 17.986692 | Q95: 22.117883 | R95: 24.615425 | S95: 25.353933 | T95: 27.994592 | U95: 30.4069 | V95: 30.949833 | W95: 31.733249 | X95: 32.27 | Y95: 34.568808 | Z95: 36.596183 | AA95: 38.950758 | AB95: 39.567258 | AC95: 40.211739 | AD95: 40.278318 | AE95: 41.794168 | AF95: 43.892116 | AG95: 46.905652 | AH95: 49.0854 | AI95: 52.141667 | AJ95: 55.806667 | AK95: 57.888 | AL95: 58.15004 | AM95: 59.512658 | AN95: 64.327475 | AO95: 68.933233 | AP95: 68.874875 | AQ95: 68.598275 | AR95: 69.039067 | AS95: 69.649292 | AT95: 74.1524 | AU95: 81.862658 | AV95: 78.103235 | AW95: 77.641408 | AX95: 77.946908 | AY95: 78.468092 | AZ95: 80.437542 | BA95: 83.466202 | BB95: 84.453523 | BC95: 84.871392 | BD95: 85.083763 | BE95: 91.745454 | BF95: 106.30948 | BG95: 115.60365 | BH95: Based on Analysis of Main Aggregate Rates by United Nations Statistics Division.
B96: 70600 | C96: PPP for GDP (LCU per international $) | D96: local currency unit per international dollars | J96: 8.8746107 | K96: 6.9124701 | L96: 6.29143 | M96: 7.3843617 | N96: 7.6745558 | O96: 8.2707378 | P96: 8.358122 | Q96: 8.6413184 | R96: 9.0203472 | S96: 9.9150458 | T96: 10.693951 | U96: 11.296996 | V96: 12.169555 | W96: 12.65387 | X96: 13.231394 | Y96: 13.555576 | Z96: 13.470048 | AA96: 13.509993 | AB96: 13.217701 | AC96: 13.45466 | AD96: 14.119936 | AE96: 14.453241 | AF96: 14.748173 | AG96: 15.275007 | AH96: 15.631362 | AI96: 15.81195 | AJ96: 15.968052 | AK96: 16.33581 | AL96: 16.9512 | AM96: 17.26039 | AN96: 17.503209 | AO96: 17.977296 | AP96: 18.635762 | AQ96: 19.720752 | AR96: 20.925668 | AS96: 22.151531 | AT96: 23.409555 | AU96: 23.7355 | AV96: 24.857473 | AW96: 25.650405 | AX96: 27.046612 | AY96: 28.189571 | AZ96: 29.351345 | BA96: 29.397892 | BB96: 29.595682 | BC96: 28.709801 | BD96: 28.296688 | BE96: 27.747165 | BF96: 28.630678 | BG96: 29.878787 | BH96: Based on PPP by World Bank (ICP 2021 Round).
B97: 70700 | C97: PPP for private consumption (LCU per international $) | D97: local currency unit per international dollars | U97: 11.063645 | V97: 11.717798 | W97: 12.101261 | X97: 12.241922 | Y97: 12.326568 | Z97: 12.577557 | AA97: 12.651446 | AB97: 12.659208 | AC97: 12.993098 | AD97: 13.940026 | AE97: 13.864988 | AF97: 14.267088 | AG97: 15.22944 | AH97: 15.813452 | AI97: 15.634693 | AJ97: 15.510164 | AK97: 15.776825 | AL97: 16.301117 | AM97: 17.080679 | AN97: 17.684306 | AO97: 18.290649 | AP97: 19.402876 | AQ97: 20.348894 | AR97: 21.529057 | AS97: 22.903034 | AT97: 24.732119 | AU97: 24.345925 | AV97: 25.727219 | AW97: 26.595113 | AX97: 27.544498 | AY97: 28.066809 | AZ97: 29.010706 | BA97: 29.171982 | BB97: 29.48369 | BC97: 29.398272 | BD97: 29.21488 | BE97: 29.132148 | BF97: 30.745823 | BG97: 32.990539 | BH97: Based on PPP by World Bank (ICP 2021 Round).
A98: Industry data
A99: 1a. GDP by industry at current prices
B100: 10100 | C100: Agriculture，hunting，forestry and fishing | D100: million taka | E100: 17885.194 | F100: 15951.998 | G100: 16919.202 | H100: 27015.794 | I100: 42462.248 | J100: 84086.183 | K100: 59886.969 | L100: 56817.897 | M100: 73239.163 | N100: 82830.661 | O100: 84360.345 | P100: 100666.02 | Q100: 111525.01 | R100: 124817.36 | S100: 158943.74 | T100: 185996.98 | U100: 205368.56 | V100: 241015.87 | W100: 255062.89 | X100: 278955.49 | Y100: 314249.58 | Z100: 349750.04 | AA100: 367639.53 | AB100: 345369.63 | AC100: 366283.4 | AD100: 425645.39 | AE100: 453285.83 | AF100: 491807.35 | AG100: 525948.82 | AH100: 571754.04 | AI100: 621934.24 | AJ100: 650987.11 | AK100: 666287.55 | AL100: 724296.98 | AM100: 771942.92 | AN100: 835490.65 | AO100: 923374.29 | AP100: 1046741.2 | AQ100: 1190763.8 | AR100: 1306237.3 | AS100: 1484406.5 | AT100: 1722050 | AU100: 1905139.7 | AV100: 2082070 | AW100: 2353198.1 | AX100: 2586924.3 | AY100: 2857540 | AZ100: 3124712.4 | BA100: 3424141.1 | BB100: 3663586.2 | BC100: 3915999.2 | BD100: 4228409.1 | BE100: 4581690.4 | BF100: 5061921.3 | BG100: 5727801.1 | BH100: Based on national accounts in each country, including our adjustments. Industry-level GDP is evaluated at basic prices.
...

Sheet BTN
A1: Bhutan
A2: =Information!A1&" "&Information!A2 -> APO Productivity Database 2026 Ver. 1 (September 18, 2026)
A4: Group | B4: Code | C4: Variable | D4: Unit | E4: 1970 | F4: =E4+1 -> 1971 | G4: =F4+1 -> 1972 | H4: =G4+1 -> 1973 | I4: =H4+1 -> 1974 | J4: =I4+1 -> 1975 | K4: =J4+1 -> 1976 | L4: =K4+1 -> 1977 | M4: =L4+1 -> 1978 | ... BG4: =BF4+1 -> 2024 | BH4: Note
A5: Economy-wide data
A6: 1a. GDP at Current Prices
B7: 11100 | C7: Private consumption | D7: million Nu. | E7: 386.8817 | F7: 408.29018 | G7: 437.97633 | H7: 518.49128 | I7: 625.19823 | J7: 588.84447 | K7: 637.64809 | L7: 695.55283 | M7: 618.0655 | N7: 679.34188 | O7: 756.50143 | P7: 991.1267 | Q7: 1114.2929 | R7: 1372.3904 | S7: 1602.2862 | T7: 1675.9468 | U7: 1953.4249 | V7: 2236.1853 | W7: 2890.5436 | X7: 2867.0765 | Y7: 2932.6848 | Z7: 3166.8257 | AA7: 4286.0473 | AB7: 4723.5486 | AC7: 4821.8061 | AD7: 5201.4378 | AE7: 6203.5516 | AF7: 7727.3132 | AG7: 9736.4432 | AH7: 9605.2177 | AI7: 9686.1555 | AJ7: 9815.0958 | AK7: 11361.388 | AL7: 11914.294 | AM7: 13050.474 | AN7: 17692.943 | AO7: 15893.641 | AP7: 23995.809 | AQ7: 29308.599 | AR7: 35551.578 | AS7: 37601.513 | AT7: 41094.418 | AU7: 43277.185 | AV7: 50466.14 | AW7: 57079.032 | AX7: 62778.094 | AY7: 63183.682 | AZ7: 77319.27 | BA7: 91442.426 | BB7: 101167.81 | BC7: 100866.79 | BD7: 114521.43 | BE7: 155561.04 | BF7: 178907.13 | BG7: 169696.07 | BH7: Based on national accounts in each country, including our adjustments.
B8: 11101 | C8: …of which, Imputed rent of owner cccupied housings (OOH) | D8: million Nu. | BH8: Based on national accounts in each country, including our adjustments.
B9: 11200 | C9: Government consumption | D9: million Nu. | E9: 136.67062 | F9: 153.15602 | G9: 163.54865 | H9: 173.73899 | I9: 232.44828 | J9: 236.48353 | K9: 263.89613 | L9: 272.44434 | M9: 253.49349 | N9: 292.30122 | O9: 335.51118 | P9: 335.51118 | Q9: 337.06687 | R9: 364.03222 | S9: 411.04873 | T9: 464.46086 | U9: 613.11599 | V9: 852.34705 | W9: 1065.3042 | X9: 1285.1755 | Y9: 1435.3863 | Z9: 1573.818 | AA9: 1710.8059 | AB9: 1853.3354 | AC9: 2026.8852 | AD9: 2288.482 | AE9: 2659.7762 | AF9: 3250.8944 | AG9: 4058.246 | AH9: 4737.8662 | AI9: 4740.4571 | AJ9: 5457.4683 | AK9: 6066.908 | AL9: 6600.2822 | AM9: 7470.2725 | AN9: 8765.1161 | AO9: 9442.6386 | AP9: 10433.01 | AQ9: 11389.542 | AR9: 13824.68 | AS9: 15111.426 | AT9: 18289.642 | AU9: 20418.711 | AV9: 20088.265 | AW9: 21775.051 | AX9: 25327.091 | AY9: 26974.161 | AZ9: 29732.986 | BA9: 32348.388 | BB9: 36481.033 | BC9: 39673.836 | BD9: 45038.533 | BE9: 47421.91 | BF9: 50007.636 | BG9: 54222.201 | BH9: Based on national accounts in each country, including our adjustments.
B10: 11300 | C10: Gross fixed capital formation (GFCF) | D10: million Nu. | E10: 129.5737 | F10: 138.93911 | G10: 148.84357 | H10: 168.61518 | I10: 201.94339 | J10: 199.24645 | K10: 216.90526 | L10: 232.54011 | M10: 217.06196 | N10: 242.01243 | O10: 274.83489 | P10: 349.70104 | Q10: 451.18981 | R10: 554.14762 | S10: 599.1281 | T10: 786.38214 | U10: 828.98129 | V10: 948.67037 | W10: 1015.8804 | X10: 1118.045 | Y10: 1292.6402 | Z10: 1704.2185 | AA10: 2454.326 | AB10: 2017.3815 | AC10: 2261.1005 | AD10: 2810.5257 | AE10: 3700.8124 | AF10: 4522.4277 | AG10: 4936.1778 | AH10: 8272.4661 | AI10: 9982.2707 | AJ10: 12539.918 | AK10: 15556.441 | AL10: 18071.682 | AM10: 24838.288 | AN10: 19587.428 | AO10: 18619.216 | AP10: 20793.13 | AQ10: 20969.068 | AR10: 24628.848 | AS10: 42011.925 | AT10: 54374.819 | AU10: 59990.35 | AV10: 59222.136 | AW10: 65122.658 | AX10: 81525.962 | AY10: 92798.336 | AZ10: 89430.19 | BA10: 84951.842 | BB10: 75593.538 | BC10: 68747.897 | BD10: 82415.338 | BE10: 105504.7 | BF10: 86027.142 | BG10: 96577.295 | BH10: Based on national accounts in each country, including our adjustments and estimates.
B11: 11400 | C11: Net increase in stocks | D11: million Nu. | E11: -3.965335 | F11: -4.268395 | G11: -4.583664 | H11: -5.174578 | I11: -6.530957 | J11: -6.302368 | K11: -6.3963 | L11: -7.951192 | M11: -6.655906 | N11: -5.375943 | O11: 14.7 | P11: 74.7 | Q11: 59.8 | R11: 21.3 | S11: 10.4 | T11: 81.6 | U11: 32 | V11: -161.5 | W11: 10.4 | X11: -121.1 | Y11: -33.9 | Z11: -106.8 | AA11: -50.1 | AB11: -126.6 | AC11: 494.7 | AD11: 225.7 | AE11: -32.3 | AF11: -698.6 | AG11: -428.7 | AH11: -823.4 | AI11: -353.53 | AJ11: 200.43 | AK11: -174.74 | AL11: -106.23 | AM11: -88.79 | AN11: -5.34 | AO11: 54.48 | AP11: -1413.08 | AQ11: 614.77 | AR11: -269.39 | AS11: 378.75 | AT11: -318.29 | AU11: -124.17 | AV11: -379.42 | AW11: -1808.29 | AX11: -348.7 | AY11: 939.03 | AZ11: -249.23588 | BA11: 683.22825 | BB11: 460.74422 | BC11: 777.83777 | BD11: 561.32929 | BE11: 1277.1002 | BF11: 1338.5241 | BG11: 960.05624 | BH11: Based on national accounts in each country, including our adjustments.
B12: 11500 | C12: Exports of goods and services | D12: million Nu. | E12: 66.577762 | F12: 71.385152 | G12: 76.524803 | H12: 87.724542 | I12: 107.95314 | J12: 104.67564 | K12: 113.71289 | L12: 122.22209 | M12: 112.14259 | N12: 121.59818 | O12: 145.4 | P12: 207.4 | Q12: 213.2 | R12: 227.8 | S12: 290.2 | T12: 367.5 | U12: 550.5 | V12: 838 | W12: 1109 | X12: 1256 | Y12: 1499.1125 | Z12: 1946.3023 | AA12: 2213.2602 | AB12: 2410.0725 | AC12: 2670.1117 | AD12: 3951.0415 | AE12: 4234.8174 | AF12: 5078.4812 | AG12: 5479.7696 | AH12: 5975.8984 | AI12: 5797.8221 | AJ12: 5908.9902 | AK12: 6231.9085 | AL12: 7396.7879 | AM12: 9880.8758 | AN12: 13812.796 | AO12: 22134.304 | AP12: 27185.582 | AQ12: 26709.737 | AR12: 27366.527 | AS12: 30777.021 | AT12: 35003.692 | AU12: 37739.404 | AV12: 42636.415 | AW12: 43589.875 | AX12: 44261.735 | AY12: 42966.168 | AZ12: 48004.252 | BA12: 51570.339 | BB12: 60602.179 | BC12: 51109.604 | BD12: 59759.431 | BE12: 58089.855 | BF12: 70647.523 | BG12: 88188.113 | BH12: Based on national accounts in each country, including our adjustments.
B13: 11600 | C13: (less) Imports of goods and services | D13: million Nu. | E13: 212.31462 | F13: 227.51707 | G13: 243.8328 | H13: 280.14099 | I13: 343.48339 | J13: 333.26342 | K13: 365.55559 | L13: 384.59673 | M13: 357.6966 | N13: 402.34956 | O13: 419.82056 | P13: 643.35596 | Q13: 717.90256 | R13: 823.77126 | S13: 938.51456 | T13: 1177.5022 | U13: 1354.9941 | V13: 1342.6741 | W13: 2025.4959 | X13: 1775.9631 | Y13: 1679.9087 | Z13: 2381.8822 | AA13: 3794.1606 | AB13: 3301.8938 | AC13: 3496.8169 | AD13: 4374.1271 | AE13: 5345.2969 | AF13: 6397.9022 | AG13: 8024.5228 | AH13: 9551.3329 | AI13: 9529.9339 | AJ13: 10733.528 | AK13: 12877.758 | AL13: 14726.991 | AM13: 22935.718 | AN13: 23273.665 | AO13: 24069.721 | AP13: 28336.415 | AQ13: 31729.185 | AR13: 38082.057 | AS13: 51278.271 | AT13: 59878.21 | AU13: 61433.29 | AV13: 65625.054 | AW13: 68522.354 | AX13: 81549.19 | AY13: 78037.417 | AZ13: 81578.709 | BA13: 89308.18 | BB13: 86048.079 | BC13: 79698.793 | BD13: 99024.231 | BE13: 136853.11 | BF13: 132764.78 | BG13: 134033.31 | BH13: Based on national accounts in each country, including our adjustments.
B14: 11700 | C14: GDP at market price | D14: million Nu. | E14: 503.42383 | F14: 539.985 | G14: 578.4769 | H14: 663.25443 | I14: 817.52869 | J14: 789.6843 | K14: 860.21049 | L14: 930.21144 | M14: 836.41103 | N14: 927.52821 | O14: 1107.1269 | P14: 1315.083 | Q14: 1457.6471 | R14: 1715.899 | S14: 1974.5485 | T14: 2198.3876 | U14: 2623.028 | V14: 3371.0286 | W14: 4065.6323 | X14: 4629.2338 | Y14: 5446.015 | Z14: 5902.4823 | AA14: 6820.1789 | AB14: 7575.8442 | AC14: 8777.7866 | AD14: 10103.06 | AE14: 11421.361 | AF14: 13482.614 | AG14: 15757.414 | AH14: 18216.716 | AI14: 20323.242 | AJ14: 23188.374 | AK14: 26164.147 | AL14: 29149.826 | AM14: 32215.402 | AN14: 36579.279 | AO14: 42074.56 | AP14: 52658.035 | AQ14: 57262.532 | AR14: 63020.186 | AS14: 74602.363 | AT14: 88566.071 | AU14: 99868.19 | AV14: 106408.48 | AW14: 117235.97 | AX14: 131994.99 | AY14: 148823.96 | AZ14: 162658.75 | BA14: 171688.04 | BB14: 188257.22 | BC14: 181477.17 | BD14: 203271.83 | BE14: 231001.49 | BF14: 254163.18 | BG14: 275610.43 | BH14: Based on national accounts in each country, including our adjustments.
B15: 11800 | C15: (less) Net indirect taxes on products | D15: million Nu. | E15: 18.024897 | F15: 19.028991 | G15: 20.412121 | H15: 24.148122 | I15: 29.128855 | J15: 27.453911 | K15: 29.738318 | L15: 32.411524 | M15: 28.831535 | N15: 31.7077 | O15: 35.254561 | P15: 46.368767 | Q15: 52.120536 | R15: 67.327753 | S15: 101.83652 | T15: 94.062078 | U15: 110.20943 | V15: 122.7718 | W15: 157.68599 | X15: 148.34748 | Y15: 141.42666 | Z15: 153.95522 | AA15: 201.19634 | AB15: 251.16118 | AC15: 258.07196 | AD15: 300.8424 | AE15: 284.02523 | AF15: 339.96442 | AG15: 384.41727 | AH15: 389.05366 | AI15: 660.1856 | AJ15: 730.7288 | AK15: 605.99228 | AL15: 589.11367 | AM15: 731.45476 | AN15: 733.88465 | AO15: 799.11375 | AP15: 868.6255 | AQ15: 944.48461 | AR15: 1173.1891 | AS15: 1694.2053 | AT15: 2517.8201 | AU15: 2902.7086 | AV15: 2678.0376 | AW15: 3560.0764 | AX15: 4958.6982 | AY15: 5510.8751 | AZ15: 6097.1948 | BA15: 6905.4993 | BB15: 6834.5707 | BC15: 6100.2792 | BD15: 6384.9059 | BE15: 8287.7722 | BF15: 9362.5841 | BG15: 10879.644 | BH15: Based on national accounts in each country, including our adjustments.
B16: 11900 | C16: GDP at basic price | D16: million Nu. | E16: 485.39893 | F16: 520.95601 | G16: 558.06477 | H16: 639.10631 | I16: 788.39983 | J16: 762.23039 | K16: 830.47217 | L16: 897.79992 | M16: 807.57949 | N16: 895.82051 | O16: 1071.8724 | P16: 1268.7142 | Q16: 1405.5265 | R16: 1648.5712 | S16: 1872.712 | T16: 2104.3256 | U16: 2512.8186 | V16: 3248.2568 | W16: 3907.9463 | X16: 4480.8863 | Y16: 5304.5883 | Z16: 5748.5271 | AA16: 6618.9826 | AB16: 7324.683 | AC16: 8519.7147 | AD16: 9802.2175 | AE16: 11137.336 | AF16: 13142.65 | AG16: 15372.996 | AH16: 17827.662 | AI16: 19663.056 | AJ16: 22457.646 | AK16: 25558.155 | AL16: 28560.712 | AM16: 31483.947 | AN16: 35845.394 | AO16: 41275.446 | AP16: 51789.41 | AQ16: 56318.048 | AR16: 61846.997 | AS16: 72908.158 | AT16: 86048.251 | AU16: 96965.482 | AV16: 103730.44 | AW16: 113675.9 | AX16: 127036.29 | AY16: 143313.09 | AZ16: 156561.56 | BA16: 164782.54 | BB16: 181422.65 | BC16: 175376.89 | BD16: 196886.92 | BE16: 222713.72 | BF16: 244800.6 | BG16: 264730.79 | BH16: Based on national accounts in each country, including our adjustments.
A17: 1b. GDP at Current Prices in US dollars, using annual average exchange rate
B18: 12100 | C18: Private consumption | D18: billions of US dollars | E18: 0.051584227 | F18: 0.054497292 | G18: 0.057670439 | H18: 0.066970899 | I18: 0.077169692 | J18: 0.0703023 | K18: 0.071162804 | L18: 0.07959567 | M18: 0.07543971 | N18: 0.08360317 | O18: 0.096210956 | P18: 0.11446834 | Q18: 0.1178506 | R18: 0.13589506 | S18: 0.14101425 | T18: 0.13549848 | U18: 0.15490054 | V18: 0.17252519 | W18: 0.20769751 | X18: 0.17670189 | Y18: 0.16754848 | Z18: 0.13924744 | AA18: 0.16536899 | AB18: 0.15490452 | AC18: 0.15368922 | AD18: 0.16040415 | AE18: 0.17507751 | AF18: 0.21279576 | AG18: 0.23598141 | AH18: 0.22308959 | AI18: 0.21552758 | AJ18: 0.20800682 | AK18: 0.23372379 | AL18: 0.25576329 | AM18: 0.28798524 | AN18: 0.40120076 | AO18: 0.35079873 | AP18: 0.58033034 | AQ18: 0.67368062 | AR18: 0.73445681 | AS18: 0.82232575 | AT18: 0.88052296 | AU18: 0.80986949 | AV18: 0.8612286 | AW18: 0.93526932 | AX18: 0.97858442 | AY18: 0.94029895 | AZ18: 1.1873066 | BA18: 1.3370835 | BB18: 1.4366276 | BC18: 1.3612331 | BD18: 1.5493034 | BE18: 1.9790351 | BF18: 2.1659649 | BG18: 2.0281765 | BH18: Based on national accounts in each country, including our adjustments, and the adjusted exchange rates of the Analysis of Main Aggregate Rates by United Nations Statistics Division.
B19: 12101 | C19: …of which, Imputed rent of owner cccupied housings (OOH) | D19: billions of US dollars | BH19: Based on national accounts in each country, including our adjustments, and the adjusted exchange rates of the Analysis of Main Aggregate Rates by United Nations Statistics Division.
B20: 12200 | C20: Government consumption | D20: billions of US dollars | E20: 0.018222749 | F20: 0.020442785 | G20: 0.021535234 | H20: 0.022440988 | I20: 0.02869164 | J20: 0.028233832 | K20: 0.029451337 | L20: 0.0311772 | M20: 0.030940855 | N20: 0.035972033 | O20: 0.042669914 | P20: 0.03874924 | Q20: 0.035649092 | R20: 0.036046726 | S20: 0.03617564 | T20: 0.037551156 | U20: 0.048618198 | V20: 0.065759908 | W20: 0.076546511 | X20: 0.079207142 | Y20: 0.082005673 | Z20: 0.069201828 | AA20: 0.066008196 | AB20: 0.060778462 | AC20: 0.064604508 | AD20: 0.070573182 | AE20: 0.075064577 | AF20: 0.089523554 | AG20: 0.09835939 | AH20: 0.11004109 | AI20: 0.10548037 | AJ20: 0.11565762 | AK20: 0.124807 | AL20: 0.14168778 | AM20: 0.16484676 | AN20: 0.19875558 | AO20: 0.20841452 | AP20: 0.25231873 | AQ20: 0.26179737 | AR20: 0.28560282 | AS20: 0.33047911 | AT20: 0.391889 | AU20: 0.38210645 | AV20: 0.34281575 | AW20: 0.35679542 | AX20: 0.39479849 | AY20: 0.4014292 | AZ20: 0.45657663 | BA20: 0.47300249 | BB20: 0.51804681 | BC20: 0.53541252 | BD20: 0.60930389 | BE20: 0.60329773 | BF20: 0.60542462 | BG20: 0.64805386 | BH20: Based on national accounts in each country, including our adjustments, and the adjusted exchange rates of the Analysis of Main Aggregate Rates by United Nations Statistics Division.
B21: 12300 | C21: Gross fixed capital formation (GFCF) | D21: billions of US dollars | E21: 0.017276493 | F21: 0.018545157 | G21: 0.019598946 | H21: 0.021779171 | I21: 0.024926349 | J21: 0.023788087 | K21: 0.024207062 | L21: 0.026610755 | M21: 0.026494104 | N21: 0.029783246 | O21: 0.034953176 | P21: 0.040388072 | Q21: 0.047719039 | R21: 0.054872087 | S21: 0.052728159 | T21: 0.063578142 | U21: 0.065735647 | V21: 0.073191403 | W21: 0.072995211 | X21: 0.068906657 | Y21: 0.073850382 | Z21: 0.074935629 | AA21: 0.094695506 | AB21: 0.066158208 | AC21: 0.072069837 | AD21: 0.086672189 | AE21: 0.10444485 | AF21: 0.1245392 | AG21: 0.11963775 | AH21: 0.19213526 | AI21: 0.22211647 | AJ21: 0.26575272 | AK21: 0.32002343 | AL21: 0.3879435 | AM21: 0.54810733 | AN21: 0.44415961 | AO21: 0.41095665 | AP21: 0.50287466 | AQ21: 0.48199011 | AR21: 0.50880514 | AS21: 0.91877919 | AT21: 1.1650798 | AU21: 1.122632 | AV21: 1.0106538 | AW21: 1.0670683 | AX21: 1.270826 | AY21: 1.3810239 | AZ21: 1.3732806 | BA21: 1.2421773 | BB21: 1.0734617 | BC21: 0.92777731 | BD21: 1.1149561 | BE21: 1.3422222 | BF21: 1.0415 | BG21: 1.1542742 | BH21: Based on national accounts in each country, including our adjustments and estimates, and the adjusted exchange rates of the Analysis of Main Aggregate Rates by United Nations Statistics Division.
B22: 12400 | C22: Net Increase in Stocks | D22: billions of US dollars | E22: -0.00052871133 | F22: -0.00056973197 | G22: -0.00060355298 | H22: -0.00066837409 | I22: -0.00080613143 | J22: -0.00075244142 | K22: -0.00071383989 | L22: -0.0009098956 | M22: -0.00081240519 | N22: -0.00066159012 | O22: 0.0018695286 | P22: 0.0086273377 | Q22: 0.0063246077 | R22: 0.002109141 | S22: 0.00091528482 | T22: 0.0065972713 | U22: 0.0025375008 | V22: -0.012459978 | W22: 0.00074728302 | X22: -0.0074635604 | Y22: -0.0019367555 | Z22: -0.0046960674 | AA22: -0.0019330133 | AB22: -0.0041517328 | AC22: 0.015767963 | AD22: 0.0069602327 | AE22: -0.00091157514 | AF22: -0.019238138 | AG22: -0.010390368 | AH22: -0.019124186 | AI22: -0.0078664302 | AJ22: 0.0042476209 | AK22: -0.00359471 | AL22: -0.0022804317 | AM22: -0.0019593319 | AN22: -0.0001210885 | AO22: 0.001202463 | AP22: -0.034174852 | AQ22: 0.01413096 | AR22: -0.0055653035 | AS22: 0.0082830678 | AT22: -0.0068199447 | AU22: -0.0023236607 | AV22: -0.0064749821 | AW22: -0.029629762 | AX22: -0.0054355328 | AY22: 0.013974635 | AZ22: -0.0038272402 | BA22: 0.0099902555 | BB22: 0.0065427718 | BC22: 0.010497197 | BD22: 0.0075939445 | BE22: 0.016247166 | BF22: 0.016205035 | BG22: 0.011474417 | BH22: Based on national accounts in each country, including our adjustments, and the adjusted exchange rates of the Analysis of Main Aggregate Rates by United Nations Statistics Division.
B23: 12500 | C23: Exports of goods and services | D23: billions of US dollars | E23: 0.0088770349 | F23: 0.009528266 | G23: 0.010076387 | H23: 0.011330936 | I23: 0.013324911 | J23: 0.012497252 | K23: 0.012690586 | L23: 0.0139865 | M23: 0.013687877 | N23: 0.014964473 | O23: 0.0184918 | P23: 0.023953278 | Q23: 0.022548601 | R23: 0.022556916 | S23: 0.025539967 | T23: 0.029711976 | U23: 0.043652944 | V23: 0.064653011 | W23: 0.079686237 | X23: 0.077409017 | Y23: 0.085646441 | Z23: 0.085580212 | AA23: 0.085394441 | AB23: 0.079036155 | AC23: 0.085106573 | AD23: 0.1218439 | AE23: 0.11951561 | AF23: 0.13985188 | AG23: 0.13281275 | AH23: 0.13879547 | AI23: 0.1290079 | AJ23: 0.12522652 | AK23: 0.12820135 | AL23: 0.15878631 | AM23: 0.21804162 | AN23: 0.31321551 | AO23: 0.48854041 | AP23: 0.65747392 | AQ23: 0.6139438 | AR23: 0.56536259 | AS23: 0.67307763 | AT23: 0.75001804 | AU23: 0.70623798 | AV23: 0.72761063 | AW23: 0.71424254 | AX23: 0.68995158 | AY23: 0.6394221 | AZ23: 0.73714828 | BA23: 0.75406844 | BB23: 0.86057775 | BC23: 0.68974228 | BD23: 0.8084556 | BE23: 0.73901446 | BF23: 0.85530439 | BG23: 1.0540083 | BH23: Based on national accounts in each country, including our adjustments, and the adjusted exchange rates of the Analysis of Main Aggregate Rates by United Nations Statistics Division.
B24: 12600 | C24: (less) Imports of goods and services | D24: billions of US dollars | E24: 0.028308616 | F24: 0.030368264 | G24: 0.032106631 | H24: 0.036184396 | I24: 0.042396966 | J24: 0.039788409 | K24: 0.040796735 | L24: 0.044011372 | M24: 0.043659657 | N24: 0.049515126 | O24: 0.053392282 | P24: 0.074303201 | Q24: 0.075927292 | R24: 0.081570409 | S24: 0.082596935 | T24: 0.095199773 | U24: 0.10744683 | V24: 0.1035894 | W24: 0.14554026 | X24: 0.10945506 | Y24: 0.095975587 | Z24: 0.10473295 | AA24: 0.14639048 | AB24: 0.10828263 | AC24: 0.1114568 | AD24: 0.13489119 | AE24: 0.15085572 | AF24: 0.17618626 | AG24: 0.19448973 | AH24: 0.22183806 | AI24: 0.21205148 | AJ24: 0.22747073 | AK24: 0.2649182 | AL24: 0.31614325 | AM24: 0.50612326 | AN24: 0.5277478 | AO24: 0.53125822 | AP24: 0.68530641 | AQ24: 0.72931964 | AR24: 0.78673375 | AS24: 1.1214294 | AT24: 1.283 | AU24: 1.1496346 | AV24: 1.1199227 | AW24: 1.122774 | AX24: 1.2711881 | AY24: 1.1613521 | AZ24: 1.2527141 | BA24: 1.3058762 | BB24: 1.2219208 | BC24: 1.0755635 | BD24: 1.3396495 | BE24: 1.7410343 | BF24: 1.6073358 | BG24: 1.6019416 | BH24: Based on national accounts in each country, including our adjustments, and the adjusted exchange rates of the Analysis of Main Aggregate Rates by United Nations Statistics Division.
B25: 12700 | C25: GDP at market price | D25: billions of US dollars | E25: 0.067123177 | F25: 0.072075503 | G25: 0.076170822 | H25: 0.085669223 | I25: 0.10090949 | J25: 0.094280621 | K25: 0.096001213 | L25: 0.10644886 | M25: 0.10209048 | N25: 0.11414621 | O25: 0.14080309 | P25: 0.15188306 | Q25: 0.15416465 | R25: 0.16990952 | S25: 0.17377637 | T25: 0.17773725 | U25: 0.20799799 | V25: 0.26008013 | W25: 0.29213249 | X25: 0.28530608 | Y25: 0.31113863 | Z25: 0.25953609 | AA25: 0.26314364 | AB25: 0.24844298 | AC25: 0.27978131 | AD25: 0.31156246 | AE25: 0.32233525 | AF25: 0.37128599 | AG25: 0.3819112 | AH25: 0.42309916 | AI25: 0.45221441 | AJ25: 0.49142057 | AK25: 0.53824265 | AL25: 0.62575721 | AM25: 0.71089836 | AN25: 0.82946257 | AO25: 0.92865455 | AP25: 1.2735164 | AQ25: 1.3162232 | AR25: 1.3019283 | AS25: 1.6315153 | AT25: 1.8976899 | AU25: 1.8688877 | AV25: 1.8159112 | AW25: 1.9209718 | AX25: 2.0575369 | AY25: 2.2147967 | AZ25: 2.4977708 | BA25: 2.5104457 | BB25: 2.6733358 | BC25: 2.4490989 | BD25: 2.7499634 | BE25: 2.9387824 | BF25: 3.0770631 | BG25: 3.2940456 | BH25: Based on national accounts in each country, including our adjustments, and the adjusted exchange rates of the Analysis of Main Aggregate Rates by United Nations Statistics Division.
B26: 12800 | C26: (less) Net indirect taxes on products | D26: billions of US dollars | E26: 0.0024033197 | F26: 0.0025399299 | G26: 0.0026877617 | H26: 0.0031190909 | I26: 0.0035954433 | J26: 0.0032777299 | K26: 0.0033188559 | L26: 0.0037090166 | M26: 0.0035191135 | N26: 0.0039021063 | O26: 0.0044836334 | P26: 0.0053552746 | Q26: 0.0055124071 | R26: 0.0066668414 | S26: 0.0089624439 | T26: 0.0076048168 | U26: 0.008739266 | V26: 0.0094720362 | W26: 0.011330391 | X26: 0.0091428603 | Y26: 0.0080799076 | Z26: 0.0067695142 | AA26: 0.0077627784 | AB26: 0.0082366043 | AC26: 0.0082257309 | AD26: 0.0092775059 | AE26: 0.0080158 | AF26: 0.0093619846 | AG26: 0.0093170914 | AH26: 0.0090361116 | AI26: 0.014689854 | AJ26: 0.015486 | AK26: 0.01246633 | AL26: 0.012646461 | AM26: 0.016141037 | AN26: 0.016641385 | AO26: 0.017637752 | AP26: 0.021007408 | AQ26: 0.021709703 | AR26: 0.024236807 | AS26: 0.037051399 | AT26: 0.053948895 | AU26: 0.054319963 | AV26: 0.045701981 | AW26: 0.058333683 | AX26: 0.077296148 | AY26: 0.08201279 | AZ26: 0.093627886 | BA26: 0.10097314 | BB26: 0.097053928 | BC26: 0.082325436 | BD26: 0.086378214 | BE26: 0.10543637 | BF26: 0.11334947 | BG26: 0.13003152 | BH26: Based on national accounts in each country, including our adjustments, and the adjusted exchange rates of the Analysis of Main Aggregate Rates by United Nations Statistics Division.
B27: 12900 | C27: GDP at basic price | D27: billions of US dollars | E27: 0.064719858 | F27: 0.069535573 | G27: 0.07348306 | H27: 0.082550133 | I27: 0.097314051 | J27: 0.091002891 | K27: 0.092682357 | L27: 0.10273984 | M27: 0.098571369 | N27: 0.1102441 | O27: 0.13631946 | P27: 0.14652779 | Q27: 0.14865224 | R27: 0.16324268 | S27: 0.16481393 | T27: 0.17013244 | U27: 0.19925873 | V27: 0.2506081 | W27: 0.2808021 | X27: 0.27616322 | Y27: 0.30305872 | Z27: 0.25276658 | AA27: 0.25538087 | AB27: 0.24020637 | AC27: 0.27155557 | AD27: 0.30228496 | AE27: 0.31431945 | AF27: 0.36192401 | AG27: 0.37259411 | AH27: 0.41406305 | AI27: 0.43752456 | AJ27: 0.47593457 | AK27: 0.52577632 | AL27: 0.61311075 | AM27: 0.69475732 | AN27: 0.81282119 | AO27: 0.9110168 | AP27: 1.252509 | AQ27: 1.2945135 | AR27: 1.2776915 | AS27: 1.5944639 | AT27: 1.843741 | AU27: 1.8145678 | AV27: 1.7702092 | AW27: 1.8626381 | AX27: 1.9802407 | AY27: 2.132784 | AZ27: 2.4041429 | BA27: 2.4094726 | BB27: 2.5762819 | BC27: 2.3667735 | BD27: 2.6635852 | BE27: 2.833346 | BF27: 2.9637136 | BG27: 3.1640141 | BH27: Based on national accounts in each country, including our adjustments, and the adjusted exchange rates of the Analysis of Main Aggregate Rates by United Nations Statistics Division.
A28: 2a. GDP at Constant Prices
B29: 21100 | C29: Private consumption | D29: million Nu. (2024 prices) | E29: 13955.181 | F29: 14096.243 | G29: 14277.833 | H29: 14966.312 | I29: 15383.755 | J29: 14503.615 | K29: 15747.415 | L29: 17058.171 | M29: 18099.38 | N29: 18981.865 | O29: 18091.734 | P29: 22166.552 | Q29: 22875.007 | R29: 25701.496 | S29: 27394.153 | T29: 26334.866 | U29: 27840.111 | V29: 29806.492 | W29: 34375.012 | X29: 32747.504 | Y29: 30653.296 | Z29: 31679.071 | AA29: 36999.459 | AB29: 39329.161 | AC29: 31990.008 | AD29: 32880.203 | AE29: 35727.661 | AF29: 38692.96 | AG29: 44881.308 | AH29: 41873.43 | AI29: 40038.45 | AJ29: 38460.17 | AK29: 41040.064 | AL29: 44476.557 | AM29: 47083.558 | AN29: 62214.116 | AO29: 51501.648 | AP29: 74964.882 | AQ29: 85709.329 | AR29: 101041.47 | AS29: 101292.65 | AT29: 103176.98 | AU29: 99413.66 | AV29: 108155.91 | AW29: 118228.94 | AX29: 117908.9 | AY29: 107936.2 | AZ29: 123853.01 | BA29: 138513.77 | BB29: 148795.55 | BC29: 143066.43 | BD29: 146978.01 | BE29: 169696.28 | BF29: 186434.2 | BG29: 169696.07 | BH29: Based on national accounts in each country, including our adjustments.
B30: 21101 | C30: …of which, Imputed rent of owner cccupied housings (OOH) | D30: million Nu. (2024 prices) | BH30: Based on national accounts in each country, including our adjustments.
